Workbook

Sheet Cover sheet
A1: This Excel workbook was originally created by Anglian Water as part of its response to the CMA's Provisional Findings (27 October 2020). It is relevant to section 5.2 of that document (paragraphs 98-105, pages 18-19) and Annex PF004 Large works cost adjustment claim.
A2: It has been updated to include data from 2021 & 2022 for use in its PR24 Large Works Cost Adjustment Claim
A4: The purposes of this workbook are:
A5: 1. To disaggregate Ofwat's Band 6 Water Recycling Centres into five separate size bands and compute the unit costs for all WaSCs for each Band.
A6: 2. To use the computed unit cost data as the basis for a Cost Adjustment Claim to take account the impact on Anglian Water's Water Recycling costs caused by its lack of large WRCs, which in turn is due to its (exogenous) demographics.
A8: The disaggregation is into the following Bands:
A9: Band 6 (revised): 25,000<p.e.<125,000
A10: Band 7: 125,000<p.e.<250,000
A11: Band 8: 250,000<p.e.<500,000
A12: Band 9: 500,000<p.e.<1,000,000
A13: Band 10: p.e.>1,000,000
A15: Unit costs are calculated for the following years. In each case, the data source is shown.
... A38: 7. Graphs of percentage of load by Band

Sheet CAC
B2: Calculate expected costs based on average load per Band & lower of Actual or UQ costs
A4: 1 | B4: Total load (kg/day)
C5: {=+TRANSPOSE(Outputs!A$4:A$13)} -> ANH | D5: NES | E5: UU | F5: SRN | G5: SVT | H5: SWB | I5: TMS | J5: WSH | K5: WSX | L5: YKY
B6: 2022 | C6: =Outputs!$L50 -> 438379 | D6: =Outputs!$L51 -> 180522 | E6: =Outputs!$L52 -> 556198 | F6: =Outputs!$L53 -> 295908 | G6: =Outputs!$L54 -> 623650 | H6: =Outputs!$L55 -> 110077 | I6: =Outputs!$L56 -> 967625 | J6: =Outputs!$L57 -> 248375 | K6: =Outputs!$L58 -> 204350 | L6: =Outputs!$L59 -> 360966
B7: 2021 | C7: =Outputs!$Z50 -> 430209 | D7: =Outputs!$Z51 -> 167700 | E7: =Outputs!$Z52 -> 547298 | F7: =Outputs!$Z53 -> 300850 | G7: =Outputs!$Z54 -> 623157 | H7: =Outputs!$Z55 -> 109287 | I7: =Outputs!$Z56 -> 954060 | J7: =Outputs!$Z57 -> 234352 | K7: =Outputs!$Z58 -> 204341 | L7: =Outputs!$Z59 -> 349007
B8: 2020 | C8: =Outputs!$AN50 -> 434525.86 | D8: =Outputs!$AN51 -> 179826.51 | E8: =Outputs!$AN52 -> 546253.46 | F8: =Outputs!$AN53 -> 300315 | G8: =Outputs!$AN54 -> 632980.99 | H8: =Outputs!$AN55 -> 109433 | I8: =Outputs!$AN56 -> 981891.93 | J8: =Outputs!$AN57 -> 248455 | K8: =Outputs!$AN58 -> 197210.28 | L8: =Outputs!$AN59 -> 361199
B9: 2019 | C9: =Outputs!$BB50 -> 428974.87 | D9: =Outputs!$BB51 -> 178350 | E9: =Outputs!$BB52 -> 550281.45 | F9: =Outputs!$BB53 -> 297937 | G9: =Outputs!$BB54 -> 629762.37 | H9: =Outputs!$BB55 -> 107426.71 | I9: =Outputs!$BB56 -> 955325.48 | J9: =Outputs!$BB57 -> 246025 | K9: =Outputs!$BB58 -> 190107.86 | L9: =Outputs!$BB59 -> 349865
B10: 2018 | C10: =Outputs!$BP50 -> 417946 | D10: =Outputs!$BP51 -> 177871 | E10: =Outputs!$BP52 -> 546892.69 | F10: =Outputs!$BP53 -> 296193.99 | G10: =Outputs!$BP54 -> 616752 | H10: =Outputs!$BP55 -> 106303 | I10: =Outputs!$BP56 -> 970143.98 | J10: =Outputs!$BP57 -> 245516.47 | K10: =Outputs!$BP58 -> 182334.08 | L10: =Outputs!$BP59 -> 343766
B11: 2017 | C11: =Outputs!$CD50 -> 418392.8 | D11: =Outputs!$CD51 -> 177756 | E11: =Outputs!$CD52 -> 537708.88 | F11: =Outputs!$CD53 -> 292432.49 | G11: =Outputs!$CD54 -> 611764.92 | H11: =Outputs!$CD55 -> 105401.21 | I11: =Outputs!$CD56 -> 960571.53 | J11: =Outputs!$CD57 -> 250453 | K11: =Outputs!$CD58 -> 185627.53 | L11: =Outputs!$CD59 -> 368289.76
A13: 2 | B13: Industry Average Load distribution by Band size
B15: Band | C15: 1 | D15: 2 | E15: 3 | F15: 4 | G15: 5 | H15: 6 | I15: 7 | J15: 8 | K15: 9 | L15: 10
B16: 2022 | C16: =Outputs!B74 -> 0.0040762158 | D16: =Outputs!C74 -> 0.0040139988 | E16: =Outputs!D74 -> 0.01900503 | F16: =Outputs!E74 -> 0.060875804 | G16: =Outputs!F74 -> 0.082746077 | H16: =Outputs!G74 -> 0.25343159 | I16: =Outputs!H74 -> 0.14326388 | J16: =Outputs!I74 -> 0.13358889 | ... L16: =Outputs!K74 -> 0.16133817
B17: 2021 | C17: =Outputs!P74 -> 0.003976521 | D17: =Outputs!Q74 -> 0.004006621 | E17: =Outputs!R74 -> 0.019241321 | F17: =Outputs!S74 -> 0.061392851 | G17: =Outputs!T74 -> 0.08386814 | H17: =Outputs!U74 -> 0.26723323 | I17: =Outputs!V74 -> 0.14094164 | J17: =Outputs!W74 -> 0.14458017 | ... L17: =Outputs!Y74 -> 0.16357431
B18: 2020 | C18: =Outputs!AD74 -> 0.0039170486 | D18: =Outputs!AE74 -> 0.0039842038 | E18: =Outputs!AF74 -> 0.019146394 | F18: =Outputs!AG74 -> 0.062169075 | G18: =Outputs!AH74 -> 0.082656754 | H18: =Outputs!AI74 -> 0.25684972 | I18: =Outputs!AJ74 -> 0.13859554 | J18: =Outputs!AK74 -> 0.14574818 | ... L18: =Outputs!AM74 -> 0.16327984
B19: 2019 | C19: =Outputs!AR74 -> 0.003938782 | D19: =Outputs!AS74 -> 0.0039889242 | E19: =Outputs!AT74 -> 0.01902364 | F19: =Outputs!AU74 -> 0.062957475 | G19: =Outputs!AV74 -> 0.082365046 | H19: =Outputs!AW74 -> 0.25712339 | I19: =Outputs!AX74 -> 0.14260144 | J19: =Outputs!AY74 -> 0.1436515 | ... L19: =Outputs!BA74 -> 0.16224885
B20: 2018 | C20: =Outputs!BF74 -> 0.0039708955 | D20: =Outputs!BG74 -> 0.0040644873 | E20: =Outputs!BH74 -> 0.019208083 | F20: =Outputs!BI74 -> 0.064217195 | G20: =Outputs!BJ74 -> 0.080557773 | H20: =Outputs!BK74 -> 0.26420945 | I20: =Outputs!BL74 -> 0.13487164 | J20: =Outputs!BM74 -> 0.14403287 | ... L20: =Outputs!BO74 -> 0.16220864
B21: 2017 | C21: =Outputs!BT74 -> 0.0039942169 | D21: =Outputs!BU74 -> 0.0041266679 | E21: =Outputs!BV74 -> 0.019270344 | F21: =Outputs!BW74 -> 0.063422192 | G21: =Outputs!BX74 -> 0.082509852 | H21: =Outputs!BY74 -> 0.26088971 | I21: =Outputs!BZ74 -> 0.13469585 | J21: =Outputs!CA74 -> 0.13780605 | ... L21: =Outputs!CC74 -> 0.15763108
A23: 3 | B23: Load distribution based on industry averages
B25: Anglian
B26: Band | C26: 1 | D26: 2 | E26: 3 | F26: 4 | G26: 5 | H26: 6 | I26: 7 | J26: 8 | K26: 9 | L26: 10
B27: 2022 | C27: =$C6*C16 -> 1786.9274 | D27: =$C6*D16 -> 1759.6528 | E27: =$C6*E16 -> 8331.4061 | F27: =$C6*F16 -> 26686.674 | G27: =$C6*G16 -> 36274.142 | H27: =$C6*H16 -> 111099.09 | I27: =$C6*I16 -> 62803.878 | J27: =$C6*J16 -> 58562.565 | ... L27: =$C6*L16 -> 70727.264
B28: 2021 | C28: =$C7*C17 -> 1710.7351 | D28: =$C7*D17 -> 1723.6844 | E28: =$C7*E17 -> 8277.7894 | F28: =$C7*F17 -> 26411.757 | G28: =$C7*G17 -> 36080.829 | H28: =$C7*H17 -> 114966.14 | I28: =$C7*I17 -> 60634.36 | J28: =$C7*J17 -> 62199.69 | ... L28: =$C7*L17 -> 70371.142
B29: 2020 | C29: =$C8*C18 -> 1702.0589 | D29: =$C8*D18 -> 1731.2396 | E29: =$C8*E18 -> 8319.6032 | F29: =$C8*F18 -> 27014.071 | G29: =$C8*G18 -> 35916.497 | H29: =$C8*H18 -> 111607.85 | I29: =$C8*I18 -> 60223.345 | J29: =$C8*J18 -> 63331.353 | ... L29: =$C8*L18 -> 70949.315
B30: 2019 | C30: =$C9*C19 -> 1689.6385 | D30: =$C9*D19 -> 1711.1482 | E30: =$C9*E19 -> 8160.6634 | F30: =$C9*F19 -> 27007.174 | G30: =$C9*G19 -> 35332.535 | H30: =$C9*H19 -> 110299.47 | I30: =$C9*I19 -> 61172.433 | J30: =$C9*J19 -> 61622.883 | ... L30: =$C9*L19 -> 69600.677
B31: 2018 | C31: =$C10*C20 -> 1659.6199 | D31: =$C10*D20 -> 1698.7362 | E31: =$C10*E20 -> 8027.9416 | F31: =$C10*F20 -> 26839.32 | G31: =$C10*G20 -> 33668.799 | H31: =$C10*H20 -> 110425.28 | I31: =$C10*I20 -> 56369.061 | J31: =$C10*J20 -> 60197.962 | ... L31: =$C10*L20 -> 67794.454
B32: 2017 | C32: =$C11*C21 -> 1671.1516 | D32: =$C11*D21 -> 1726.5681 | E32: =$C11*E21 -> 8062.5734 | F32: =$C11*F21 -> 26535.389 | G32: =$C11*G21 -> 34521.528 | H32: =$C11*H21 -> 109154.38 | I32: =$C11*I21 -> 56355.773 | J32: =$C11*J21 -> 57657.061 | ... L32: =$C11*L21 -> 65951.707
B34: Northumbrian
B35: Band | C35: 1 | D35: 2 | E35: 3 | F35: 4 | G35: 5 | H35: 6 | I35: 7 | J35: 8 | K35: 9 | L35: 10
B36: 2022 | C36: =$D6*C16 -> 735.84663 | D36: =$D6*D16 -> 724.6151 | E36: =$D6*E16 -> 3430.826 | F36: =$D6*F16 -> 10989.422 | G36: =$D6*G16 -> 14937.487 | H36: =$D6*H16 -> 45749.978 | I36: =$D6*I16 -> 25862.283 | J36: =$D6*J16 -> 24115.734 | ... L36: =$D6*L16 -> 29125.089
B37: 2021 | C37: =$D7*C17 -> 666.86256 | D37: =$D7*D17 -> 671.91034 | E37: =$D7*E17 -> 3226.7695 | F37: =$D7*F17 -> 10295.581 | G37: =$D7*G17 -> 14064.687 | H37: =$D7*H17 -> 44815.012 | I37: =$D7*I17 -> 23635.912 | J37: =$D7*J17 -> 24246.094 | ... L37: =$D7*L17 -> 27431.412
B38: 2020 | C38: =$D8*C18 -> 704.38918 | D38: =$D8*D18 -> 716.46546 | E38: =$D8*E18 -> 3443.0291 | F38: =$D8*F18 -> 11179.648 | G38: =$D8*G18 -> 14863.875 | H38: =$D8*H18 -> 46188.389 | I38: =$D8*I18 -> 24923.151 | J38: =$D8*J18 -> 26209.386 | ... L38: =$D8*L18 -> 29362.044
B39: 2019 | C39: =$D9*C19 -> 702.48177 | D39: =$D9*D19 -> 711.42462 | E39: =$D9*E19 -> 3392.8661 | F39: =$D9*F19 -> 11228.466 | G39: =$D9*G19 -> 14689.806 | H39: =$D9*H19 -> 45857.957 | I39: =$D9*I19 -> 25432.966 | J39: =$D9*J19 -> 25620.245 | ... L39: =$D9*L19 -> 28937.082
B40: 2018 | C40: =$D10*C20 -> 706.30715 | D40: =$D10*D20 -> 722.95442 | E40: =$D10*E20 -> 3416.561 | F40: =$D10*F20 -> 11422.377 | G40: =$D10*G20 -> 14328.892 | H40: =$D10*H20 -> 46995.2 | I40: =$D10*I20 -> 23989.753 | J40: =$D10*J20 -> 25619.271 | ... L40: =$D10*L20 -> 28852.214
B41: 2017 | C41: =$D11*C21 -> 709.99603 | D41: =$D11*D21 -> 733.53998 | E41: =$D11*E21 -> 3425.4193 | F41: =$D11*F21 -> 11273.675 | G41: =$D11*G21 -> 14666.621 | H41: =$D11*H21 -> 46374.711 | I41: =$D11*I21 -> 23942.995 | J41: =$D11*J21 -> 24495.853 | ... L41: =$D11*L21 -> 28019.869
B43: UU
B44: Band | C44: 1 | D44: 2 | E44: 3 | F44: 4 | G44: 5 | H44: 6 | I44: 7 | J44: 8 | K44: 9 | L44: 10
B45: 2022 | C45: =$E6*C16 -> 2267.1831 | D45: =$E6*D16 -> 2232.5781 | E45: =$E6*E16 -> 10570.56 | F45: =$E6*F16 -> 33859.001 | G45: =$E6*G16 -> 46023.203 | H45: =$E6*H16 -> 140958.14 | I45: =$E6*I16 -> 79683.085 | J45: =$E6*J16 -> 74301.874 | ... L45: =$E6*L16 -> 89735.966
B46: 2021 | C46: =$E7*C17 -> 2176.342 | D46: =$E7*D17 -> 2192.8157 | E46: =$E7*E17 -> 10530.736 | F46: =$E7*F17 -> 33600.185 | G46: =$E7*G17 -> 45900.866 | H46: =$E7*H17 -> 146256.21 | I46: =$E7*I17 -> 77137.076 | J46: =$E7*J17 -> 79128.438 | ... L46: =$E7*L17 -> 89523.894
B47: 2020 | C47: =$E8*C18 -> 2139.7014 | D47: =$E8*D18 -> 2176.3851 | E47: =$E8*E18 -> 10458.784 | F47: =$E8*F18 -> 33960.073 | G47: =$E8*G18 -> 45151.538 | H47: =$E8*H18 -> 140305.05 | I47: =$E8*I18 -> 75708.292 | J47: =$E8*J18 -> 79615.448 | ... L47: =$E8*L18 -> 89192.18
B48: 2019 | C48: =$E9*C19 -> 2167.4387 | D48: =$E9*D19 -> 2195.031 | E48: =$E9*E19 -> 10468.356 | F48: =$E9*F19 -> 34644.33 | G48: =$E9*G19 -> 45323.957 | H48: =$E9*H19 -> 141490.23 | I48: =$E9*I19 -> 78470.925 | J48: =$E9*J19 -> 79048.755 | ... L48: =$E9*L19 -> 89282.53
B49: 2018 | C49: =$E10*C20 -> 2171.6537 | D49: =$E10*D20 -> 2222.8384 | E49: =$E10*E20 -> 10504.76 | F49: =$E10*F20 -> 35119.915 | G49: =$E10*G20 -> 44056.457 | H49: =$E10*H20 -> 144494.22 | I49: =$E10*I20 -> 73760.313 | J49: =$E10*J20 -> 78770.524 | ... L49: =$E10*L20 -> 88710.722
B50: 2017 | C50: =$E11*C21 -> 2147.7259 | D50: =$E11*D21 -> 2218.946 | E50: =$E11*E21 -> 10361.835 | F50: =$E11*F21 -> 34102.676 | G50: =$E11*G21 -> 44366.281 | H50: =$E11*H21 -> 140282.71 | I50: =$E11*I21 -> 72427.154 | J50: =$E11*J21 -> 74099.54 | ... L50: =$E11*L21 -> 84759.63
B52: Southern
B53: Band | C53: 1 | D53: 2 | E53: 3 | F53: 4 | G53: 5 | H53: 6 | I53: 7 | J53: 8 | K53: 9 | L53: 10
B54: 2022 | C54: =$F6*C16 -> 1206.1849 | D54: =$F6*D16 -> 1187.7744 | E54: =$F6*E16 -> 5623.7404 | F54: =$F6*F16 -> 18013.638 | G54: =$F6*G16 -> 24485.226 | H54: =$F6*H16 -> 74992.436 | I54: =$F6*I16 -> 42392.929 | J54: =$F6*J16 -> 39530.022 | ... L54: =$F6*L16 -> 47741.254
B55: 2021 | C55: =$F7*C17 -> 1196.3363 | D55: =$F7*D17 -> 1205.3919 | E55: =$F7*E17 -> 5788.7514 | F55: =$F7*F17 -> 18470.039 | G55: =$F7*G17 -> 25231.73 | H55: =$F7*H17 -> 80397.117 | I55: =$F7*I17 -> 42402.291 | J55: =$F7*J17 -> 43496.944 | ... L55: =$F7*L17 -> 49211.332
B56: 2020 | C56: =$F8*C18 -> 1176.3485 | D56: =$F8*D18 -> 1196.5162 | E56: =$F8*E18 -> 5749.9492 | F56: =$F8*F18 -> 18670.306 | G56: =$F8*G18 -> 24823.063 | H56: =$F8*H18 -> 77135.825 | I56: =$F8*I18 -> 41622.319 | J56: =$F8*J18 -> 43770.364 | ... L56: =$F8*L18 -> 49035.386
B57: 2019 | C57: =$F9*C19 -> 1173.5089 | D57: =$F9*D19 -> 1188.4481 | E57: =$F9*E19 -> 5667.8461 | F57: =$F9*F19 -> 18757.361 | G57: =$F9*G19 -> 24539.595 | H57: =$F9*H19 -> 76606.571 | I57: =$F9*I19 -> 42486.244 | J57: =$F9*J19 -> 42799.096 | ... L57: =$F9*L19 -> 48339.934
B58: 2018 | C58: =$F10*C20 -> 1176.1554 | D58: =$F10*D20 -> 1203.8767 | E58: =$F10*E20 -> 5689.3188 | F58: =$F10*F20 -> 19020.747 | G58: =$F10*G20 -> 23860.728 | H58: =$F10*H20 -> 78257.252 | I58: =$F10*I20 -> 39948.168 | J58: =$F10*J20 -> 42661.67 | ... L58: =$F10*L20 -> 48045.225
B59: 2017 | C59: =$F11*C21 -> 1168.0388 | D59: =$F11*D21 -> 1206.7717 | E59: =$F11*E21 -> 5635.2747 | F59: =$F11*F21 -> 18546.709 | G59: =$F11*G21 -> 24128.561 | H59: =$F11*H21 -> 76292.626 | I59: =$F11*I21 -> 39389.442 | J59: =$F11*J21 -> 40298.967 | ... L59: =$F11*L21 -> 46096.447
B61: Severn Trent
B62: Band | C62: 1 | D62: 2 | E62: 3 | F62: 4 | G62: 5 | H62: 6 | I62: 7 | J62: 8 | K62: 9 | L62: 10
B63: 2022 | C63: =$G6*C16 -> 2542.132 | D63: =$G6*D16 -> 2503.3304 | E63: =$G6*E16 -> 11852.487 | F63: =$G6*F16 -> 37965.195 | G63: =$G6*G16 -> 51604.591 | H63: =$G6*H16 -> 158052.61 | I63: =$G6*I16 -> 89346.521 | J63: =$G6*J16 -> 83312.712 | ... L63: =$G6*L16 -> 100618.55
B64: 2021 | C64: =$G7*C17 -> 2477.9969 | D64: =$G7*D17 -> 2496.7539 | E64: =$G7*E17 -> 11990.364 | F64: =$G7*F17 -> 38257.385 | G64: =$G7*G17 -> 52263.019 | H64: =$G7*H17 -> 166528.26 | I64: =$G7*I17 -> 87828.767 | J64: =$G7*J17 -> 90096.145 | ... L64: =$G7*L17 -> 101932.48
B65: 2020 | C65: =$G8*C18 -> 2479.4173 | D65: =$G8*D18 -> 2521.9253 | E65: =$G8*E18 -> 12119.303 | F65: =$G8*F18 -> 39351.843 | G65: =$G8*G18 -> 52320.154 | H65: =$G8*H18 -> 162580.99 | I65: =$G8*I18 -> 87728.34 | J65: =$G8*J18 -> 92255.827 | ... L65: =$G8*L18 -> 103353.04
B66: 2019 | C66: =$G9*C19 -> 2480.4967 | D66: =$G9*D19 -> 2512.0743 | E66: =$G9*E19 -> 11980.372 | F66: =$G9*F19 -> 39648.248 | G66: =$G9*G19 -> 51870.406 | H66: =$G9*H19 -> 161926.64 | I66: =$G9*I19 -> 89805.019 | J66: =$G9*J19 -> 90466.308 | ... L66: =$G9*L19 -> 102178.22
B67: 2018 | C67: =$G10*C20 -> 2449.0577 | D67: =$G10*D20 -> 2506.7807 | E67: =$G10*E20 -> 11846.624 | F67: =$G10*F20 -> 39606.084 | G67: =$G10*G20 -> 49684.167 | H67: =$G10*H20 -> 162951.71 | I67: =$G10*I20 -> 83182.352 | J67: =$G10*J20 -> 88832.56 | ... L67: =$G10*L20 -> 100042.51
B68: 2017 | C68: =$G11*C21 -> 2443.5218 | D68: =$G11*D21 -> 2524.5506 | E68: =$G11*E21 -> 11788.921 | F68: =$G11*F21 -> 38799.472 | G68: =$G11*G21 -> 50476.633 | H68: =$G11*H21 -> 159603.17 | I68: =$G11*I21 -> 82402.194 | J68: =$G11*J21 -> 84304.909 | ... L68: =$G11*L21 -> 96433.162
B70: South West
B71: Band | C71: 1 | D71: 2 | E71: 3 | F71: 4 | G71: 5 | H71: 6 | I71: 7 | J71: 8 | K71: 9 | L71: 10
B72: 2022 | C72: =$H6*C16 -> 448.69761 | D72: =$H6*D16 -> 441.84895 | E72: =$H6*E16 -> 2092.0167 | F72: =$H6*F16 -> 6701.0259 | G72: =$H6*G16 -> 9108.4399 | H72: =$H6*H16 -> 27896.989 | I72: =$H6*I16 -> 15770.058 | J72: =$H6*J16 -> 14705.064 | ... L72: =$H6*L16 -> 17759.621
B73: 2021 | C73: =$H7*C17 -> 434.58205 | D73: =$H7*D17 -> 437.87159 | E73: =$H7*E17 -> 2102.8262 | F73: =$H7*F17 -> 6709.4405 | G73: =$H7*G17 -> 9165.6975 | H73: =$H7*H17 -> 29205.118 | I73: =$H7*I17 -> 15403.089 | J73: =$H7*J17 -> 15800.733 | ... L73: =$H7*L17 -> 17876.546
B74: 2020 | C74: =$H8*C18 -> 428.65438 | D74: =$H8*D18 -> 436.00337 | E74: =$H8*E18 -> 2095.2473 | F74: =$H8*F18 -> 6803.3484 | G74: =$H8*G18 -> 9045.3765 | H74: =$H8*H18 -> 28107.836 | I74: =$H8*I18 -> 15166.925 | J74: =$H8*J18 -> 15949.661 | ... L74: =$H8*L18 -> 17868.203
B75: 2019 | C75: =$H9*C19 -> 423.13038 | D75: =$H9*D19 -> 428.51698 | E75: =$H9*E19 -> 2043.6469 | F75: =$H9*F19 -> 6763.3141 | G75: =$H9*G19 -> 8848.2055 | H75: =$H9*H19 -> 27621.919 | I75: =$H9*I19 -> 15319.203 | J75: =$H9*J19 -> 15432.007 | ... L75: =$H9*L19 -> 17429.859
B76: 2018 | C76: =$H10*C20 -> 422.1181 | D76: =$H10*D20 -> 432.06719 | E76: =$H10*E20 -> 2041.8769 | F76: =$H10*F20 -> 6826.4805 | G76: =$H10*G20 -> 8563.5329 | H76: =$H10*H20 -> 28086.258 | I76: =$H10*I20 -> 14337.26 | J76: =$H10*J20 -> 15311.126 | ... L76: =$H10*L20 -> 17243.266
B77: 2017 | C77: =$H11*C21 -> 420.99532 | D77: =$H11*D21 -> 434.95581 | E77: =$H11*E21 -> 2031.1177 | F77: =$H11*F21 -> 6684.7761 | G77: =$H11*G21 -> 8696.6387 | H77: =$H11*H21 -> 27498.092 | I77: =$H11*I21 -> 14197.106 | J77: =$H11*J21 -> 14524.926 | ... L77: =$H11*L21 -> 16614.507
B79: Thames
B80: Band | C80: 1 | D80: 2 | E80: 3 | F80: 4 | G80: 5 | H80: 6 | I80: 7 | J80: 8 | K80: 9 | L80: 10
B81: 2022 | C81: =$I6*C16 -> 3944.2483 | D81: =$I6*D16 -> 3884.0456 | E81: =$I6*E16 -> 18389.742 | F81: =$I6*F16 -> 58904.95 | G81: =$I6*G16 -> 80067.173 | H81: =$I6*H16 -> 245226.74 | I81: =$I6*I16 -> 138625.71 | J81: =$I6*J16 -> 129263.95 | ... L81: =$I6*L16 -> 156114.84
B82: 2021 | C82: =$I7*C17 -> 3793.8396 | D82: =$I7*D17 -> 3822.5568 | E82: =$I7*E17 -> 18357.375 | F82: =$I7*F17 -> 58572.464 | G82: =$I7*G17 -> 80015.238 | H82: =$I7*H17 -> 254956.53 | I82: =$I7*I17 -> 134466.78 | J82: =$I7*J17 -> 137938.16 | ... L82: =$I7*L17 -> 156059.71
B83: 2020 | C83: =$I8*C18 -> 3846.1184 | D83: =$I8*D18 -> 3912.0576 | E83: =$I8*E18 -> 18799.689 | F83: =$I8*F18 -> 61043.313 | G83: =$I8*G18 -> 81159.999 | H83: =$I8*H18 -> 252198.67 | I83: =$I8*I18 -> 136085.84 | J83: =$I8*J18 -> 143108.96 | ... L83: =$I8*L18 -> 160323.16
B84: 2019 | C84: =$I9*C19 -> 3762.8188 | D84: =$I9*D19 -> 3810.7209 | E84: =$I9*E19 -> 18173.768 | F84: =$I9*F19 -> 60144.88 | G84: =$I9*G19 -> 78685.427 | H84: =$I9*H19 -> 245636.53 | I84: =$I9*I19 -> 136230.79 | J84: =$I9*J19 -> 137233.94 | ... L84: =$I9*L19 -> 155000.46
B85: 2018 | C85: =$I10*C20 -> 3852.3403 | D85: =$I10*D20 -> 3943.1378 | E85: =$I10*E20 -> 18634.606 | F85: =$I10*F20 -> 62299.925 | G85: =$I10*G20 -> 78152.638 | H85: =$I10*H20 -> 256321.21 | I85: =$I10*I20 -> 130844.91 | J85: =$I10*J20 -> 139732.62 | ... L85: =$I10*L20 -> 157365.74
B86: 2017 | C86: =$I11*C21 -> 3836.7311 | D86: =$I11*D21 -> 3963.9597 | E86: =$I11*E21 -> 18510.544 | F86: =$I11*F21 -> 60921.552 | G86: =$I11*G21 -> 79256.615 | H86: =$I11*H21 -> 250603.23 | I86: =$I11*I21 -> 129385 | J86: =$I11*J21 -> 132372.57 | ... L86: =$I11*L21 -> 151415.92
B88: Welsh
B89: Band | C89: 1 | D89: 2 | E89: 3 | F89: 4 | G89: 5 | H89: 6 | I89: 7 | J89: 8 | K89: 9 | L89: 10
B90: 2022 | C90: =$J6*C16 -> 1012.4301 | D90: =$J6*D16 -> 996.97696 | E90: =$J6*E16 -> 4720.3743 | F90: =$J6*F16 -> 15120.028 | G90: =$J6*G16 -> 20552.057 | H90: =$J6*H16 -> 62946.072 | I90: =$J6*I16 -> 35583.167 | J90: =$J6*J16 -> 33180.141 | ... L90: =$J6*L16 -> 40072.367
B91: 2021 | C91: =$J7*C17 -> 931.90564 | D91: =$J7*D17 -> 938.95964 | E91: =$J7*E17 -> 4509.242 | F91: =$J7*F17 -> 14387.537 | G91: =$J7*G17 -> 19654.666 | H91: =$J7*H17 -> 62626.641 | I91: =$J7*I17 -> 33029.954 | J91: =$J7*J17 -> 33882.652 | ... L91: =$J7*L17 -> 38333.967
B92: 2020 | C92: =$J8*C18 -> 973.21032 | D92: =$J8*D18 -> 989.89535 | E92: =$J8*E18 -> 4757.0172 | F92: =$J8*F18 -> 15446.218 | G92: =$J8*G18 -> 20536.484 | H92: =$J8*H18 -> 63815.598 | I92: =$J8*I18 -> 34434.754 | J92: =$J8*J18 -> 36211.864 | ... L92: =$J8*L18 -> 40567.694
B93: 2019 | C93: =$J9*C19 -> 969.03885 | D93: =$J9*D19 -> 981.37507 | E93: =$J9*E19 -> 4680.291 | F93: =$J9*F19 -> 15489.113 | G93: =$J9*G19 -> 20263.86 | H93: =$J9*H19 -> 63258.782 | I93: =$J9*I19 -> 35083.518 | J93: =$J9*J19 -> 35341.86 | ... L93: =$J9*L19 -> 39917.272
B94: 2018 | C94: =$J10*C20 -> 974.92025 | D94: =$J10*D20 -> 997.89857 | E94: =$J10*E20 -> 4715.9009 | F94: =$J10*F20 -> 15766.379 | G94: =$J10*G20 -> 19778.26 | H94: =$J10*H20 -> 64867.773 | I94: =$J10*I20 -> 33113.209 | J94: =$J10*J20 -> 35362.442 | ... L94: =$J10*L20 -> 39824.894
B95: 2017 | C95: =$J11*C21 -> 1000.3636 | D95: =$J11*D21 -> 1033.5363 | E95: =$J11*E21 -> 4826.3156 | F95: =$J11*F21 -> 15884.278 | G95: =$J11*G21 -> 20664.84 | H95: =$J11*H21 -> 65340.61 | I95: =$J11*I21 -> 33734.979 | J95: =$J11*J21 -> 34513.94 | ... L95: =$J11*L21 -> 39479.176
B97: Wessex
B98: Band | C98: 1 | D98: 2 | E98: 3 | F98: 4 | G98: 5 | H98: 6 | I98: 7 | J98: 8 | K98: 9 | L98: 10
B99: 2022 | C99: =$K6*C16 -> 832.9747 | D99: =$K6*D16 -> 820.26066 | E99: =$K6*E16 -> 3883.6779 | F99: =$K6*F16 -> 12439.971 | G99: =$K6*G16 -> 16909.161 | H99: =$K6*H16 -> 51788.746 | I99: =$K6*I16 -> 29275.974 | J99: =$K6*J16 -> 27298.89 | ... L99: =$K6*L16 -> 32969.454
B100: 2021 | C100: =$K7*C17 -> 812.56627 | D100: =$K7*D17 -> 818.71694 | E100: =$K7*E17 -> 3931.7908 | F100: =$K7*F17 -> 12545.077 | G100: =$K7*G17 -> 17137.7 | H100: =$K7*H17 -> 54606.705 | I100: =$K7*I17 -> 28800.155 | J100: =$K7*J17 -> 29543.656 | ... L100: =$K7*L17 -> 33424.939
B101: 2020 | C101: =$K8*C18 -> 772.48225 | D101: =$K8*D18 -> 785.72594 | E101: =$K8*E18 -> 3775.8656 | F101: =$K8*F18 -> 12260.381 | G101: =$K8*G18 -> 16300.761 | H101: =$K8*H18 -> 50653.405 | I101: =$K8*I18 -> 27332.464 | J101: =$K8*J18 -> 28743.039 | ... L101: =$K8*L18 -> 32200.463
B102: 2019 | C102: =$K9*C19 -> 748.79342 | D102: =$K9*D19 -> 758.32583 | E102: =$K9*E19 -> 3616.5434 | F102: =$K9*F19 -> 11968.711 | G102: =$K9*G19 -> 15658.242 | H102: =$K9*H19 -> 48881.177 | I102: =$K9*I19 -> 27109.654 | J102: =$K9*J19 -> 27309.279 | ... L102: =$K9*L19 -> 30844.781
B103: 2018 | C103: =$K10*C20 -> 724.02957 | D103: =$K10*D20 -> 741.09453 | E103: =$K10*E20 -> 3502.2882 | F103: =$K10*F20 -> 11708.983 | G103: =$K10*G20 -> 14688.427 | H103: =$K10*H20 -> 48174.387 | I103: =$K10*I20 -> 24591.695 | J103: =$K10*J20 -> 26262.1 | ... L103: =$K10*L20 -> 29576.163
B104: 2017 | C104: =$K11*C21 -> 741.43664 | D104: =$K11*D21 -> 766.02318 | E104: =$K11*E21 -> 3577.1065 | F104: =$K11*F21 -> 11772.905 | G104: =$K11*G21 -> 15316.1 | H104: =$K11*H21 -> 48428.313 | I104: =$K11*I21 -> 25003.258 | J104: =$K11*J21 -> 25580.598 | ... L104: =$K11*L21 -> 29260.668
B106: Yorkshire
B107: Band | C107: 1 | D107: 2 | E107: 3 | F107: 4 | G107: 5 | H107: 6 | I107: 7 | J107: 8 | K107: 9 | L107: 10
B108: 2022 | C108: =$L6*C16 -> 1471.3753 | D108: =$L6*D16 -> 1448.9171 | E108: =$L6*E16 -> 6860.1697 | F108: =$L6*F16 -> 21974.096 | G108: =$L6*G16 -> 29868.52 | H108: =$L6*H16 -> 91480.188 | I108: =$L6*I16 -> 51713.391 | J108: =$L6*J16 -> 48221.048 | ... L108: =$L6*L16 -> 58237.593
B109: 2021 | C109: =$L7*C17 -> 1387.8336 | D109: =$L7*D17 -> 1398.3388 | E109: =$L7*E17 -> 6715.3557 | F109: =$L7*F17 -> 21426.535 | G109: =$L7*G17 -> 29270.568 | H109: =$L7*H17 -> 93266.267 | I109: =$L7*I17 -> 49189.618 | J109: =$L7*J17 -> 50459.491 | ... L109: =$L7*L17 -> 57088.58
B110: 2020 | C110: =$L8*C18 -> 1414.834 | D110: =$L8*D18 -> 1439.0904 | E110: =$L8*E18 -> 6915.6582 | F110: =$L8*F18 -> 22455.408 | G110: =$L8*G18 -> 29855.537 | H110: =$L8*H18 -> 92773.863 | I110: =$L8*I18 -> 50060.569 | J110: =$L8*J18 -> 52644.097 | ... L110: =$L8*L18 -> 58976.516
B111: 2019 | C111: =$L9*C19 -> 1378.042 | D111: =$L9*D19 -> 1395.585 | E111: =$L9*E19 -> 6655.7057 | F111: =$L9*F19 -> 22026.617 | G111: =$L9*G19 -> 28816.647 | H111: =$L9*H19 -> 89958.475 | I111: =$L9*I19 -> 49891.252 | J111: =$L9*J19 -> 50258.631 | ... L111: =$L9*L19 -> 56765.192
B112: 2018 | C112: =$L10*C20 -> 1365.0589 | D112: =$L10*D20 -> 1397.2325 | E112: =$L10*E20 -> 6603.086 | F112: =$L10*F20 -> 22075.688 | G112: =$L10*G20 -> 27693.023 | H112: =$L10*H20 -> 90826.227 | I112: =$L10*I20 -> 46364.283 | J112: =$L10*J20 -> 49513.603 | ... L112: =$L10*L20 -> 55761.817
B113: 2017 | C113: =$L11*C21 -> 1471.0292 | D113: =$L11*D21 -> 1519.8095 | E113: =$L11*E21 -> 7097.0705 | F113: =$L11*F21 -> 23357.744 | G113: =$L11*G21 -> 30387.533 | H113: =$L11*H21 -> 96083.007 | I113: =$L11*I21 -> 49607.101 | J113: =$L11*J21 -> 50752.558 | ... L113: =$L11*L21 -> 58053.911
A115: 4 | B115: UQ cost /kg
B116: Band | C116: 1 | D116: 2 | E116: 3 | F116: 4 | G116: 5 | H116: 6 | I116: 7 | J116: 8 | K116: 9 | L116: 10
...

Sheet Outputs
A1: In 17/18 PB | O1: In 17/18 PB | AC1: In 17/18 PB | AQ1: In 17/18 PB | BE1: In 17/18 PB | BS1: In 17/18 PB | CG1: In 17/18 PB | CU1: In 17/18 PB
A2: Unit costs 2022 £/kg | B2: Band 1 | C2: Band 2 | D2: Band 3 | E2: Band 4 | F2: Band 5 | G2: Band 6 mod | H2: Band 7 | I2: Band 8 | J2: Band 9 | K2: Band 10 | L2: Total | M2: Ofwat B6 | O2: Unit costs 2021 £/kg | P2: Band 1 | Q2: Band 2 | R2: Band 3 | S2: Band 4 | T2: Band 5 | U2: Band 6 mod | V2: Band 7 | W2: Band 8 | X2: Band 9 | Y2: Band 10 | Z2: Total | AA2: Ofwat B6 | AC2: Unit costs 2020 £/kg | AD2: Band 1 | AE2: Band 2 | AF2: Band 3 | AG2: Band 4 | AH2: Band 5 | AI2: Band 6 mod | AJ2: Band 7 | AK2: Band 8 | AL2: Band 9 | AM2: Band 10 | AN2: Total | AO2: Ofwat B6 | AQ2: Unit costs 2019 £/kg | AR2: Band 1 | AS2: Band 2 | AT2: Band 3 | AU2: Band 4 | AV2: Band 5 | AW2: Band 6 mod | AX2: Band 7 | AY2: Band 8 | AZ2: Band 9 | BA2: Band 10 | BB2: Total | BC2: Ofwat B6 | BE2: Unit costs 2018 £/kg | BF2: Band 1 | BG2: Band 2 | BH2: Band 3 | BI2: Band 4 | BJ2: Band 5 | BK2: Band 6 mod | BL2: Band 7 | BM2: Band 8 | BN2: Band 9 | BO2: Band 10 | BP2: Total | BQ2: Ofwat B6 | BS2: Unit costs 2017 £/kg | BT2: Band 1 | BU2: Band 2 | BV2: Band 3 | BW2: Band 4 | BX2: Band 5 | BY2: Band 6 mod | BZ2: Band 7 | CA2: Band 8 | CB2: Band 9 | CC2: Band 10 | CD2: Total | CE2: Ofwat B6 | CG2: Unit costs 2013 £/kg | CH2: Band 1 | CI2: Band 2 | CJ2: Band 3 | CK2: Band 4 | CL2: Band 5 | CM2: Band 6 mod | CN2: Band 7 | CO2: Band 8 | CP2: Band 9 | CQ2: Band 10 | CR2: Total | CS2: Ofwat B6 | CU2: Unit costs 2012 £/kg | CV2: Band 1 | CW2: Band 2 | CX2: Band 3 | CY2: Band 4 | CZ2: Band 5 | DA2: Band 6 mod | DB2: Band 7 | DC2: Band 8 | DD2: Band 9 | DE2: Band 10 | DF2: Total | DG2: Ofwat B6
A3: p.e. in Band | B3: <250 | C3: 250-500 | D3: 500-2,000 | E3: 2k - 10k | F3: 10k - 25k | G3: 25k - 125k | H3: 125k-250k | I3: 250k-500k | J3: 500k - 1m | K3: >1m | M3: > 25k | O3: p.e. in Band | P3: <250 | Q3: 250-500 | R3: 500-2,000 | S3: 2k - 10k | T3: 10k - 25k | U3: 25k - 125k | V3: 125k-250k | W3: 250k-500k | X3: 500k - 1m | Y3: >1m | AA3: > 25k | AC3: p.e. in Band | AD3: <250 | AE3: 250-500 | AF3: 500-2,000 | AG3: 2k - 10k | AH3: 10k - 25k | AI3: 25k - 125k | AJ3: 125k-250k | AK3: 250k-500k | AL3: 500k - 1m | AM3: >1m | AO3: > 25k | AQ3: p.e. in Band | AR3: <250 | AS3: 250-500 | AT3: 500-2,000 | AU3: 2k - 10k | AV3: 10k - 25k | AW3: 25k - 125k | AX3: 125k-250k | AY3: 250k-500k | AZ3: 500k - 1m | BA3: >1m | BC3: > 25k | BE3: p.e. in Band | BF3: <250 | BG3: 250-500 | BH3: 500-2,000 | BI3: 2k - 10k | BJ3: 10k - 25k | BK3: 25k - 125k | BL3: 125k-250k | BM3: 250k-500k | BN3: 500k - 1m | BO3: >1m | BQ3: > 25k | BS3: p.e. in Band | BT3: <250 | BU3: 250-500 | BV3: 500-2,000 | BW3: 2k - 10k | BX3: 10k - 25k | BY3: 25k - 125k | BZ3: 125k-250k | CA3: 250k-500k | CB3: 500k - 1m | CC3: >1m | CE3: > 25k | CG3: p.e. in Band | CH3: <250 | CI3: 250-500 | CJ3: 500-2,000 | CK3: 2k - 10k | CL3: 10k - 25k | CM3: 25k - 125k | CN3: 125k-250k | CO3: 250k-500k | CP3: 500k - 1m | CQ3: >1m | CS3: > 25k | CU3: p.e. in Band | CV3: <250 | CW3: 250-500 | CX3: 500-2,000 | CY3: 2k - 10k | CZ3: 10k - 25k | DA3: 25k - 125k | DB3: 125k-250k | DC3: 250k-500k | DD3: 500k - 1m | DE3: >1m | DG3: > 25k
A4: ANH | B4: =IF(B50,B119*1000/(B50*365),"") -> 4.0845646 | C4: =IF(C50,C119*1000/(C50*365),"") -> 2.9918977 | D4: =IF(D50,D119*1000/(D50*365),"") -> 1.6082778 | E4: =IF(E50,E119*1000/(E50*365),"") -> 1.0238777 | F4: =IF(F50,F119*1000/(F50*365),"") -> 0.7265687 | G4: =IF(G50,G119*1000/(G50*365),"") -> 0.48271474 | H4: =IF(H50,H119*1000/(H50*365),"") -> 0.41617013 | I4: =IF(I50,I119*1000/(I50*365),"") -> 0.38627332 | ... K4: =IF(K50,K119*1000/(K50*365),"") | L4: =L119*1000/(L50*365) -> 0.64473885 | M4: =M119*1000/(M50*365) -> 0.43329949 | N4: =1-I4/M4 -> 0.10853043 | O4: ANH | P4: =IF(P50,P119*1000/(P50*365),"") -> 3.8890964 | Q4: =IF(Q50,Q119*1000/(Q50*365),"") -> 2.8136905 | R4: =IF(R50,R119*1000/(R50*365),"") -> 1.7314712 | S4: =IF(S50,S119*1000/(S50*365),"") -> 1.0479665 | T4: =IF(T50,T119*1000/(T50*365),"") -> 0.74017965 | U4: =IF(U50,U119*1000/(U50*365),"") -> 0.56594654 | V4: =IF(V50,V119*1000/(V50*365),"") -> 0.44777873 | W4: =IF(W50,W119*1000/(W50*365),"") -> 0.43995284 | ... Y4: =IF(Y50,Y119*1000/(Y50*365),"") | Z4: =Z119*1000/(Z50*365) -> 0.68907789 | AA4: =AA119*1000/(AA50*365) -> 0.48686256 | AC4: ANH | AD4: =IF(AD50,AD119*1000/(AD50*365),"") -> 4.4263075 | AE4: =IF(AE50,AE119*1000/(AE50*365),"") -> 3.0563622 | AF4: =IF(AF50,AF119*1000/(AF50*365),"") -> 1.6610078 | AG4: =IF(AG50,AG119*1000/(AG50*365),"") -> 1.0792638 | AH4: =IF(AH50,AH119*1000/(AH50*365),"") -> 0.75040044 | AI4: =IF(AI50,AI119*1000/(AI50*365),"") -> 0.55151159 | AJ4: =IF(AJ50,AJ119*1000/(AJ50*365),"") -> 0.490884 | AK4: =IF(AK50,AK119*1000/(AK50*365),"") -> 0.42650765 | ... AM4: =IF(AM50,AM119*1000/(AM50*365),"") | AN4: =AN119*1000/(AN50*365) -> 0.70564469 | AO4: =AO119*1000/(AO50*365) -> 0.50256699 | AP4: =AO4/AK4-1 -> 0.17833053 | AQ4: ANH | AR4: =IF(AR50,AR119*1000/(AR50*365),"") -> 4.1460295 | AS4: =IF(AS50,AS119*1000/(AS50*365),"") -> 3.0216576 | AT4: =IF(AT50,AT119*1000/(AT50*365),"") -> 1.6747026 | AU4: =IF(AU50,AU119*1000/(AU50*365),"") -> 1.066408 | AV4: =IF(AV50,AV119*1000/(AV50*365),"") -> 0.69861004 | AW4: =IF(AW50,AW119*1000/(AW50*365),"") -> 0.69146269 | AX4: =IF(AX50,AX119*1000/(AX50*365),"") -> 0.46237505 | AY4: =IF(AY50,AY119*1000/(AY50*365),"") -> 0.41844868 | ... BA4: =IF(BA50,BA119*1000/(BA50*365),"") | BB4: =BB119*1000/(BB50*365) -> 0.72186711 | BC4: =BC119*1000/(BC50*365) -> 0.54354767 | BE4: ANH | BF4: =IF(BF50,BF119*1000/(BF50*365),"") -> 3.9310786 | BG4: =IF(BG50,BG119*1000/(BG50*365),"") -> 2.843775 | BH4: =IF(BH50,BH119*1000/(BH50*365),"") -> 1.4261937 | BI4: =IF(BI50,BI119*1000/(BI50*365),"") -> 0.84662667 | BJ4: =IF(BJ50,BJ119*1000/(BJ50*365),"") -> 0.64810183 | BK4: =IF(BK50,BK119*1000/(BK50*365),"") -> 0.55447596 | BL4: =IF(BL50,BL119*1000/(BL50*365),"") -> 0.5156002 | BM4: =IF(BM50,BM119*1000/(BM50*365),"") -> 0.37157726 | ... BO4: =IF(BO50,BO119*1000/(BO50*365),"") | BP4: =BP119*1000/(BP50*365) -> 0.64957595 | BQ4: =BQ119*1000/(BQ50*365) -> 0.50289836 | BS4: ANH | BT4: =IF(BT50,BT119*1000/(BT50*365),"") -> 4.159701 | BU4: =IF(BU50,BU119*1000/(BU50*365),"") -> 2.8268434 | BV4: =IF(BV50,BV119*1000/(BV50*365),"") -> 1.5949036 | BW4: =IF(BW50,BW119*1000/(BW50*365),"") -> 0.97811312 | BX4: =IF(BX50,BX119*1000/(BX50*365),"") -> 0.74608247 | BY4: =IF(BY50,BY119*1000/(BY50*365),"") -> 0.69232395 | BZ4: =IF(BZ50,BZ119*1000/(BZ50*365),"") -> 0.55628737 | CA4: =IF(CA50,CA119*1000/(CA50*365),"") -> 0.42292349 | ... CC4: =IF(CC50,CC119*1000/(CC50*365),"") | CD4: =CD119*1000/(CD50*365) -> 0.74492464 | CE4: =CE119*1000/(CE50*365) -> 0.58669714 | CG4: ANH | CH4: =IF(CH50,CH119*1000/(CH50*365),"") -> 3.8859314 | CI4: =IF(CI50,CI119*1000/(CI50*365),"") -> 2.3919861 | CJ4: =IF(CJ50,CJ119*1000/(CJ50*365),"") -> 1.5487684 | CK4: =IF(CK50,CK119*1000/(CK50*365),"") -> 0.9130077 | CL4: =IF(CL50,CL119*1000/(CL50*365),"") -> 0.69223095 | CM4: =IF(CM50,CM119*1000/(CM50*365),"") -> 0.59649866 | CN4: =IF(CN50,CN119*1000/(CN50*365),"") -> 0.44206669 | CO4: =IF(CO50,CO119*1000/(CO50*365),"") -> 0.31559517 | ... CQ4: =IF(CQ50,CQ119*1000/(CQ50*365),"") | CR4: =CR119*1000/(CR50*365) -> 0.64966178 | CS4: =CS119*1000/(CS50*365) -> 0.4784649 | CU4: ANH | CV4: =IF(CV50,CV119*1000/(CV50*365),"") -> 4.1423483 | CW4: =IF(CW50,CW119*1000/(CW50*365),"") -> 2.3335099 | CX4: =IF(CX50,CX119*1000/(CX50*365),"") -> 1.5841676 | CY4: =IF(CY50,CY119*1000/(CY50*365),"") -> 0.84697529 | CZ4: =IF(CZ50,CZ119*1000/(CZ50*365),"") -> 0.62605138 | DA4: =IF(DA50,DA119*1000/(DA50*365),"") -> 0.59009704 | DB4: =IF(DB50,DB119*1000/(DB50*365),"") -> 0.43635925 | DC4: =IF(DC50,DC119*1000/(DC50*365),"") -> 0.33097463 | ... DE4: =IF(DE50,DE119*1000/(DE50*365),"") | DF4: =DF119*1000/(DF50*365) -> 0.63284289 | DG4: =DG119*1000/(DG50*365) -> 0.48078073
A5: NES | B5: =IF(B51,B120*1000/(B51*365),"") -> 5.7314493 | C5: =IF(C51,C120*1000/(C51*365),"") -> 3.2163273 | D5: =IF(D51,D120*1000/(D51*365),"") -> 1.3442866 | E5: =IF(E51,E120*1000/(E51*365),"") -> 1.2141658 | F5: =IF(F51,F120*1000/(F51*365),"") -> 0.65665293 | G5: =IF(G51,G120*1000/(G51*365),"") -> 0.78338482 | H5: =IF(H51,H120*1000/(H51*365),"") -> 0.24174573 | I5: =IF(I51,I120*1000/(I51*365),"") -> 0.38285653 | ... K5: =IF(K51,K120*1000/(K51*365),"") | L5: =L120*1000/(L51*365) -> 0.74397253 | M5: =M120*1000/(M51*365) -> 0.67045681 | N5: =1-J5/M5 -> -0.14739763 | O5: NES | P5: =IF(P51,P120*1000/(P51*365),"") -> 4.333764 | Q5: =IF(Q51,Q120*1000/(Q51*365),"") -> 3.021736 | R5: =IF(R51,R120*1000/(R51*365),"") -> 1.6790909 | S5: =IF(S51,S120*1000/(S51*365),"") -> 1.0975305 | T5: =IF(T51,T120*1000/(T51*365),"") -> 0.8309585 | U5: =IF(U51,U120*1000/(U51*365),"") -> 0.59911892 | V5: =IF(V51,V120*1000/(V51*365),"") -> 0.4895935 | W5: =IF(W51,W120*1000/(W51*365),"") -> 1.2307001 | ... Y5: =IF(Y51,Y120*1000/(Y51*365),"") | Z5: =Z120*1000/(Z51*365) -> 0.7474385 | AA5: =AA120*1000/(AA51*365) -> 0.66439337 | AC5: NES | AD5: =IF(AD51,AD120*1000/(AD51*365),"") -> 3.8266474 | AE5: =IF(AE51,AE120*1000/(AE51*365),"") -> 2.5616602 | AF5: =IF(AF51,AF120*1000/(AF51*365),"") -> 1.4836406 | AG5: =IF(AG51,AG120*1000/(AG51*365),"") -> 1.1462243 | AH5: =IF(AH51,AH120*1000/(AH51*365),"") -> 0.65169037 | AI5: =IF(AI51,AI120*1000/(AI51*365),"") -> 0.49047539 | AJ5: =IF(AJ51,AJ120*1000/(AJ51*365),"") -> 0.54237456 | AK5: =IF(AK51,AK120*1000/(AK51*365),"") -> 1.0265519 | ... AM5: =IF(AM51,AM120*1000/(AM51*365),"") | AN5: =AN120*1000/(AN51*365) -> 0.65532194 | AO5: =AO120*1000/(AO51*365) -> 0.57612524 | AP5: =AO5/AL5-1 -> 0.22913693 | AQ5: NES | AR5: =IF(AR51,AR120*1000/(AR51*365),"") -> 3.877284 | AS5: =IF(AS51,AS120*1000/(AS51*365),"") -> 3.1968725 | AT5: =IF(AT51,AT120*1000/(AT51*365),"") -> 1.7365305 | AU5: =IF(AU51,AU120*1000/(AU51*365),"") -> 1.0655066 | AV5: =IF(AV51,AV120*1000/(AV51*365),"") -> 0.73872434 | AW5: =IF(AW51,AW120*1000/(AW51*365),"") -> 0.57887459 | AX5: =IF(AX51,AX120*1000/(AX51*365),"") -> 0.48482916 | AY5: =IF(AY51,AY120*1000/(AY51*365),"") -> 1.0746334 | ... BA5: =IF(BA51,BA120*1000/(BA51*365),"") | BB5: =BB120*1000/(BB51*365) -> 0.68114399 | BC5: =BC120*1000/(BC51*365) -> 0.59283145 | BE5: NES | BF5: =IF(BF51,BF120*1000/(BF51*365),"") -> 3.2253866 | BG5: =IF(BG51,BG120*1000/(BG51*365),"") -> 2.5481798 | BH5: =IF(BH51,BH120*1000/(BH51*365),"") -> 1.5203777 | BI5: =IF(BI51,BI120*1000/(BI51*365),"") -> 0.91180168 | BJ5: =IF(BJ51,BJ120*1000/(BJ51*365),"") -> 0.78344547 | BK5: =IF(BK51,BK120*1000/(BK51*365),"") -> 0.54358141 | BL5: =IF(BL51,BL120*1000/(BL51*365),"") -> 0.55252307 | BM5: =IF(BM51,BM120*1000/(BM51*365),"") -> 1.1152937 | ... BO5: =IF(BO51,BO120*1000/(BO51*365),"") | BP5: =BP120*1000/(BP51*365) -> 0.65422201 | BQ5: =BQ120*1000/(BQ51*365) -> 0.58199188 | BS5: NES | BT5: =IF(BT51,BT120*1000/(BT51*365),"") -> 3.7738589 | BU5: =IF(BU51,BU120*1000/(BU51*365),"") -> 2.4309983 | BV5: =IF(BV51,BV120*1000/(BV51*365),"") -> 1.648088 | BW5: =IF(BW51,BW120*1000/(BW51*365),"") -> 0.92490262 | BX5: =IF(BX51,BX120*1000/(BX51*365),"") -> 0.79977572 | BY5: =IF(BY51,BY120*1000/(BY51*365),"") -> 0.56993294 | BZ5: =IF(BZ51,BZ120*1000/(BZ51*365),"") -> 0.48078065 | CA5: =IF(CA51,CA120*1000/(CA51*365),"") -> 1.2451814 | ... CC5: =IF(CC51,CC120*1000/(CC51*365),"") | CD5: =CD120*1000/(CD51*365) -> 0.6731092 | CE5: =CE120*1000/(CE51*365) -> 0.59550109 | CG5: NES | CH5: =IF(CH51,CH120*1000/(CH51*365),"") -> 2.6502362 | CI5: =IF(CI51,CI120*1000/(CI51*365),"") -> 1.6967474 | CJ5: =IF(CJ51,CJ120*1000/(CJ51*365),"") -> 1.375217 | CK5: =IF(CK51,CK120*1000/(CK51*365),"") -> 0.86179262 | CL5: =IF(CL51,CL120*1000/(CL51*365),"") -> 0.68649748 | CM5: =IF(CM51,CM120*1000/(CM51*365),"") -> 0.59835153 | CN5: =IF(CN51,CN120*1000/(CN51*365),"") -> 0.29245578 | CO5: =IF(CO51,CO120*1000/(CO51*365),"") -> 0.27507956 | ... CQ5: =IF(CQ51,CQ120*1000/(CQ51*365),"") | CR5: =CR120*1000/(CR51*365) -> 0.46131368 | CS5: =CS120*1000/(CS51*365) -> 0.38348541 | CU5: NES | CV5: =IF(CV51,CV120*1000/(CV51*365),"") -> 3.1685832 | CW5: =IF(CW51,CW120*1000/(CW51*365),"") -> 2.027901 | CX5: =IF(CX51,CX120*1000/(CX51*365),"") -> 1.5130525 | CY5: =IF(CY51,CY120*1000/(CY51*365),"") -> 0.88239998 | CZ5: =IF(CZ51,CZ120*1000/(CZ51*365),"") -> 0.7667886 | DA5: =IF(DA51,DA120*1000/(DA51*365),"") -> 0.60893351 | DB5: =IF(DB51,DB120*1000/(DB51*365),"") -> 0.31166971 | DC5: =IF(DC51,DC120*1000/(DC51*365),"") -> 0.45982761 | ... DE5: =IF(DE51,DE120*1000/(DE51*365),"") | DF5: =DF120*1000/(DF51*365) -> 0.50516101 | DG5: =DG120*1000/(DG51*365) -> 0.41864128
A6: UU | B6: =IF(B52,B121*1000/(B52*365),"") -> 7.7258341 | C6: =IF(C52,C121*1000/(C52*365),"") -> 3.5696287 | D6: =IF(D52,D121*1000/(D52*365),"") -> 2.8694656 | E6: =IF(E52,E121*1000/(E52*365),"") -> 1.2760425 | F6: =IF(F52,F121*1000/(F52*365),"") -> 0.81393552 | G6: =IF(G52,G121*1000/(G52*365),"") -> 0.61874973 | H6: =IF(H52,H121*1000/(H52*365),"") -> 0.42746009 | I6: =IF(I52,I121*1000/(I52*365),"") -> 0.32554397 | ... K6: =IF(K52,K121*1000/(K52*365),"") -> 0.27965258 | L6: =L121*1000/(L52*365) -> 0.54733971 | M6: =M121*1000/(M52*365) -> 0.44038389 | N6: =1-K6/M6 -> 0.36498 | O6: UU | P6: =IF(P52,P121*1000/(P52*365),"") -> 7.1394119 | Q6: =IF(Q52,Q121*1000/(Q52*365),"") -> 4.5149246 | R6: =IF(R52,R121*1000/(R52*365),"") -> 3.2648162 | S6: =IF(S52,S121*1000/(S52*365),"") -> 1.3242655 | T6: =IF(T52,T121*1000/(T52*365),"") -> 0.8897601 | U6: =IF(U52,U121*1000/(U52*365),"") -> 0.65454233 | V6: =IF(V52,V121*1000/(V52*365),"") -> 0.45508023 | W6: =IF(W52,W121*1000/(W52*365),"") -> 0.35618314 | ... Y6: =IF(Y52,Y121*1000/(Y52*365),"") -> 0.30493452 | Z6: =Z121*1000/(Z52*365) -> 0.60299939 | AA6: =AA121*1000/(AA52*365) -> 0.49069233 | AC6: UU | AD6: =IF(AD52,AD121*1000/(AD52*365),"") -> 8.7471155 | AE6: =IF(AE52,AE121*1000/(AE52*365),"") -> 4.5932835 | AF6: =IF(AF52,AF121*1000/(AF52*365),"") -> 2.8826155 | AG6: =IF(AG52,AG121*1000/(AG52*365),"") -> 1.2323793 | AH6: =IF(AH52,AH121*1000/(AH52*365),"") -> 0.84198728 | AI6: =IF(AI52,AI121*1000/(AI52*365),"") -> 0.61318233 | AJ6: =IF(AJ52,AJ121*1000/(AJ52*365),"") -> 0.46638361 | AK6: =IF(AK52,AK121*1000/(AK52*365),"") -> 0.32108847 | ... AM6: =IF(AM52,AM121*1000/(AM52*365),"") -> 0.28549775 | AN6: =AN121*1000/(AN52*365) -> 0.5629567 | AO6: =AO121*1000/(AO52*365) -> 0.45708159 | AP6: =AO6/AM6-1 -> 0.6009989 | AQ6: UU | AR6: =IF(AR52,AR121*1000/(AR52*365),"") -> 7.4627685 | AS6: =IF(AS52,AS121*1000/(AS52*365),"") -> 3.8983506 | AT6: =IF(AT52,AT121*1000/(AT52*365),"") -> 2.4947424 | AU6: =IF(AU52,AU121*1000/(AU52*365),"") -> 1.0794104 | AV6: =IF(AV52,AV121*1000/(AV52*365),"") -> 0.7242025 | AW6: =IF(AW52,AW121*1000/(AW52*365),"") -> 0.68268505 | AX6: =IF(AX52,AX121*1000/(AX52*365),"") -> 0.39770687 | AY6: =IF(AY52,AY121*1000/(AY52*365),"") -> 0.37520179 | ... BA6: =IF(BA52,BA121*1000/(BA52*365),"") -> 0.19962355 | BB6: =BB121*1000/(BB52*365) -> 0.54000562 | BC6: =BC121*1000/(BC52*365) -> 0.45708626 | BE6: UU | BF6: =IF(BF52,BF121*1000/(BF52*365),"") -> 8.3134432 | BG6: =IF(BG52,BG121*1000/(BG52*365),"") -> 4.2760786 | BH6: =IF(BH52,BH121*1000/(BH52*365),"") -> 2.8299078 | BI6: =IF(BI52,BI121*1000/(BI52*365),"") -> 1.2224135 | BJ6: =IF(BJ52,BJ121*1000/(BJ52*365),"") -> 0.84445631 | BK6: =IF(BK52,BK121*1000/(BK52*365),"") -> 0.66116221 | BL6: =IF(BL52,BL121*1000/(BL52*365),"") -> 0.47649543 | BM6: =IF(BM52,BM121*1000/(BM52*365),"") -> 0.43629415 | ... BO6: =IF(BO52,BO121*1000/(BO52*365),"") -> 0.36300549 | BP6: =BP121*1000/(BP52*365) -> 0.60362037 | BQ6: =BQ121*1000/(BQ52*365) -> 0.50697318 | BS6: UU | BT6: =IF(BT52,BT121*1000/(BT52*365),"") -> 8.2222886 | BU6: =IF(BU52,BU121*1000/(BU52*365),"") -> 3.9134408 | BV6: =IF(BV52,BV121*1000/(BV52*365),"") -> 2.5654648 | BW6: =IF(BW52,BW121*1000/(BW52*365),"") -> 1.1243685 | BX6: =IF(BX52,BX121*1000/(BX52*365),"") -> 0.75670821 | BY6: =IF(BY52,BY121*1000/(BY52*365),"") -> 0.6286178 | BZ6: =IF(BZ52,BZ121*1000/(BZ52*365),"") -> 0.45294142 | CA6: =IF(CA52,CA121*1000/(CA52*365),"") -> 0.39811129 | ... CC6: =IF(CC52,CC121*1000/(CC52*365),"") -> 0.4259484 | CD6: =CD121*1000/(CD52*365) -> 0.57824884 | CE6: =CE121*1000/(CE52*365) -> 0.4930327 | CG6: UU | CH6: =IF(CH52,CH121*1000/(CH52*365),"") -> 7.506588 | CI6: =IF(CI52,CI121*1000/(CI52*365),"") -> 3.8202192 | CJ6: =IF(CJ52,CJ121*1000/(CJ52*365),"") -> 2.1856676 | CK6: =IF(CK52,CK121*1000/(CK52*365),"") -> 0.92923641 | CL6: =IF(CL52,CL121*1000/(CL52*365),"") -> 0.57659595 | CM6: =IF(CM52,CM121*1000/(CM52*365),"") -> 0.66144112 | CN6: =IF(CN52,CN121*1000/(CN52*365),"") -> 0.36817389 | CO6: =IF(CO52,CO121*1000/(CO52*365),"") -> 0.30399768 | ... CQ6: =IF(CQ52,CQ121*1000/(CQ52*365),"") -> 0.22554709 | CR6: =CR121*1000/(CR52*365) -> 0.52629271 | CS6: =CS121*1000/(CS52*365) -> 0.4614649 | CU6: UU | CV6: =IF(CV52,CV121*1000/(CV52*365),"") -> 6.826667 | CW6: =IF(CW52,CW121*1000/(CW52*365),"") -> 3.5244568 | CX6: =IF(CX52,CX121*1000/(CX52*365),"") -> 2.2520515 | CY6: =IF(CY52,CY121*1000/(CY52*365),"") -> 0.93283905 | CZ6: =IF(CZ52,CZ121*1000/(CZ52*365),"") -> 0.61806009 | DA6: =IF(DA52,DA121*1000/(DA52*365),"") -> 0.50475666 | DB6: =IF(DB52,DB121*1000/(DB52*365),"") -> 0.33000171 | DC6: =IF(DC52,DC121*1000/(DC52*365),"") -> 0.25486384 | ... DE6: =IF(DE52,DE121*1000/(DE52*365),"") -> 0.18304934 | DF6: =DF121*1000/(DF52*365) -> 0.45619696 | DG6: =DG121*1000/(DG52*365) -> 0.37975085
A7: SRN | B7: =IF(B53,B122*1000/(B53*365),"") -> 29.181153 | C7: =IF(C53,C122*1000/(C53*365),"") -> 4.1206995 | D7: =IF(D53,D122*1000/(D53*365),"") -> 2.7488538 | E7: =IF(E53,E122*1000/(E53*365),"") -> 1.4910934 | F7: =IF(F53,F122*1000/(F53*365),"") -> 1.0906372 | G7: =IF(G53,G122*1000/(G53*365),"") -> 1.5329177 | H7: =IF(H53,H122*1000/(H53*365),"") -> 0.67029088 | I7: =IF(I53,I122*1000/(I53*365),"") -> 0.40915367 | ... K7: =IF(K53,K122*1000/(K53*365),"") | L7: =L122*1000/(L53*365) -> 1.1687352 | M7: =M122*1000/(M53*365) -> 1.0247518 | N7: =1-I7/M7 -> 0.60072901 | O7: SRN | P7: =IF(P53,P122*1000/(P53*365),"") -> 9.2233211 | Q7: =IF(Q53,Q122*1000/(Q53*365),"") -> 4.7964907 | R7: =IF(R53,R122*1000/(R53*365),"") -> 3.1618719 | S7: =IF(S53,S122*1000/(S53*365),"") -> 1.5283724 | T7: =IF(T53,T122*1000/(T53*365),"") -> 1.0917426 | U7: =IF(U53,U122*1000/(U53*365),"") -> 0.64609914 | V7: =IF(V53,V122*1000/(V53*365),"") -> 0.42075375 | W7: =IF(W53,W122*1000/(W53*365),"") -> 0.32623934 | ... Y7: =IF(Y53,Y122*1000/(Y53*365),"") | Z7: =Z122*1000/(Z53*365) -> 0.70613424 | AA7: =AA122*1000/(AA53*365) -> 0.50370492 | AC7: SRN | AD7: =IF(AD53,AD122*1000/(AD53*365),"") -> 10.100655 | AE7: =IF(AE53,AE122*1000/(AE53*365),"") -> 3.862993 | AF7: =IF(AF53,AF122*1000/(AF53*365),"") -> 2.8249461 | AG7: =IF(AG53,AG122*1000/(AG53*365),"") -> 1.5134695 | AH7: =IF(AH53,AH122*1000/(AH53*365),"") -> 1.0611075 | AI7: =IF(AI53,AI122*1000/(AI53*365),"") -> 0.68735146 | AJ7: =IF(AJ53,AJ122*1000/(AJ53*365),"") -> 0.38775343 | AK7: =IF(AK53,AK122*1000/(AK53*365),"") -> 0.29368722 | ... AM7: =IF(AM53,AM122*1000/(AM53*365),"") | AN7: =AN122*1000/(AN53*365) -> 0.68181043 | AO7: =AO122*1000/(AO53*365) -> 0.48666194 | AP7: =AO7/AK7-1 -> 0.65707564 | AQ7: SRN | AR7: =IF(AR53,AR122*1000/(AR53*365),"") -> 9.6436302 | AS7: =IF(AS53,AS122*1000/(AS53*365),"") -> 4.681699 | AT7: =IF(AT53,AT122*1000/(AT53*365),"") -> 3.0934909 | AU7: =IF(AU53,AU122*1000/(AU53*365),"") -> 1.389938 | AV7: =IF(AV53,AV122*1000/(AV53*365),"") -> 0.94407546 | AW7: =IF(AW53,AW122*1000/(AW53*365),"") -> 0.48700186 | AX7: =IF(AX53,AX122*1000/(AX53*365),"") -> 0.44336749 | AY7: =IF(AY53,AY122*1000/(AY53*365),"") -> 0.34953149 | ... BA7: =IF(BA53,BA122*1000/(BA53*365),"") | BB7: =BB122*1000/(BB53*365) -> 0.62945569 | BC7: =BC122*1000/(BC53*365) -> 0.43788167 | BE7: SRN | BF7: =IF(BF53,BF122*1000/(BF53*365),"") -> 8.6770158 | BG7: =IF(BG53,BG122*1000/(BG53*365),"") -> 4.2775546 | BH7: =IF(BH53,BH122*1000/(BH53*365),"") -> 2.6780799 | BI7: =IF(BI53,BI122*1000/(BI53*365),"") -> 1.1630003 | BJ7: =IF(BJ53,BJ122*1000/(BJ53*365),"") -> 0.88847129 | BK7: =IF(BK53,BK122*1000/(BK53*365),"") -> 0.48351352 | BL7: =IF(BL53,BL122*1000/(BL53*365),"") -> 0.3757361 | BM7: =IF(BM53,BM122*1000/(BM53*365),"") -> 0.2667354 | ... BO7: =IF(BO53,BO122*1000/(BO53*365),"") | BP7: =BP122*1000/(BP53*365) -> 0.56451341 | BQ7: =BQ122*1000/(BQ53*365) -> 0.39917795 | BS7: SRN | BT7: =IF(BT53,BT122*1000/(BT53*365),"") -> 4.9105895 | BU7: =IF(BU53,BU122*1000/(BU53*365),"") -> 3.5188549 | BV7: =IF(BV53,BV122*1000/(BV53*365),"") -> 2.3493554 | BW7: =IF(BW53,BW122*1000/(BW53*365),"") -> 1.3590521 | BX7: =IF(BX53,BX122*1000/(BX53*365),"") -> 0.95262591 | BY7: =IF(BY53,BY122*1000/(BY53*365),"") -> 0.54938731 | BZ7: =IF(BZ53,BZ122*1000/(BZ53*365),"") -> 0.45452165 | CA7: =IF(CA53,CA122*1000/(CA53*365),"") -> 0.29924323 | ... CC7: =IF(CC53,CC122*1000/(CC53*365),"") | CD7: =CD122*1000/(CD53*365) -> 0.62023222 | CE7: =CE122*1000/(CE53*365) -> 0.45968462 | CG7: SRN | CH7: =IF(CH53,CH122*1000/(CH53*365),"") -> 3.8516255 | CI7: =IF(CI53,CI122*1000/(CI53*365),"") -> 3.6223977 | CJ7: =IF(CJ53,CJ122*1000/(CJ53*365),"") -> 2.0237147 | CK7: =IF(CK53,CK122*1000/(CK53*365),"") -> 0.87459885 | CL7: =IF(CL53,CL122*1000/(CL53*365),"") -> 0.78705867 | CM7: =IF(CM53,CM122*1000/(CM53*365),"") -> 0.67747314 | CN7: =IF(CN53,CN122*1000/(CN53*365),"") -> 0.38825207 | CO7: =IF(CO53,CO122*1000/(CO53*365),"") -> 0.18452691 | ... CQ7: =IF(CQ53,CQ122*1000/(CQ53*365),"") | CR7: =CR122*1000/(CR53*365) -> 0.60859495 | CS7: =CS122*1000/(CS53*365) -> 0.50893744 | CU7: SRN | CV7: =IF(CV53,CV122*1000/(CV53*365),"") -> 4.6698316 | CW7: =IF(CW53,CW122*1000/(CW53*365),"") -> 3.7457098 | CX7: =IF(CX53,CX122*1000/(CX53*365),"") -> 2.2734649 | CY7: =IF(CY53,CY122*1000/(CY53*365),"") -> 0.97387273 | CZ7: =IF(CZ53,CZ122*1000/(CZ53*365),"") -> 0.84413715 | DA7: =IF(DA53,DA122*1000/(DA53*365),"") -> 0.82926065 | DB7: =IF(DB53,DB122*1000/(DB53*365),"") -> 0.32287175 | DC7: =IF(DC53,DC122*1000/(DC53*365),"") -> 0.29236832 | ... DE7: =IF(DE53,DE122*1000/(DE53*365),"") | DF7: =DF122*1000/(DF53*365) -> 0.69974757 | DG7: =DG122*1000/(DG53*365) -> 0.58694495
A8: SVT | B8: =IF(B54,B123*1000/(B54*365),"") -> 6.6728173 | C8: =IF(C54,C123*1000/(C54*365),"") -> 3.0569369 | D8: =IF(D54,D123*1000/(D54*365),"") -> 2.2165141 | E8: =IF(E54,E123*1000/(E54*365),"") -> 1.3291382 | F8: =IF(F54,F123*1000/(F54*365),"") -> 1.0614943 | G8: =IF(G54,G123*1000/(G54*365),"") -> 0.25951611 | H8: =IF(H54,H123*1000/(H54*365),"") -> 0.41977615 | I8: =IF(I54,I123*1000/(I54*365),"") -> 0.36672271 | ... K8: =IF(K54,K123*1000/(K54*365),"") -> 0.23682426 | L8: =L123*1000/(L54*365) -> 0.49229411 | M8: =M123*1000/(M54*365) -> 0.2981019 | N8: =1-K8/M8 -> 0.2055594 | O8: SVT | P8: =IF(P54,P123*1000/(P54*365),"") -> 6.3358107 | Q8: =IF(Q54,Q123*1000/(Q54*365),"") -> 3.2648663 | R8: =IF(R54,R123*1000/(R54*365),"") -> 2.2742586 | S8: =IF(S54,S123*1000/(S54*365),"") -> 1.2990605 | T8: =IF(T54,T123*1000/(T54*365),"") -> 1.0360066 | U8: =IF(U54,U123*1000/(U54*365),"") -> 0.26467075 | V8: =IF(V54,V123*1000/(V54*365),"") -> 0.43720458 | W8: =IF(W54,W123*1000/(W54*365),"") -> 0.32195213 | ... Y8: =IF(Y54,Y123*1000/(Y54*365),"") -> 0.20508241 | Z8: =Z123*1000/(Z54*365) -> 0.46955983 | AA8: =AA123*1000/(AA54*365) -> 0.27395398 | AC8: SVT | AD8: =IF(AD54,AD123*1000/(AD54*365),"") -> 6.7079237 | AE8: =IF(AE54,AE123*1000/(AE54*365),"") -> 3.3471225 | AF8: =IF(AF54,AF123*1000/(AF54*365),"") -> 2.0668278 | AG8: =IF(AG54,AG123*1000/(AG54*365),"") -> 1.137758 | AH8: =IF(AH54,AH123*1000/(AH54*365),"") -> 0.84947409 | AI8: =IF(AI54,AI123*1000/(AI54*365),"") -> 0.43486608 | AJ8: =IF(AJ54,AJ123*1000/(AJ54*365),"") -> 0.36716748 | AK8: =IF(AK54,AK123*1000/(AK54*365),"") -> 0.26911486 | ... AM8: =IF(AM54,AM123*1000/(AM54*365),"") -> 0.20347008 | AN8: =AN123*1000/(AN54*365) -> 0.47760766 | AO8: =AO123*1000/(AO54*365) -> 0.32237042 | AP8: =AO8/AM8-1 -> 0.58436279 | AQ8: SVT | AR8: =IF(AR54,AR123*1000/(AR54*365),"") -> 7.949471 | AS8: =IF(AS54,AS123*1000/(AS54*365),"") -> 4.0204004 | AT8: =IF(AT54,AT123*1000/(AT54*365),"") -> 2.3962405 | AU8: =IF(AU54,AU123*1000/(AU54*365),"") -> 1.2932762 | AV8: =IF(AV54,AV123*1000/(AV54*365),"") -> 0.91883409 | AW8: =IF(AW54,AW123*1000/(AW54*365),"") -> 0.52177964 | AX8: =IF(AX54,AX123*1000/(AX54*365),"") -> 0.43777179 | AY8: =IF(AY54,AY123*1000/(AY54*365),"") -> 0.29166998 | ... BA8: =IF(BA54,BA123*1000/(BA54*365),"") -> 0.2164749 | BB8: =BB123*1000/(BB54*365) -> 0.54497737 | BC8: =BC123*1000/(BC54*365) -> 0.36992773 | BE8: SVT | BF8: =IF(BF54,BF123*1000/(BF54*365),"") -> 5.8862458 | BG8: =IF(BG54,BG123*1000/(BG54*365),"") -> 3.3965763 | BH8: =IF(BH54,BH123*1000/(BH54*365),"") -> 1.9327089 | BI8: =IF(BI54,BI123*1000/(BI54*365),"") -> 1.055839 | BJ8: =IF(BJ54,BJ123*1000/(BJ54*365),"") -> 0.79395337 | BK8: =IF(BK54,BK123*1000/(BK54*365),"") -> 0.50876343 | BL8: =IF(BL54,BL123*1000/(BL54*365),"") -> 0.41243464 | BM8: =IF(BM54,BM123*1000/(BM54*365),"") -> 0.27028516 | ... BO8: =IF(BO54,BO123*1000/(BO54*365),"") -> 0.23296871 | BP8: =BP123*1000/(BP54*365) -> 0.49823293 | BQ8: =BQ123*1000/(BQ54*365) -> 0.36309187 | BS8: SVT | BT8: =IF(BT54,BT123*1000/(BT54*365),"") -> 6.0160522 | BU8: =IF(BU54,BU123*1000/(BU54*365),"") -> 3.327796 | BV8: =IF(BV54,BV123*1000/(BV54*365),"") -> 1.9806084 | BW8: =IF(BW54,BW123*1000/(BW54*365),"") -> 1.0748402 | BX8: =IF(BX54,BX123*1000/(BX54*365),"") -> 0.77087169 | BY8: =IF(BY54,BY123*1000/(BY54*365),"") -> 0.47528253 | BZ8: =IF(BZ54,BZ123*1000/(BZ54*365),"") -> 0.4126784 | CA8: =IF(CA54,CA123*1000/(CA54*365),"") -> 0.2984386 | ... CC8: =IF(CC54,CC123*1000/(CC54*365),"") -> 0.1893929 | CD8: =CD123*1000/(CD54*365) -> 0.48985284 | CE8: =CE123*1000/(CE54*365) -> 0.34842024 | CG8: SVT | CH8: =IF(CH54,CH123*1000/(CH54*365),"") -> 5.1407247 | CI8: =IF(CI54,CI123*1000/(CI54*365),"") -> 2.8852748 | CJ8: =IF(CJ54,CJ123*1000/(CJ54*365),"") -> 1.9162159 | CK8: =IF(CK54,CK123*1000/(CK54*365),"") -> 1.0393924 | CL8: =IF(CL54,CL123*1000/(CL54*365),"") -> 0.76037952 | CM8: =IF(CM54,CM123*1000/(CM54*365),"") -> 0.65513637 | CN8: =IF(CN54,CN123*1000/(CN54*365),"") -> 0.25156814 | CO8: =IF(CO54,CO123*1000/(CO54*365),"") -> 0.22170714 | ... CQ8: =IF(CQ54,CQ123*1000/(CQ54*365),"") -> 0.067576576 | CR8: =CR123*1000/(CR54*365) -> 0.48169428 | CS8: =CS123*1000/(CS54*365) -> 0.34241434 | CU8: SVT | CV8: =IF(CV54,CV123*1000/(CV54*365),"") -> 4.8017845 | CW8: =IF(CW54,CW123*1000/(CW54*365),"") -> 2.9178649 | CX8: =IF(CX54,CX123*1000/(CX54*365),"") -> 1.5991707 | CY8: =IF(CY54,CY123*1000/(CY54*365),"") -> 0.95566954 | CZ8: =IF(CZ54,CZ123*1000/(CZ54*365),"") -> 0.71929798 | DA8: =IF(DA54,DA123*1000/(DA54*365),"") -> 0.63916223 | DB8: =IF(DB54,DB123*1000/(DB54*365),"") -> 0.27394307 | DC8: =IF(DC54,DC123*1000/(DC54*365),"") -> 0.18008191 | ... DE8: =IF(DE54,DE123*1000/(DE54*365),"") -> 0.046258805 | DF8: =DF123*1000/(DF54*365) -> 0.45237765 | DG8: =DG123*1000/(DG54*365) -> 0.32534258
A9: SWB | B9: =IF(B55,B124*1000/(B55*365),"") -> 4.8508174 | C9: =IF(C55,C124*1000/(C55*365),"") -> 3.5630538 | D9: =IF(D55,D124*1000/(D55*365),"") -> 1.9931874 | E9: =IF(E55,E124*1000/(E55*365),"") -> 1.2589772 | F9: =IF(F55,F124*1000/(F55*365),"") -> 1.0038014 | G9: =IF(G55,G124*1000/(G55*365),"") -> 0.94979671 | H9: =IF(H55,H124*1000/(H55*365),"") -> 0.21429355 | I9: =IF(I55,I124*1000/(I55*365),"") | ... K9: =IF(K55,K124*1000/(K55*365),"") | L9: =L124*1000/(L55*365) -> 1.0604194 | M9: =M124*1000/(M55*365) -> 0.73970926 | N9: =1-H9/M9 -> 0.71030031 | O9: SWB | P9: =IF(P55,P124*1000/(P55*365),"") -> 4.3272675 | Q9: =IF(Q55,Q124*1000/(Q55*365),"") -> 3.672343 | R9: =IF(R55,R124*1000/(R55*365),"") -> 2.2332581 | S9: =IF(S55,S124*1000/(S55*365),"") -> 1.4299329 | T9: =IF(T55,T124*1000/(T55*365),"") -> 1.1696184 | U9: =IF(U55,U124*1000/(U55*365),"") -> 0.84315306 | V9: =IF(V55,V124*1000/(V55*365),"") -> 0.19266102 | W9: =IF(W55,W124*1000/(W55*365),"") | ... Y9: =IF(Y55,Y124*1000/(Y55*365),"") | Z9: =Z124*1000/(Z55*365) -> 1.0668437 | AA9: =AA124*1000/(AA55*365) -> 0.65722458 | AC9: SWB | AD9: =IF(AD55,AD124*1000/(AD55*365),"") -> 4.1378719 | AE9: =IF(AE55,AE124*1000/(AE55*365),"") -> 3.8100837 | AF9: =IF(AF55,AF124*1000/(AF55*365),"") -> 2.0794751 | AG9: =IF(AG55,AG124*1000/(AG55*365),"") -> 1.3753256 | AH9: =IF(AH55,AH124*1000/(AH55*365),"") -> 1.065076 | AI9: =IF(AI55,AI124*1000/(AI55*365),"") -> 0.61683313 | AJ9: =IF(AJ55,AJ124*1000/(AJ55*365),"") -> 0.50016276 | AK9: =IF(AK55,AK124*1000/(AK55*365),"") | ... AM9: =IF(AM55,AM124*1000/(AM55*365),"") | AN9: =AN124*1000/(AN55*365) -> 0.97983716 | AO9: =AO124*1000/(AO55*365) -> 0.5840355 | AP9: =AO9/AJ9-1 -> 0.1676909 | AQ9: SWB | AR9: =IF(AR55,AR124*1000/(AR55*365),"") -> 4.1033469 | AS9: =IF(AS55,AS124*1000/(AS55*365),"") -> 3.4395875 | AT9: =IF(AT55,AT124*1000/(AT55*365),"") -> 2.042015 | AU9: =IF(AU55,AU124*1000/(AU55*365),"") -> 1.4360919 | AV9: =IF(AV55,AV124*1000/(AV55*365),"") -> 1.0217327 | AW9: =IF(AW55,AW124*1000/(AW55*365),"") -> 0.71745006 | AX9: =IF(AX55,AX124*1000/(AX55*365),"") -> 0.58576338 | AY9: =IF(AY55,AY124*1000/(AY55*365),"") | ... BA9: =IF(BA55,BA124*1000/(BA55*365),"") | BB9: =BB124*1000/(BB55*365) -> 1.0441807 | BC9: =BC124*1000/(BC55*365) -> 0.67961738 | BE9: SWB | BF9: =IF(BF55,BF124*1000/(BF55*365),"") -> 3.3947282 | BG9: =IF(BG55,BG124*1000/(BG55*365),"") -> 3.3031987 | BH9: =IF(BH55,BH124*1000/(BH55*365),"") -> 2.0573626 | BI9: =IF(BI55,BI124*1000/(BI55*365),"") -> 1.3566479 | BJ9: =IF(BJ55,BJ124*1000/(BJ55*365),"") -> 0.98501447 | BK9: =IF(BK55,BK124*1000/(BK55*365),"") -> 0.64265643 | BL9: =IF(BL55,BL124*1000/(BL55*365),"") -> 0.61855243 | BM9: =IF(BM55,BM124*1000/(BM55*365),"") | ... BO9: =IF(BO55,BO124*1000/(BO55*365),"") | BP9: =BP124*1000/(BP55*365) -> 0.99441774 | BQ9: =BQ124*1000/(BQ55*365) -> 0.63547622 | BS9: SWB | BT9: =IF(BT55,BT124*1000/(BT55*365),"") -> 3.2026083 | BU9: =IF(BU55,BU124*1000/(BU55*365),"") -> 2.8464678 | BV9: =IF(BV55,BV124*1000/(BV55*365),"") -> 1.9086625 | BW9: =IF(BW55,BW124*1000/(BW55*365),"") -> 1.319961 | BX9: =IF(BX55,BX124*1000/(BX55*365),"") -> 0.94018946 | BY9: =IF(BY55,BY124*1000/(BY55*365),"") -> 0.80064053 | BZ9: =IF(BZ55,BZ124*1000/(BZ55*365),"") -> 0.5795255 | CA9: =IF(CA55,CA124*1000/(CA55*365),"") | ... CC9: =IF(CC55,CC124*1000/(CC55*365),"") | CD9: =CD124*1000/(CD55*365) -> 1.017635 | CE9: =CE124*1000/(CE55*365) -> 0.73514918 | CG9: SWB | CH9: =IF(CH55,CH124*1000/(CH55*365),"") -> 2.7499994 | CI9: =IF(CI55,CI124*1000/(CI55*365),"") -> 2.4566715 | CJ9: =IF(CJ55,CJ124*1000/(CJ55*365),"") -> 1.7074581 | CK9: =IF(CK55,CK124*1000/(CK55*365),"") -> 1.2237539 | CL9: =IF(CL55,CL124*1000/(CL55*365),"") -> 0.96249096 | CM9: =IF(CM55,CM124*1000/(CM55*365),"") -> 0.72561064 | CN9: =IF(CN55,CN124*1000/(CN55*365),"") -> 0.58344224 | CO9: =IF(CO55,CO124*1000/(CO55*365),"") | ... CQ9: =IF(CQ55,CQ124*1000/(CQ55*365),"") | CR9: =CR124*1000/(CR55*365) -> 0.95773939 | CS9: =CS124*1000/(CS55*365) -> 0.68360762 | CU9: SWB | CV9: =IF(CV55,CV124*1000/(CV55*365),"") -> 2.6672794 | CW9: =IF(CW55,CW124*1000/(CW55*365),"") -> 2.378273 | CX9: =IF(CX55,CX124*1000/(CX55*365),"") -> 1.7395236 | CY9: =IF(CY55,CY124*1000/(CY55*365),"") -> 1.1277597 | CZ9: =IF(CZ55,CZ124*1000/(CZ55*365),"") -> 0.87994553 | DA9: =IF(DA55,DA124*1000/(DA55*365),"") -> 0.72938162 | DB9: =IF(DB55,DB124*1000/(DB55*365),"") -> 0.52996675 | DC9: =IF(DC55,DC124*1000/(DC55*365),"") | ... DE9: =IF(DE55,DE124*1000/(DE55*365),"") | DF9: =DF124*1000/(DF55*365) -> 0.91594328 | DG9: =DG124*1000/(DG55*365) -> 0.67212748
A10: TMS | B10: =IF(B56,B125*1000/(B56*365),"") -> 5.5790294 | C10: =IF(C56,C125*1000/(C56*365),"") -> 4.1210665 | D10: =IF(D56,D125*1000/(D56*365),"") -> 1.9931922 | E10: =IF(E56,E125*1000/(E56*365),"") -> 1.1653193 | F10: =IF(F56,F125*1000/(F56*365),"") -> 0.82589656 | G10: =IF(G56,G125*1000/(G56*365),"") -> 0.90879507 | H10: =IF(H56,H125*1000/(H56*365),"") -> 0.88677831 | I10: =IF(I56,I125*1000/(I56*365),"") -> 0.52399419 | ... K10: =IF(K56,K125*1000/(K56*365),"") -> 0.48038582 | L10: =L125*1000/(L56*365) -> 0.59250674 | M10: =M125*1000/(M56*365) -> 0.55746838 | N10: =1-K10/M10 -> 0.13827253 | O10: TMS | P10: =IF(P56,P125*1000/(P56*365),"") -> 5.463381 | Q10: =IF(Q56,Q125*1000/(Q56*365),"") -> 3.5987135 | R10: =IF(R56,R125*1000/(R56*365),"") -> 2.1094031 | S10: =IF(S56,S125*1000/(S56*365),"") -> 1.1351622 | T10: =IF(T56,T125*1000/(T56*365),"") -> 0.98077 | U10: =IF(U56,U125*1000/(U56*365),"") -> 0.69460887 | V10: =IF(V56,V125*1000/(V56*365),"") -> 0.67161224 | W10: =IF(W56,W125*1000/(W56*365),"") -> 0.37922968 | ... Y10: =IF(Y56,Y125*1000/(Y56*365),"") -> 0.35884011 | Z10: =Z125*1000/(Z56*365) -> 0.48854044 | AA10: =AA125*1000/(AA56*365) -> 0.44290018 | AC10: TMS | AD10: =IF(AD56,AD125*1000/(AD56*365),"") -> 8.2082343 | AE10: =IF(AE56,AE125*1000/(AE56*365),"") -> 4.2203592 | AF10: =IF(AF56,AF125*1000/(AF56*365),"") -> 2.1276666 | AG10: =IF(AG56,AG125*1000/(AG56*365),"") -> 1.1633683 | AH10: =IF(AH56,AH125*1000/(AH56*365),"") -> 0.86819793 | AI10: =IF(AI56,AI125*1000/(AI56*365),"") -> 0.77831453 | AJ10: =IF(AJ56,AJ125*1000/(AJ56*365),"") -> 0.72506457 | AK10: =IF(AK56,AK125*1000/(AK56*365),"") -> 0.44090162 | ... AM10: =IF(AM56,AM125*1000/(AM56*365),"") -> 0.32574091 | AN10: =AN125*1000/(AN56*365) -> 0.48432594 | AO10: =AO125*1000/(AO56*365) -> 0.43857384 | AP10: =AO10/AM10-1 -> 0.34638858 | AQ10: TMS | AR10: =IF(AR56,AR125*1000/(AR56*365),"") -> 8.396412 | AS10: =IF(AS56,AS125*1000/(AS56*365),"") -> 4.1642433 | AT10: =IF(AT56,AT125*1000/(AT56*365),"") -> 1.9067435 | AU10: =IF(AU56,AU125*1000/(AU56*365),"") -> 1.2312674 | AV10: =IF(AV56,AV125*1000/(AV56*365),"") -> 0.91525291 | AW10: =IF(AW56,AW125*1000/(AW56*365),"") -> 0.90168851 | AX10: =IF(AX56,AX125*1000/(AX56*365),"") -> 0.72108133 | AY10: =IF(AY56,AY125*1000/(AY56*365),"") -> 0.45119308 | ... BA10: =IF(BA56,BA125*1000/(BA56*365),"") -> 0.35250376 | BB10: =BB125*1000/(BB56*365) -> 0.52138752 | BC10: =BC125*1000/(BC56*365) -> 0.47619989 | BE10: TMS | BF10: =IF(BF56,BF125*1000/(BF56*365),"") -> 4.3662155 | BG10: =IF(BG56,BG125*1000/(BG56*365),"") -> 2.2171124 | BH10: =IF(BH56,BH125*1000/(BH56*365),"") -> 1.4458482 | BI10: =IF(BI56,BI125*1000/(BI56*365),"") -> 1.0669242 | BJ10: =IF(BJ56,BJ125*1000/(BJ56*365),"") -> 0.9135767 | BK10: =IF(BK56,BK125*1000/(BK56*365),"") -> 0.81603598 | BL10: =IF(BL56,BL125*1000/(BL56*365),"") -> 0.73033207 | BM10: =IF(BM56,BM125*1000/(BM56*365),"") -> 0.47093425 | ... BO10: =IF(BO56,BO125*1000/(BO56*365),"") -> 0.32235655 | BP10: =BP125*1000/(BP56*365) -> 0.49015465 | BQ10: =BQ125*1000/(BQ56*365) -> 0.45427889 | BS10: TMS | BT10: =IF(BT56,BT125*1000/(BT56*365),"") -> 3.6393128 | BU10: =IF(BU56,BU125*1000/(BU56*365),"") -> 2.1844284 | BV10: =IF(BV56,BV125*1000/(BV56*365),"") -> 1.5060273 | BW10: =IF(BW56,BW125*1000/(BW56*365),"") -> 0.95767756 | BX10: =IF(BX56,BX125*1000/(BX56*365),"") -> 0.74465925 | BY10: =IF(BY56,BY125*1000/(BY56*365),"") -> 0.86888682 | BZ10: =IF(BZ56,BZ125*1000/(BZ56*365),"") -> 0.7339087 | CA10: =IF(CA56,CA125*1000/(CA56*365),"") -> 0.47744965 | ... CC10: =IF(CC56,CC125*1000/(CC56*365),"") -> 0.31026905 | CD10: =CD125*1000/(CD56*365) -> 0.49064994 | CE10: =CE125*1000/(CE56*365) -> 0.46212732 | CG10: TMS | CH10: =IF(CH56,CH125*1000/(CH56*365),"") -> 2.4526842 | CI10: =IF(CI56,CI125*1000/(CI56*365),"") -> 2.2594389 | CJ10: =IF(CJ56,CJ125*1000/(CJ56*365),"") -> 0.9603678 | CK10: =IF(CK56,CK125*1000/(CK56*365),"") -> 0.64978907 | CL10: =IF(CL56,CL125*1000/(CL56*365),"") -> 0.45339102 | CM10: =IF(CM56,CM125*1000/(CM56*365),"") -> 1.0416138 | CN10: =IF(CN56,CN125*1000/(CN56*365),"") -> 0.46339157 | CO10: =IF(CO56,CO125*1000/(CO56*365),"") -> 0.3524355 | ... CQ10: =IF(CQ56,CQ125*1000/(CQ56*365),"") -> 0.18044665 | CR10: =CR125*1000/(CR56*365) -> 0.36068893 | CS10: =CS125*1000/(CS56*365) -> 0.3430167 | CU10: TMS | CV10: =IF(CV56,CV125*1000/(CV56*365),"") -> 2.3872187 | CW10: =IF(CW56,CW125*1000/(CW56*365),"") -> 1.32586 | CX10: =IF(CX56,CX125*1000/(CX56*365),"") -> 0.95019947 | CY10: =IF(CY56,CY125*1000/(CY56*365),"") -> 0.52950893 | CZ10: =IF(CZ56,CZ125*1000/(CZ56*365),"") -> 0.43128394 | DA10: =IF(DA56,DA125*1000/(DA56*365),"") -> 0.57901142 | DB10: =IF(DB56,DB125*1000/(DB56*365),"") -> 0.37568742 | DC10: =IF(DC56,DC125*1000/(DC56*365),"") -> 0.29766584 | ... DE10: =IF(DE56,DE125*1000/(DE56*365),"") -> 0.19712552 | DF10: =DF125*1000/(DF56*365) -> 0.29577914 | DG10: =DG125*1000/(DG56*365) -> 0.279585
A11: WSH | B11: =IF(B57,B126*1000/(B57*365),"") -> 5.6883422 | C11: =IF(C57,C126*1000/(C57*365),"") -> 3.4876973 | D11: =IF(D57,D126*1000/(D57*365),"") -> 1.6134223 | E11: =IF(E57,E126*1000/(E57*365),"") -> 1.1317793 | F11: =IF(F57,F126*1000/(F57*365),"") -> 0.81115924 | G11: =IF(G57,G126*1000/(G57*365),"") -> 0.60893876 | H11: =IF(H57,H126*1000/(H57*365),"") -> 0.64741436 | I11: =IF(I57,I126*1000/(I57*365),"") -> 0.13495148 | ... K11: =IF(K57,K126*1000/(K57*365),"") | L11: =L126*1000/(L57*365) -> 0.72160158 | M11: =M126*1000/(M57*365) -> 0.50033905 | N11: =1-J11/M11 -> 0.24332085 | O11: WSH | P11: =IF(P57,P126*1000/(P57*365),"") -> 8.3097389 | Q11: =IF(Q57,Q126*1000/(Q57*365),"") -> 2.7597793 | R11: =IF(R57,R126*1000/(R57*365),"") -> 1.9579703 | S11: =IF(S57,S126*1000/(S57*365),"") -> 1.3195213 | T11: =IF(T57,T126*1000/(T57*365),"") -> 0.87784412 | U11: =IF(U57,U126*1000/(U57*365),"") -> 0.47005037 | V11: =IF(V57,V126*1000/(V57*365),"") -> 0.52465934 | W11: =IF(W57,W126*1000/(W57*365),"") -> 0.12695818 | ... Y11: =IF(Y57,Y126*1000/(Y57*365),"") | Z11: =Z126*1000/(Z57*365) -> 0.68584251 | AA11: =AA126*1000/(AA57*365) -> 0.40073436 | AC11: WSH | AD11: =IF(AD57,AD126*1000/(AD57*365),"") -> 4.3368843 | AE11: =IF(AE57,AE126*1000/(AE57*365),"") -> 3.639848 | AF11: =IF(AF57,AF126*1000/(AF57*365),"") -> 1.6497672 | AG11: =IF(AG57,AG126*1000/(AG57*365),"") -> 1.0972309 | AH11: =IF(AH57,AH126*1000/(AH57*365),"") -> 0.78408638 | AI11: =IF(AI57,AI126*1000/(AI57*365),"") -> 0.4482864 | AJ11: =IF(AJ57,AJ126*1000/(AJ57*365),"") -> 0.49501867 | AK11: =IF(AK57,AK126*1000/(AK57*365),"") -> 0.19502798 | ... AM11: =IF(AM57,AM126*1000/(AM57*365),"") | AN11: =AN126*1000/(AN57*365) -> 0.61460998 | AO11: =AO126*1000/(AO57*365) -> 0.37066314 | AP11: =AO11/AL11-1 -> 0.5719167 | AQ11: WSH | AR11: =IF(AR57,AR126*1000/(AR57*365),"") -> 4.8875702 | AS11: =IF(AS57,AS126*1000/(AS57*365),"") -> 2.4489172 | AT11: =IF(AT57,AT126*1000/(AT57*365),"") -> 1.6525598 | AU11: =IF(AU57,AU126*1000/(AU57*365),"") -> 1.1108208 | AV11: =IF(AV57,AV126*1000/(AV57*365),"") -> 0.77103888 | AW11: =IF(AW57,AW126*1000/(AW57*365),"") -> 0.61250086 | AX11: =IF(AX57,AX126*1000/(AX57*365),"") -> 0.47994617 | AY11: =IF(AY57,AY126*1000/(AY57*365),"") -> 0.17622358 | ... BA11: =IF(BA57,BA126*1000/(BA57*365),"") | BB11: =BB126*1000/(BB57*365) -> 0.62796158 | BC11: =BC126*1000/(BC57*365) -> 0.41442294 | BE11: WSH | BF11: =IF(BF57,BF126*1000/(BF57*365),"") -> 4.3855724 | BG11: =IF(BG57,BG126*1000/(BG57*365),"") -> 2.3047135 | BH11: =IF(BH57,BH126*1000/(BH57*365),"") -> 1.5377915 | BI11: =IF(BI57,BI126*1000/(BI57*365),"") -> 1.0881169 | BJ11: =IF(BJ57,BJ126*1000/(BJ57*365),"") -> 0.83102986 | BK11: =IF(BK57,BK126*1000/(BK57*365),"") -> 0.52811394 | BL11: =IF(BL57,BL126*1000/(BL57*365),"") -> 0.56583589 | BM11: =IF(BM57,BM126*1000/(BM57*365),"") -> 0.1968535 | ... BO11: =IF(BO57,BO126*1000/(BO57*365),"") | BP11: =BP126*1000/(BP57*365) -> 0.63129988 | BQ11: =BQ126*1000/(BQ57*365) -> 0.41981866 | BS11: WSH | BT11: =IF(BT57,BT126*1000/(BT57*365),"") -> 4.3681488 | BU11: =IF(BU57,BU126*1000/(BU57*365),"") -> 2.0858299 | BV11: =IF(BV57,BV126*1000/(BV57*365),"") -> 1.3474992 | BW11: =IF(BW57,BW126*1000/(BW57*365),"") -> 0.9870576 | BX11: =IF(BX57,BX126*1000/(BX57*365),"") -> 0.73510163 | BY11: =IF(BY57,BY126*1000/(BY57*365),"") -> 0.49334272 | BZ11: =IF(BZ57,BZ126*1000/(BZ57*365),"") -> 0.54328469 | CA11: =IF(CA57,CA126*1000/(CA57*365),"") -> 0.23939968 | ... CC11: =IF(CC57,CC126*1000/(CC57*365),"") | CD11: =CD126*1000/(CD57*365) -> 0.60359983 | CE11: =CE126*1000/(CE57*365) -> 0.41644674 | CG11: WSH | CH11: =IF(CH57,CH126*1000/(CH57*365),"") -> 3.4460824 | CI11: =IF(CI57,CI126*1000/(CI57*365),"") -> 2.4242851 | CJ11: =IF(CJ57,CJ126*1000/(CJ57*365),"") -> 1.4890538 | CK11: =IF(CK57,CK126*1000/(CK57*365),"") -> 0.95614324 | CL11: =IF(CL57,CL126*1000/(CL57*365),"") -> 0.9076891 | CM11: =IF(CM57,CM126*1000/(CM57*365),"") -> 0.85248707 | CN11: =IF(CN57,CN126*1000/(CN57*365),"") -> 0.36820955 | CO11: =IF(CO57,CO126*1000/(CO57*365),"") -> 0.273306 | ... CQ11: =IF(CQ57,CQ126*1000/(CQ57*365),"") | CR11: =CR126*1000/(CR57*365) -> 0.66451468 | CS11: =CS126*1000/(CS57*365) -> 0.44486504 | CU11: WSH | CV11: =IF(CV57,CV126*1000/(CV57*365),"") -> 4.2731576 | CW11: =IF(CW57,CW126*1000/(CW57*365),"") -> 2.1398873 | CX11: =IF(CX57,CX126*1000/(CX57*365),"") -> 1.4370743 | CY11: =IF(CY57,CY126*1000/(CY57*365),"") -> 0.97767683 | CZ11: =IF(CZ57,CZ126*1000/(CZ57*365),"") -> 0.85373955 | DA11: =IF(DA57,DA126*1000/(DA57*365),"") -> 0.8395389 | DB11: =IF(DB57,DB126*1000/(DB57*365),"") -> 0.29538381 | DC11: =IF(DC57,DC126*1000/(DC57*365),"") -> 0.23581441 | ... DE11: =IF(DE57,DE126*1000/(DE57*365),"") | DF11: =DF126*1000/(DF57*365) -> 0.61056248 | DG11: =DG126*1000/(DG57*365) -> 0.40065585
A12: WSX | B12: =IF(B58,B127*1000/(B58*365),"") -> 7.2467515 | C12: =IF(C58,C127*1000/(C58*365),"") -> 3.1834899 | D12: =IF(D58,D127*1000/(D58*365),"") -> 1.9695437 | E12: =IF(E58,E127*1000/(E58*365),"") -> 1.1984991 | F12: =IF(F58,F127*1000/(F58*365),"") -> 0.90245374 | G12: =IF(G58,G127*1000/(G58*365),"") -> 0.79054475 | H12: =IF(H58,H127*1000/(H58*365),"") -> 0.62379141 | I12: =IF(I58,I127*1000/(I58*365),"") | ... K12: =IF(K58,K127*1000/(K58*365),"") | L12: =L127*1000/(L58*365) -> 0.7658064 | M12: =M127*1000/(M58*365) -> 0.59313558 | N12: =1-J12/M12 -> 0.5103931 | O12: WSX | P12: =IF(P58,P127*1000/(P58*365),"") -> 6.6013943 | Q12: =IF(Q58,Q127*1000/(Q58*365),"") -> 4.2436726 | R12: =IF(R58,R127*1000/(R58*365),"") -> 2.2394854 | S12: =IF(S58,S127*1000/(S58*365),"") -> 1.2952967 | T12: =IF(T58,T127*1000/(T58*365),"") -> 1.0789184 | U12: =IF(U58,U127*1000/(U58*365),"") -> 0.82384164 | V12: =IF(V58,V127*1000/(V58*365),"") -> 0.55219571 | W12: =IF(W58,W127*1000/(W58*365),"") | ... Y12: =IF(Y58,Y127*1000/(Y58*365),"") | Z12: =Z127*1000/(Z58*365) -> 0.8208052 | AA12: =AA127*1000/(AA58*365) -> 0.60714813 | AC12: WSX | AD12: =IF(AD58,AD127*1000/(AD58*365),"") -> 7.1324556 | AE12: =IF(AE58,AE127*1000/(AE58*365),"") -> 3.5840745 | AF12: =IF(AF58,AF127*1000/(AF58*365),"") -> 2.0775863 | AG12: =IF(AG58,AG127*1000/(AG58*365),"") -> 1.2282341 | AH12: =IF(AH58,AH127*1000/(AH58*365),"") -> 1.0289142 | AI12: =IF(AI58,AI127*1000/(AI58*365),"") -> 0.74469045 | AJ12: =IF(AJ58,AJ127*1000/(AJ58*365),"") -> 0.66608774 | AK12: =IF(AK58,AK127*1000/(AK58*365),"") | ... AM12: =IF(AM58,AM127*1000/(AM58*365),"") | AN12: =AN127*1000/(AN58*365) -> 0.80303035 | AO12: =AO127*1000/(AO58*365) -> 0.60600039 | AP12: =AO12/AL12-1 -> 0.72389319 | AQ12: WSX | AR12: =IF(AR58,AR127*1000/(AR58*365),"") -> 7.2325397 | AS12: =IF(AS58,AS127*1000/(AS58*365),"") -> 3.6961671 | AT12: =IF(AT58,AT127*1000/(AT58*365),"") -> 2.0781707 | AU12: =IF(AU58,AU127*1000/(AU58*365),"") -> 1.1759418 | AV12: =IF(AV58,AV127*1000/(AV58*365),"") -> 0.99507582 | AW12: =IF(AW58,AW127*1000/(AW58*365),"") -> 0.79464489 | AX12: =IF(AX58,AX127*1000/(AX58*365),"") -> 0.67256198 | AY12: =IF(AY58,AY127*1000/(AY58*365),"") | ... BA12: =IF(BA58,BA127*1000/(BA58*365),"") | BB12: =BB127*1000/(BB58*365) -> 0.85593187 | BC12: =BC127*1000/(BC58*365) -> 0.68108656 | BE12: WSX | BF12: =IF(BF58,BF127*1000/(BF58*365),"") -> 7.2751024 | BG12: =IF(BG58,BG127*1000/(BG58*365),"") -> 3.8480135 | BH12: =IF(BH58,BH127*1000/(BH58*365),"") -> 2.0117533 | BI12: =IF(BI58,BI127*1000/(BI58*365),"") -> 1.0801302 | BJ12: =IF(BJ58,BJ127*1000/(BJ58*365),"") -> 0.99152284 | BK12: =IF(BK58,BK127*1000/(BK58*365),"") -> 0.76133128 | BL12: =IF(BL58,BL127*1000/(BL58*365),"") -> 0.68888855 | BM12: =IF(BM58,BM127*1000/(BM58*365),"") | ... BO12: =IF(BO58,BO127*1000/(BO58*365),"") | BP12: =BP127*1000/(BP58*365) -> 0.84234922 | BQ12: =BQ127*1000/(BQ58*365) -> 0.66474824 | BS12: WSX | BT12: =IF(BT58,BT127*1000/(BT58*365),"") -> 6.6186301 | BU12: =IF(BU58,BU127*1000/(BU58*365),"") -> 3.8080201 | BV12: =IF(BV58,BV127*1000/(BV58*365),"") -> 2.053224 | BW12: =IF(BW58,BW127*1000/(BW58*365),"") -> 1.066088 | BX12: =IF(BX58,BX127*1000/(BX58*365),"") -> 1.0102332 | BY12: =IF(BY58,BY127*1000/(BY58*365),"") -> 0.92340416 | BZ12: =IF(BZ58,BZ127*1000/(BZ58*365),"") -> 0.72471042 | CA12: =IF(CA58,CA127*1000/(CA58*365),"") | ... CC12: =IF(CC58,CC127*1000/(CC58*365),"") | CD12: =CD127*1000/(CD58*365) -> 0.84268872 | CE12: =CE127*1000/(CE58*365) -> 0.67331829 | CG12: WSX | CH12: =IF(CH58,CH127*1000/(CH58*365),"") -> 5.8969286 | CI12: =IF(CI58,CI127*1000/(CI58*365),"") -> 2.6874069 | CJ12: =IF(CJ58,CJ127*1000/(CJ58*365),"") -> 1.8387709 | CK12: =IF(CK58,CK127*1000/(CK58*365),"") -> 0.97942785 | CL12: =IF(CL58,CL127*1000/(CL58*365),"") -> 0.86521361 | CM12: =IF(CM58,CM127*1000/(CM58*365),"") -> 1.3220422 | CN12: =IF(CN58,CN127*1000/(CN58*365),"") -> 0.52843504 | CO12: =IF(CO58,CO127*1000/(CO58*365),"") | ... CQ12: =IF(CQ58,CQ127*1000/(CQ58*365),"") | CR12: =CR127*1000/(CR58*365) -> 0.83125155 | CS12: =CS127*1000/(CS58*365) -> 0.71028989 | CU12: WSX | CV12: =IF(CV58,CV127*1000/(CV58*365),"") -> 5.9689507 | CW12: =IF(CW58,CW127*1000/(CW58*365),"") -> 3.4062823 | CX12: =IF(CX58,CX127*1000/(CX58*365),"") -> 1.8678174 | CY12: =IF(CY58,CY127*1000/(CY58*365),"") -> 1.0189428 | CZ12: =IF(CZ58,CZ127*1000/(CZ58*365),"") -> 0.87690172 | DA12: =IF(DA58,DA127*1000/(DA58*365),"") -> 1.297515 | DB12: =IF(DB58,DB127*1000/(DB58*365),"") -> 0.50964796 | DC12: =IF(DC58,DC127*1000/(DC58*365),"") | ... DE12: =IF(DE58,DE127*1000/(DE58*365),"") | DF12: =DF127*1000/(DF58*365) -> 0.8274013 | DG12: =DG127*1000/(DG58*365) -> 0.69232711
A13: YKY | B13: =IF(B59,B128*1000/(B59*365),"") -> 3.4936326 | C13: =IF(C59,C128*1000/(C59*365),"") -> 2.3716725 | D13: =IF(D59,D128*1000/(D59*365),"") -> 1.6647847 | E13: =IF(E59,E128*1000/(E59*365),"") -> 0.74307213 | F13: =IF(F59,F128*1000/(F59*365),"") -> 0.61212299 | G13: =IF(G59,G128*1000/(G59*365),"") -> 0.99189486 | H13: =IF(H59,H128*1000/(H59*365),"") -> 0.21428672 | I13: =IF(I59,I128*1000/(I59*365),"") -> 0.5018114 | ... K13: =IF(K59,K128*1000/(K59*365),"") | L13: =L128*1000/(L59*365) -> 0.6331372 | M13: =M128*1000/(M59*365) -> 0.58448699 | N13: =1-J13/M13 -> 0.17156962 | O13: YKY | P13: =IF(P59,P128*1000/(P59*365),"") -> 4.3865322 | Q13: =IF(Q59,Q128*1000/(Q59*365),"") -> 2.7363702 | R13: =IF(R59,R128*1000/(R59*365),"") -> 2.1247669 | S13: =IF(S59,S128*1000/(S59*365),"") -> 0.71710426 | T13: =IF(T59,T128*1000/(T59*365),"") -> 0.67994229 | U13: =IF(U59,U128*1000/(U59*365),"") -> 0.63704525 | V13: =IF(V59,V128*1000/(V59*365),"") -> 0.38947368 | W13: =IF(W59,W128*1000/(W59*365),"") -> 0.57145374 | ... Y13: =IF(Y59,Y128*1000/(Y59*365),"") | Z13: =Z128*1000/(Z59*365) -> 0.59666464 | AA13: =AA128*1000/(AA59*365) -> 0.50908579 | AC13: YKY | AD13: =IF(AD59,AD128*1000/(AD59*365),"") -> 5.0690399 | AE13: =IF(AE59,AE128*1000/(AE59*365),"") -> 2.5474115 | AF13: =IF(AF59,AF128*1000/(AF59*365),"") -> 1.6277819 | AG13: =IF(AG59,AG128*1000/(AG59*365),"") -> 0.73118652 | AH13: =IF(AH59,AH128*1000/(AH59*365),"") -> 0.61567933 | AI13: =IF(AI59,AI128*1000/(AI59*365),"") -> 0.65379957 | AJ13: =IF(AJ59,AJ128*1000/(AJ59*365),"") -> 0.36518971 | AK13: =IF(AK59,AK128*1000/(AK59*365),"") -> 0.58822073 | ... AM13: =IF(AM59,AM128*1000/(AM59*365),"") | AN13: =AN128*1000/(AN59*365) -> 0.59787872 | AO13: =AO128*1000/(AO59*365) -> 0.52801816 | AP13: =AO13/AL13-1 -> 0.27377758 | AQ13: YKY | AR13: =IF(AR59,AR128*1000/(AR59*365),"") -> 4.8463845 | AS13: =IF(AS59,AS128*1000/(AS59*365),"") -> 3.7115172 | AT13: =IF(AT59,AT128*1000/(AT59*365),"") -> 2.3100013 | AU13: =IF(AU59,AU128*1000/(AU59*365),"") -> 0.90200005 | AV13: =IF(AV59,AV128*1000/(AV59*365),"") -> 0.68171053 | AW13: =IF(AW59,AW128*1000/(AW59*365),"") -> 0.79966658 | AX13: =IF(AX59,AX128*1000/(AX59*365),"") -> 0.34461002 | AY13: =IF(AY59,AY128*1000/(AY59*365),"") -> 0.54146513 | ... BA13: =IF(BA59,BA128*1000/(BA59*365),"") | BB13: =BB128*1000/(BB59*365) -> 0.65968415 | BC13: =BC128*1000/(BC59*365) -> 0.56022869 | BE13: YKY | BF13: =IF(BF59,BF128*1000/(BF59*365),"") -> 5.5393712 | BG13: =IF(BG59,BG128*1000/(BG59*365),"") -> 2.6422821 | BH13: =IF(BH59,BH128*1000/(BH59*365),"") -> 2.5772981 | BI13: =IF(BI59,BI128*1000/(BI59*365),"") -> 0.61013463 | BJ13: =IF(BJ59,BJ128*1000/(BJ59*365),"") -> 0.68504774 | BK13: =IF(BK59,BK128*1000/(BK59*365),"") -> 0.60002275 | BL13: =IF(BL59,BL128*1000/(BL59*365),"") -> 0.29513506 | BM13: =IF(BM59,BM128*1000/(BM59*365),"") -> 0.52499471 | ... BO13: =IF(BO59,BO128*1000/(BO59*365),"") | BP13: =BP128*1000/(BP59*365) -> 0.56055174 | BQ13: =BQ128*1000/(BQ59*365) -> 0.46056305 | BS13: YKY | BT13: =IF(BT59,BT128*1000/(BT59*365),"") -> 1.2808085 | BU13: =IF(BU59,BU128*1000/(BU59*365),"") -> 1.275264 | BV13: =IF(BV59,BV128*1000/(BV59*365),"") -> 1.3604998 | BW13: =IF(BW59,BW128*1000/(BW59*365),"") -> 1.1277992 | BX13: =IF(BX59,BX128*1000/(BX59*365),"") -> 0.9279385 | BY13: =IF(BY59,BY128*1000/(BY59*365),"") -> 0.82853112 | BZ13: =IF(BZ59,BZ128*1000/(BZ59*365),"") -> 0.60840944 | CA13: =IF(CA59,CA128*1000/(CA59*365),"") -> 0.64375093 | ... CC13: =IF(CC59,CC128*1000/(CC59*365),"") | CD13: =CD128*1000/(CD59*365) -> 0.7557449 | CE13: =CE128*1000/(CE59*365) -> 0.68677033 | CG13: YKY | CH13: =IF(CH59,CH128*1000/(CH59*365),"") -> 1.196416 | CI13: =IF(CI59,CI128*1000/(CI59*365),"") -> 1.2031745 | CJ13: =IF(CJ59,CJ128*1000/(CJ59*365),"") -> 1.1966365 | CK13: =IF(CK59,CK128*1000/(CK59*365),"") -> 1.0909394 | CL13: =IF(CL59,CL128*1000/(CL59*365),"") -> 0.86730458 | CM13: =IF(CM59,CM128*1000/(CM59*365),"") -> 1.7863495 | CN13: =IF(CN59,CN128*1000/(CN59*365),"") -> 0.31295403 | CO13: =IF(CO59,CO128*1000/(CO59*365),"") -> 0.1098494 | ... CQ13: =IF(CQ59,CQ128*1000/(CQ59*365),"") | CR13: =CR128*1000/(CR59*365) -> 0.70312309 | CS13: =CS128*1000/(CS59*365) -> 0.63528571 | CU13: YKY | CV13: =IF(CV59,CV128*1000/(CV59*365),"") -> 1.1127901 | CW13: =IF(CW59,CW128*1000/(CW59*365),"") -> 1.1153737 | CX13: =IF(CX59,CX128*1000/(CX59*365),"") -> 1.1097782 | CY13: =IF(CY59,CY128*1000/(CY59*365),"") -> 0.99968379 | CZ13: =IF(CZ59,CZ128*1000/(CZ59*365),"") -> 0.74855774 | DA13: =IF(DA59,DA128*1000/(DA59*365),"") -> 1.5693152 | DB13: =IF(DB59,DB128*1000/(DB59*365),"") -> 0.26296188 | DC13: =IF(DC59,DC128*1000/(DC59*365),"") -> 0.061607596 | ... DE13: =IF(DE59,DE128*1000/(DE59*365),"") | DF13: =DF128*1000/(DF59*365) -> 0.62278248 | DG13: =DG128*1000/(DG59*365) -> 0.56199562
A14: Total | B14: =IF(B60,B129*1000/(B60*365),"") -> 6.5664286 | C14: =IF(C60,C129*1000/(C60*365),"") -> 3.2992937 | D14: =IF(D60,D129*1000/(D60*365),"") -> 1.9482737 | E14: =IF(E60,E129*1000/(E60*365),"") -> 1.163005 | F14: =IF(F60,F129*1000/(F60*365),"") -> 0.8404005 | G14: =IF(G60,G129*1000/(G60*365),"") -> 0.74680454 | H14: =IF(H60,H129*1000/(H60*365),"") -> 0.51806959 | I14: =IF(I60,I129*1000/(I60*365),"") -> 0.39881514 | ... K14: =IF(K60,K129*1000/(K60*365),"") -> 0.41754761 | L14: =L129*1000/(L60*365) -> 0.65943563 | M14: =M129*1000/(M60*365) -> 0.53306344 | O14: Total | P14: =IF(P60,P129*1000/(P60*365),"") -> 5.8807472 | Q14: =IF(Q60,Q129*1000/(Q60*365),"") -> 3.3865407 | R14: =IF(R60,R129*1000/(R60*365),"") -> 2.190718 | S14: =IF(S60,S129*1000/(S60*365),"") -> 1.193421 | T14: =IF(T60,T129*1000/(T60*365),"") -> 0.90331101 | U14: =IF(U60,U129*1000/(U60*365),"") -> 0.58229388 | V14: =IF(V60,V129*1000/(V60*365),"") -> 0.49118236 | W14: =IF(W60,W129*1000/(W60*365),"") -> 0.41751467 | ... Y14: =IF(Y60,Y129*1000/(Y60*365),"") -> 0.32768429 | Z14: =Z129*1000/(Z60*365) -> 0.60614464 | AA14: =AA129*1000/(AA60*365) -> 0.45680441 | AC14: Total | AD14: =IF(AD60,AD129*1000/(AD60*365),"") -> 5.677137 | AE14: =IF(AE60,AE129*1000/(AE60*365),"") -> 3.5064351 | AF14: =IF(AF60,AF129*1000/(AF60*365),"") -> 1.9816064 | AG14: =IF(AG60,AG129*1000/(AG60*365),"") -> 1.1473435 | AH14: =IF(AH60,AH129*1000/(AH60*365),"") -> 0.82382396 | AI14: =IF(AI60,AI129*1000/(AI60*365),"") -> 0.60025033 | AJ14: =IF(AJ60,AJ129*1000/(AJ60*365),"") -> 0.50581416 | AK14: =IF(AK60,AK129*1000/(AK60*365),"") -> 0.40011116 | ... AM14: =IF(AM60,AM129*1000/(AM60*365),"") -> 0.3005715 | AN14: =AN129*1000/(AN60*365) -> 0.58837858 | AO14: =AO129*1000/(AO60*365) -> 0.4525952 | AQ14: Total | AR14: =IF(AR60,AR129*1000/(AR60*365),"") -> 5.6958123 | AS14: =IF(AS60,AS129*1000/(AS60*365),"") -> 3.4513143 | AT14: =IF(AT60,AT129*1000/(AT60*365),"") -> 2.0760591 | AU14: =IF(AU60,AU129*1000/(AU60*365),"") -> 1.1671726 | AV14: =IF(AV60,AV129*1000/(AV60*365),"") -> 0.817059 | AW14: =IF(AW60,AW129*1000/(AW60*365),"") -> 0.66506707 | AX14: =IF(AX60,AX129*1000/(AX60*365),"") -> 0.49514861 | AY14: =IF(AY60,AY129*1000/(AY60*365),"") -> 0.41884841 | ... BA14: =IF(BA60,BA129*1000/(BA60*365),"") -> 0.31259163 | BB14: =BB129*1000/(BB60*365) -> 0.61446156 | BC14: =BC129*1000/(BC60*365) -> 0.48081897 | BE14: Total | BF14: =IF(BF60,BF129*1000/(BF60*365),"") -> 5.1502267 | BG14: =IF(BG60,BG129*1000/(BG60*365),"") -> 3.0462066 | BH14: =IF(BH60,BH129*1000/(BH60*365),"") -> 1.8946187 | BI14: =IF(BI60,BI129*1000/(BI60*365),"") -> 1.0068245 | BJ14: =IF(BJ60,BJ129*1000/(BJ60*365),"") -> 0.80275124 | BK14: =IF(BK60,BK129*1000/(BK60*365),"") -> 0.60402464 | BL14: =IF(BL60,BL129*1000/(BL60*365),"") -> 0.52282615 | BM14: =IF(BM60,BM129*1000/(BM60*365),"") -> 0.41714923 | ... BO14: =IF(BO60,BO129*1000/(BO60*365),"") -> 0.31239047 | BP14: =BP129*1000/(BP60*365) -> 0.58277099 | BQ14: =BQ129*1000/(BQ60*365) -> 0.46404827 | BS14: Total | BT14: =IF(BT60,BT129*1000/(BT60*365),"") -> 4.5267698 | BU14: =IF(BU60,BU129*1000/(BU60*365),"") -> 2.7392172 | BV14: =IF(BV60,BV129*1000/(BV60*365),"") -> 1.7886734 | BW14: =IF(BW60,BW129*1000/(BW60*365),"") -> 1.0747144 | BX14: =IF(BX60,BX129*1000/(BX60*365),"") -> 0.82062335 | BY14: =IF(BY60,BY129*1000/(BY60*365),"") -> 0.65522397 | BZ14: =IF(BZ60,BZ129*1000/(BZ60*365),"") -> 0.56228799 | CA14: =IF(CA60,CA129*1000/(CA60*365),"") -> 0.44092422 | ... CC14: =IF(CC60,CC129*1000/(CC60*365),"") -> 0.30296033 | CD14: =CD129*1000/(CD60*365) -> 0.61094025 | CE14: =CE129*1000/(CE60*365) -> 0.49743375 | CG14: Total | CH14: =IF(CH60,CH129*1000/(CH60*365),"") -> 3.8666508 | CI14: =IF(CI60,CI129*1000/(CI60*365),"") -> 2.5441933 | CJ14: =IF(CJ60,CJ129*1000/(CJ60*365),"") -> 1.6394917 | CK14: =IF(CK60,CK129*1000/(CK60*365),"") -> 0.94949741 | CL14: =IF(CL60,CL129*1000/(CL60*365),"") -> 0.74702509 | CM14: =IF(CM60,CM129*1000/(CM60*365),"") -> 0.83235427 | CN14: =IF(CN60,CN129*1000/(CN60*365),"") -> 0.39857122 | CO14: =IF(CO60,CO129*1000/(CO60*365),"") -> 0.26126646 | ... CQ14: =IF(CQ60,CQ129*1000/(CQ60*365),"") -> 0.1669027 | CR14: =CR129*1000/(CR60*365) -> 0.54603008 | CS14: =CS129*1000/(CS60*365) -> 0.44000437 | CU14: Total | CV14: =IF(CV60,CV129*1000/(CV60*365),"") -> 4.006868 | CW14: =IF(CW60,CW129*1000/(CW60*365),"") -> 2.4412097 | CX14: =IF(CX60,CX129*1000/(CX60*365),"") -> 1.6234843 | CY14: =IF(CY60,CY129*1000/(CY60*365),"") -> 0.91070872 | CZ14: =IF(CZ60,CZ129*1000/(CZ60*365),"") -> 0.71409544 | DA14: =IF(DA60,DA129*1000/(DA60*365),"") -> 0.74874299 | DB14: =IF(DB60,DB129*1000/(DB60*365),"") -> 0.35774361 | DC14: =IF(DC60,DC129*1000/(DC60*365),"") -> 0.26081612 | ... DE14: =IF(DE60,DE129*1000/(DE60*365),"") -> 0.17051505 | DF14: =DF129*1000/(DF60*365) -> 0.51124119 | DG14: =DG129*1000/(DG60*365) -> 0.40507169
A15: UQ | B15: =PERCENTILE(B4:B13,0.25) -> 5.0328704 | C15: =PERCENTILE(C4:C13,0.25) -> 3.0885751 | D15: =PERCENTILE(D4:D13,0.25) -> 1.6262629 | E15: =PERCENTILE(E4:E13,0.25) -> 1.1401643 | F15: =PERCENTILE(F4:F13,0.25) -> 0.74771633 | G15: =PERCENTILE(G4:G13,0.25) -> 0.6113915 | H15: =PERCENTILE(H4:H13,0.25) -> 0.28535183 | I15: =PERCENTILE(I4:I13,0.25) -> 0.35642803 | ... M15: =PERCENTILE(M4:M13,0.25) -> 0.45537268 | O15: UQ | P15: =PERCENTILE(P4:P13,0.25) -> 4.3469561 | Q15: =PERCENTILE(Q4:Q13,0.25) -> 2.8657019 | R15: =PERCENTILE(R4:R13,0.25) -> 1.9958285 | S15: =PERCENTILE(S4:S13,0.25) -> 1.1069384 | T15: =PERCENTILE(T4:T13,0.25) -> 0.84267991 | U15: =PERCENTILE(U4:U13,0.25) -> 0.57423964 | V15: =PERCENTILE(V4:V13,0.25) -> 0.42486646 | W15: =PERCENTILE(W4:W13,0.25) -> 0.32516754 | ... AA15: =PERCENTILE(AA4:AA13,0.25) -> 0.45389077 | AC15: UQ | AD15: =PERCENTILE(AD4:AD13,0.25) -> 4.3592401 | AE15: =PERCENTILE(AE4:AE13,0.25) -> 3.1290523 | AF15: =PERCENTILE(AF4:AF13,0.25) -> 1.6525774 | AG15: =PERCENTILE(AG4:AG13,0.25) -> 1.1073627 | AH15: =PERCENTILE(AH4:AH13,0.25) -> 0.75882192 | AI15: =PERCENTILE(AI4:AI13,0.25) -> 0.50573444 | AJ15: =PERCENTILE(AJ4:AJ13,0.25) -> 0.40741097 | AK15: =PERCENTILE(AK4:AK13,0.25) -> 0.28754413 | ... AM15: =PERCENTILE(AM4:AM13,0.25) -> 0.24448391 | AO15: =PERCENTILE(AO4:AO13,0.25) -> 0.44320078 | AQ15: UQ | AR15: =PERCENTILE(AR4:AR13,0.25) -> 4.3211183 | AS15: =PERCENTILE(AS4:AS13,0.25) -> 3.2575512 | AT15: =PERCENTILE(AT4:AT13,0.25) -> 1.7790837 | AU15: =PERCENTILE(AU4:AU13,0.25) -> 1.0696586 | AV15: =PERCENTILE(AV4:AV13,0.25) -> 0.72783296 | AW15: =PERCENTILE(AW4:AW13,0.25) -> 0.58728116 | AX15: =PERCENTILE(AX4:AX13,0.25) -> 0.43917072 | AY15: =PERCENTILE(AY4:AY13,0.25) -> 0.33506611 | ... BA15: =PERCENTILE(BA4:BA13,0.25) -> 0.20804923 | BC15: =PERCENTILE(BC4:BC13,0.25) -> 0.44268282 | BE15: UQ | BF15: =PERCENTILE(BF4:BF13,0.25) -> 4.0398628 | BG15: =PERCENTILE(BG4:BG13,0.25) -> 2.5717054 | BH15: =PERCENTILE(BH4:BH13,0.25) -> 1.5247311 | BI15: =PERCENTILE(BI4:BI13,0.25) -> 0.94781101 | BJ15: =PERCENTILE(BJ4:BJ13,0.25) -> 0.78607244 | BK15: =PERCENTILE(BK4:BK13,0.25) -> 0.53198081 | BL15: =PERCENTILE(BL4:BL13,0.25) -> 0.42844984 | BM15: =PERCENTILE(BM4:BM13,0.25) -> 0.26939772 | ... BO15: =PERCENTILE(BO4:BO13,0.25) -> 0.27766263 | BQ15: =PERCENTILE(BQ4:BQ13,0.25) -> 0.42843372 | BS15: UQ | BT15: =PERCENTILE(BT4:BT13,0.25) -> 3.6729493 | BU15: =PERCENTILE(BU4:BU13,0.25) -> 2.2460708 | BV15: =PERCENTILE(BV4:BV13,0.25) -> 1.5282464 | BW15: =PERCENTILE(BW4:BW13,0.25) -> 0.98034924 | BX15: =PERCENTILE(BX4:BX13,0.25) -> 0.74873891 | BY15: =PERCENTILE(BY4:BY13,0.25) -> 0.55452372 | BZ15: =PERCENTILE(BZ4:BZ13,0.25) -> 0.4610864 | CA15: =PERCENTILE(CA4:CA13,0.25) -> 0.29904208 | ... CC15: =PERCENTILE(CC4:CC13,0.25) -> 0.24983097 | CG15: UQ | CH15: =PERCENTILE(CH4:CH13,0.25) -> 2.675177 | CI15: =PERCENTILE(CI4:CI13,0.25) -> 2.2925757 | CJ15: =PERCENTILE(CJ4:CJ13,0.25) -> 1.4036762 | CK15: =PERCENTILE(CK4:CK13,0.25) -> 0.88420107 | CL15: =PERCENTILE(CL4:CL13,0.25) -> 0.68793084 | CM15: =PERCENTILE(CM4:CM13,0.25) -> 0.65671256 | CN15: =PERCENTILE(CN4:CN13,0.25) -> 0.32675899 | CO15: =PERCENTILE(CO4:CO13,0.25) -> 0.21241208 | ... CQ15: =PERCENTILE(CQ4:CQ13,0.25) -> 0.12401161 | CU15: UQ | CV15: =PERCENTILE(CV4:CV13,0.25) -> 2.7926054 | CW15: =PERCENTILE(CW4:CW13,0.25) -> 2.0558976 | CX15: =PERCENTILE(CX4:CX13,0.25) -> 1.4560688 | CY15: =PERCENTILE(CY4:CY13,0.25) -> 0.89500975 | CZ15: =PERCENTILE(CZ4:CZ13,0.25) -> 0.64936303 | DA15: =PERCENTILE(DA4:DA13,0.25) -> 0.59480616 | DB15: =PERCENTILE(DB4:DB13,0.25) -> 0.29945529 | DC15: =PERCENTILE(DC4:DC13,0.25) -> 0.22188129 | ... DE15: =PERCENTILE(DE4:DE13,0.25) -> 0.11465407
A16: Gap to UQ | O16: Gap to UQ | P16: =P4/P15-1 -> -0.10532879 | Q16: =Q4/Q15-1 -> -0.018149615 | R16: =R4/R15-1 -> -0.1324549 | S16: =S4/S15-1 -> -0.053274769 | T16: =T4/T15-1 -> -0.12163605 | U16: =U4/U15-1 -> -0.014441872 | V16: =V4/V15-1 -> 0.053928191 | W16: =W4/W15-1 -> 0.35300358 | AC16: Gap to UQ | AD16: =AD4/AD15-1 -> 0.015385112 | AE16: =AE4/AE15-1 -> -0.023230702 | AF16: =AF4/AF15-1 -> 0.0051013651 | AG16: =AG4/AG15-1 -> -0.02537461 | AH16: =AH4/AH15-1 -> -0.011098105 | AI16: =AI4/AI15-1 -> 0.090516189 | AJ16: =AJ4/AJ15-1 -> 0.20488655 | AK16: =AK4/AK15-1 -> 0.4832772 | AQ16: Gap to UQ | AR16: =AR4/AR15-1 -> -0.040519316 | AS16: =AS4/AS15-1 -> -0.072414398 | AT16: =AT4/AT15-1 -> -0.058671299 | AU16: =AU4/AU15-1 -> -0.0030389239 | AV16: =AV4/AV15-1 -> -0.040150584 | AW16: =AW4/AW15-1 -> 0.17739635 | AX16: =AX4/AX15-1 -> 0.052836713 | AY16: =AY4/AY15-1 -> 0.24885407 | BE16: Gap to UQ | BF16: =BF4/BF15-1 -> -0.026927709 | BG16: =BG4/BG15-1 -> 0.10579346 | BH16: =BH4/BH15-1 -> -0.06462612 | BI16: =BI4/BI15-1 -> -0.10675582 | BJ16: =BJ4/BJ15-1 -> -0.17551896 | BK16: =BK4/BK15-1 -> 0.04228564 | BL16: =BL4/BL15-1 -> 0.20340856 | BM16: =BM4/BM15-1 -> 0.37928881 | BS16: Gap to UQ | BT16: =BT4/BT15-1 -> 0.13252339 | BU16: =BU4/BU15-1 -> 0.2585727 | BV16: =BV4/BV15-1 -> 0.043616809 | BW16: =BW4/BW15-1 -> -0.0022809426 | BX16: =BX4/BX15-1 -> -0.0035478792 | BY16: =BY4/BY15-1 -> 0.24850197 | BZ16: =BZ4/BZ15-1 -> 0.20647101 | CA16: =CA4/CA15-1 -> 0.4142608 | CG16: Gap to UQ | CH16: =CH4/CH15-1 -> 0.45258851 | CI16: =CI4/CI15-1 -> 0.043361892 | CJ16: =CJ4/CJ15-1 -> 0.10336583 | CK16: =CK4/CK15-1 -> 0.032579284 | CL16: =CL4/CL15-1 -> 0.0062507769 | CM16: =CM4/CM15-1 -> -0.091689888 | CN16: =CN4/CN15-1 -> 0.35288301 | CO16: =CO4/CO15-1 -> 0.48576843 | CU16: Gap to UQ | CV16: =CV4/CV15-1 -> 0.48332749 | CW16: =CW4/CW15-1 -> 0.13503215 | CX16: =CX4/CX15-1 -> 0.087975726 | CY16: =CY4/CY15-1 -> -0.053669206 | CZ16: =CZ4/CZ15-1 -> -0.035899256 | DA16: =DA4/DA15-1 -> -0.0079170613 | DB16: =DB4/DB15-1 -> 0.45717663 | DC16: =DC4/DC15-1 -> 0.49167436
A18: 2022 Gap to UQ | B18: Band 1 | C18: Band 2 | D18: Band 3 | E18: Band 4 | F18: Band 5 | G18: Band 6 mod | H18: Band 7 | I18: Band 8 | J18: Band 9 | K18: Band 10 | O18: 2021 Gap to UQ | P18: Band 1 | Q18: Band 2 | R18: Band 3 | S18: Band 4 | T18: Band 5 | U18: Band 6 mod | V18: Band 7 | W18: Band 8 | X18: Band 9 | Y18: Band 10 | AC18: 2020 Gap to UQ | AD18: Band 1 | AE18: Band 2 | AF18: Band 3 | AG18: Band 4 | AH18: Band 5 | AI18: Band 6 mod | AJ18: Band 7 | AK18: Band 8 | AL18: Band 9 | AM18: Band 10 | AQ18: 2019 Gap to UQ | AR18: Band 1 | AS18: Band 2 | AT18: Band 3 | AU18: Band 4 | AV18: Band 5 | AW18: Band 6 mod | AX18: Band 7 | AY18: Band 8 | AZ18: Band 9 | BA18: Band 10 | BE18: 2018 Gap to UQ | BF18: Band 1 | BG18: Band 2 | BH18: Band 3 | BI18: Band 4 | BJ18: Band 5 | BK18: Band 6 mod | BL18: Band 7 | BM18: Band 8 | BN18: Band 9 | BO18: Band 10 | BS18: 2017 Gap to UQ | BT18: Band 1 | BU18: Band 2 | BV18: Band 3 | BW18: Band 4 | BX18: Band 5 | BY18: Band 6 mod | BZ18: Band 7 | CA18: Band 8 | CB18: Band 9 | CC18: Band 10 | CG18: 2013 Gap to UQ | CH18: Band 1 | CI18: Band 2 | CJ18: Band 3 | CK18: Band 4 | CL18: Band 5 | CM18: Band 6 mod | CN18: Band 7 | CO18: Band 8 | CP18: Band 9 | CQ18: Band 10 | CU18: 2012 Gap to UQ | CV18: Band 1 | CW18: Band 2 | CX18: Band 3 | CY18: Band 4 | CZ18: Band 5 | DA18: Band 6 mod | DB18: Band 7 | DC18: Band 8 | DD18: Band 9 | DE18: Band 10
A19: ANH | B19: =B4/B$15-1 -> -0.18842245 | C19: =C4/C$15-1 -> -0.031301639 | D19: =D4/D$15-1 -> -0.011059176 | E19: =E4/E$15-1 -> -0.10199115 | F19: =F4/F$15-1 -> -0.028282968 | G19: =G4/G$15-1 -> -0.21046541 | H19: =H4/H$15-1 -> 0.45844562 | I19: =I4/I$15-1 -> 0.083734403 | O19: ANH | P19: =P4/P$15-1 -> -0.10532879 | Q19: =Q4/Q$15-1 -> -0.018149615 | R19: =R4/R$15-1 -> -0.1324549 | S19: =S4/S$15-1 -> -0.053274769 | T19: =T4/T$15-1 -> -0.12163605 | U19: =U4/U$15-1 -> -0.014441872 | V19: =V4/V$15-1 -> 0.053928191 | W19: =W4/W$15-1 -> 0.35300358 | AC19: ANH | AD19: =AD4/AD$15-1 -> 0.015385112 | AE19: =AE4/AE$15-1 -> -0.023230702 | AF19: =AF4/AF$15-1 -> 0.0051013651 | AG19: =AG4/AG$15-1 -> -0.02537461 | AH19: =AH4/AH$15-1 -> -0.011098105 | AI19: =AI4/AI$15-1 -> 0.090516189 | AJ19: =AJ4/AJ$15-1 -> 0.20488655 | AK19: =AK4/AK$15-1 -> 0.4832772 | AQ19: ANH | AR19: =AR4/AR$15-1 -> -0.040519316 | AS19: =AS4/AS$15-1 -> -0.072414398 | AT19: =AT4/AT$15-1 -> -0.058671299 | AU19: =AU4/AU$15-1 -> -0.0030389239 | AV19: =AV4/AV$15-1 -> -0.040150584 | AW19: =AW4/AW$15-1 -> 0.17739635 | AX19: =AX4/AX$15-1 -> 0.052836713 | AY19: =AY4/AY$15-1 -> 0.24885407 | BE19: ANH | BF19: =BF4/BF$15-1 -> -0.026927709 | BG19: =BG4/BG$15-1 -> 0.10579346 | BH19: =BH4/BH$15-1 -> -0.06462612 | BI19: =BI4/BI$15-1 -> -0.10675582 | BJ19: =BJ4/BJ$15-1 -> -0.17551896 | BK19: =BK4/BK$15-1 -> 0.04228564 | BL19: =BL4/BL$15-1 -> 0.20340856 | BM19: =BM4/BM$15-1 -> 0.37928881 | BS19: ANH | BT19: =BT4/BT$15-1 -> 0.13252339 | BU19: =BU4/BU$15-1 -> 0.2585727 | BV19: =BV4/BV$15-1 -> 0.043616809 | BW19: =BW4/BW$15-1 -> -0.0022809426 | BX19: =BX4/BX$15-1 -> -0.0035478792 | BY19: =BY4/BY$15-1 -> 0.24850197 | BZ19: =BZ4/BZ$15-1 -> 0.20647101 | CA19: =CA4/CA$15-1 -> 0.4142608 | CG19: ANH | CH19: =CH4/CH$15-1 -> 0.45258851 | CI19: =CI4/CI$15-1 -> 0.043361892 | CJ19: =CJ4/CJ$15-1 -> 0.10336583 | CK19: =CK4/CK$15-1 -> 0.032579284 | CL19: =CL4/CL$15-1 -> 0.0062507769 | CM19: =CM4/CM$15-1 -> -0.091689888 | CN19: =CN4/CN$15-1 -> 0.35288301 | CO19: =CO4/CO$15-1 -> 0.48576843 | CU19: ANH | CV19: =CV4/CV$15-1 -> 0.48332749 | CW19: =CW4/CW$15-1 -> 0.13503215 | CX19: =CX4/CX$15-1 -> 0.087975726 | CY19: =CY4/CY$15-1 -> -0.053669206 | CZ19: =CZ4/CZ$15-1 -> -0.035899256 | DA19: =DA4/DA$15-1 -> -0.0079170613 | DB19: =DB4/DB$15-1 -> 0.45717663 | DC19: =DC4/DC$15-1 -> 0.49167436
A20: NES | B20: =B5/B$15-1 -> 0.13880328 | C20: =C5/C$15-1 -> 0.041362825 | D20: =D5/D$15-1 -> -0.17338914 | E20: =E5/E$15-1 -> 0.0649042 | F20: =F5/F$15-1 -> -0.1217887 | G20: =G5/G$15-1 -> 0.28131454 | H20: =H5/H$15-1 -> -0.15281521 | I20: =I5/I$15-1 -> 0.074148227 | J20: =J5/J$15-1 -> 1.41207 | O20: NES | P20: =P5/P$15-1 -> -0.0030347754 | Q20: =Q5/Q$15-1 -> 0.054448844 | R20: =R5/R$15-1 -> -0.15869981 | S20: =S5/S$15-1 -> -0.0084990391 | T20: =T5/T$15-1 -> -0.013909676 | U20: =U5/U$15-1 -> 0.043325615 | V20: =V5/V$15-1 -> 0.15234679 | W20: =W5/W$15-1 -> 2.7848183 | X20: =X5/X$15-1 -> 0.62037486 | AC20: NES | AD20: =AD5/AD$15-1 -> -0.12217558 | AE20: =AE5/AE$15-1 -> -0.18133034 | AF20: =AF5/AF$15-1 -> -0.10222626 | AG20: =AG5/AG$15-1 -> 0.035093811 | AH20: =AH5/AH$15-1 -> -0.14118141 | AI20: =AI5/AI$15-1 -> -0.030172063 | AJ20: =AJ5/AJ$15-1 -> 0.33127136 | AK20: =AK5/AK$15-1 -> 2.5700672 | AL20: =AL5/AL$15-1 -> 0.53706849 | AQ20: NES | AR20: =AR5/AR$15-1 -> -0.10271282 | AS20: =AS5/AS$15-1 -> -0.018627104 | AT20: =AT5/AT$15-1 -> -0.023918631 | AU20: =AU5/AU$15-1 -> -0.0038815337 | AV20: =AV5/AV$15-1 -> 0.014964122 | AW20: =AW5/AW$15-1 -> -0.014314381 | AX20: =AX5/AX$15-1 -> 0.10396513 | AY20: =AY5/AY$15-1 -> 2.2072278 | AZ20: =AZ5/AZ$15-1 -> 0.48067838 | BE20: NES | BF20: =BF5/BF$15-1 -> -0.20160987 | BG20: =BG5/BG$15-1 -> -0.0091478481 | BH20: =BH5/BH$15-1 -> -0.0028552254 | BI20: =BI5/BI$15-1 -> -0.037992106 | BJ20: =BJ5/BJ$15-1 -> -0.0033419008 | BK20: =BK5/BK$15-1 -> 0.021806427 | BL20: =BL5/BL$15-1 -> 0.28958638 | BM20: =BM5/BM$15-1 -> 3.1399522 | BN20: =BN5/BN$15-1 -> 0.29808645 | BS20: NES | BT20: =BT5/BT$15-1 -> 0.027473714 | BU20: =BU5/BU$15-1 -> 0.082333757 | BV20: =BV5/BV$15-1 -> 0.078417735 | BW20: =BW5/BW$15-1 -> -0.056558032 | BX20: =BX5/BX$15-1 -> 0.068163692 | BY20: =BY5/BY$15-1 -> 0.027788211 | BZ20: =BZ5/BZ$15-1 -> 0.042712708 | CA20: =CA5/CA$15-1 -> 3.1639003 | CB20: =CB5/CB$15-1 -> 0.11797031 | CG20: NES | CH20: =CH5/CH$15-1 -> -0.0093230448 | CI20: =CI5/CI$15-1 -> -0.25989473 | CJ20: =CJ5/CJ$15-1 -> -0.020274749 | CK20: =CK5/CK$15-1 -> -0.025343158 | CL20: =CL5/CL$15-1 -> -0.0020835923 | CM20: =CM5/CM$15-1 -> -0.088868454 | CN20: =CN5/CN$15-1 -> -0.10498016 | CO20: =CO5/CO$15-1 -> 0.29502785 | CP20: =CP5/CP$15-1 -> 0.56275436 | CU20: NES | CV20: =CV5/CV$15-1 -> 0.13463337 | CW20: =CW5/CW$15-1 -> -0.013617684 | CX20: =CX5/CX$15-1 -> 0.039135283 | CY20: =CY5/CY$15-1 -> -0.014088972 | CZ20: =CZ5/CZ$15-1 -> 0.18083192 | DA20: =DA5/DA$15-1 -> 0.023751184 | DB20: =DB5/DB$15-1 -> 0.040788808 | DC20: =DC5/DC$15-1 -> 1.0724037 | DD20: =DD5/DD$15-1 -> 0.61015761
A21: UU | B21: =B6/B$15-1 -> 0.53507513 | C21: =C6/C$15-1 -> 0.1557526 | D21: =D6/D$15-1 -> 0.76445371 | E21: =E6/E$15-1 -> 0.11917419 | F21: =F6/F$15-1 -> 0.088561912 | G21: =G6/G$15-1 -> 0.012035219 | H21: =H6/H$15-1 -> 0.49801068 | I21: =I6/I$15-1 -> -0.086648797 | ... K21: =K6/K$15-1 -> 0.082924003 | O21: UU | P21: =P6/P$15-1 -> 0.6423934 | Q21: =Q6/Q$15-1 -> 0.57550393 | R21: =R6/R$15-1 -> 0.63582003 | S21: =S6/S$15-1 -> 0.19633165 | T21: =T6/T$15-1 -> 0.055869612 | U21: =U6/U$15-1 -> 0.13984178 | V21: =V6/V$15-1 -> 0.071113585 | W21: =W6/W$15-1 -> 0.095383459 | ... Y21: =Y6/Y$15-1 -> 0.19578195 | AC21: UU | AD21: =AD6/AD$15-1 -> 1.0065689 | AE21: =AE6/AE$15-1 -> 0.46794719 | AF21: =AF6/AF$15-1 -> 0.74431502 | AG21: =AG6/AG$15-1 -> 0.11289583 | AH21: =AH6/AH$15-1 -> 0.10959799 | AI21: =AI6/AI$15-1 -> 0.21245911 | AJ21: =AJ6/AJ$15-1 -> 0.14474976 | AK21: =AK6/AK$15-1 -> 0.11665807 | ... AM21: =AM6/AM$15-1 -> 0.16775679 | AQ21: UU | AR21: =AR6/AR$15-1 -> 0.72704565 | AS21: =AS6/AS$15-1 -> 0.19671199 | AT21: =AT6/AT$15-1 -> 0.40226253 | AU21: =AU6/AU$15-1 -> 0.0091167717 | AV21: =AV6/AV$15-1 -> -0.0049880408 | AW21: =AW6/AW$15-1 -> 0.16245013 | AX21: =AX6/AX$15-1 -> -0.094413965 | AY21: =AY6/AY$15-1 -> 0.11978434 | ... BA21: =BA6/BA$15-1 -> -0.040498466 | BE21: UU | BF21: =BF6/BF$15-1 -> 1.0578529 | BG21: =BG6/BG$15-1 -> 0.66274043 | BH21: =BH6/BH$15-1 -> 0.85600451 | BI21: =BI6/BI$15-1 -> 0.28972284 | BJ21: =BJ6/BJ$15-1 -> 0.074272877 | BK21: =BK6/BK$15-1 -> 0.24283095 | BL21: =BL6/BL$15-1 -> 0.11213819 | BM21: =BM6/BM$15-1 -> 0.61951687 | ... BO21: =BO6/BO$15-1 -> 0.30736169 | BS21: UU | BT21: =BT6/BT$15-1 -> 1.2386066 | BU21: =BU6/BU$15-1 -> 0.74234968 | BV21: =BV6/BV$15-1 -> 0.67869842 | BW21: =BW6/BW$15-1 -> 0.14690603 | BX21: =BX6/BX$15-1 -> 0.010643638 | BY21: =BY6/BY$15-1 -> 0.13361752 | BZ21: =BZ6/BZ$15-1 -> -0.017664744 | CA21: =CA6/CA$15-1 -> 0.33128855 | ... CC21: =CC6/CC$15-1 -> 0.7049463 | CG21: UU | CH21: =CH6/CH$15-1 -> 1.8060155 | CI21: =CI6/CI$15-1 -> 0.66634374 | CJ21: =CJ6/CJ$15-1 -> 0.55710238 | CK21: =CK6/CK$15-1 -> 0.05093338 | CL21: =CL6/CL$15-1 -> -0.16184024 | CM21: =CM6/CM$15-1 -> 0.0072003611 | CN21: =CN6/CN$15-1 -> 0.12674447 | CO21: =CO6/CO$15-1 -> 0.43116944 | ... CQ21: =CQ6/CQ$15-1 -> 0.81875779 | CU21: UU | CV21: =CV6/CV$15-1 -> 1.4445513 | CW21: =CW6/CW$15-1 -> 0.71431533 | CX21: =CX6/CX$15-1 -> 0.54666553 | CY21: =CY6/CY$15-1 -> 0.042266916 | CZ21: =CZ6/CZ$15-1 -> -0.048205611 | DA21: =DA6/DA$15-1 -> -0.15139303 | DB21: =DB6/DB$15-1 -> 0.10200664 | DC21: =DC6/DC$15-1 -> 0.14864955 | ... DE21: =DE6/DE$15-1 -> 0.59653587
A22: SRN | B22: =B7/B$15-1 -> 4.7981134 | C22: =C7/C$15-1 -> 0.33417492 | D22: =D7/D$15-1 -> 0.69028872 | E22: =E7/E$15-1 -> 0.30778814 | F22: =F7/F$15-1 -> 0.45862431 | G22: =G7/G$15-1 -> 1.5072603 | H22: =H7/H$15-1 -> 1.348998 | I22: =I7/I$15-1 -> 0.14792788 | O22: SRN | P22: =P7/P$15-1 -> 1.1217884 | Q22: =Q7/Q$15-1 -> 0.67375775 | R22: =R7/R$15-1 -> 0.58424027 | S22: =S7/S$15-1 -> 0.38072038 | T22: =T7/T$15-1 -> 0.29556021 | U22: =U7/U$15-1 -> 0.12513852 | V22: =V7/V$15-1 -> -0.0096800048 | W22: =W7/W$15-1 -> 0.0032961594 | AC22: SRN | AD22: =AD7/AD$15-1 -> 1.3170678 | AE22: =AE7/AE$15-1 -> 0.23455688 | AF22: =AF7/AF$15-1 -> 0.70941836 | AG22: =AG7/AG$15-1 -> 0.36673331 | AH22: =AH7/AH$15-1 -> 0.39836168 | AI22: =AI7/AI$15-1 -> 0.3591154 | AJ22: =AJ7/AJ$15-1 -> -0.048249919 | AK22: =AK7/AK$15-1 -> 0.021363986 | AQ22: SRN | AR22: =AR7/AR$15-1 -> 1.2317441 | AS22: =AS7/AS$15-1 -> 0.43718354 | AT22: =AT7/AT$15-1 -> 0.73881129 | AU22: =AU7/AU$15-1 -> 0.29942213 | AV22: =AV7/AV$15-1 -> 0.29710457 | AW22: =AW7/AW$15-1 -> -0.17075177 | AX22: =AX7/AX$15-1 -> 0.0095561252 | AY22: =AY7/AY$15-1 -> 0.04317171 | BE22: SRN | BF22: =BF7/BF$15-1 -> 1.1478491 | BG22: =BG7/BG$15-1 -> 0.66331438 | BH22: =BH7/BH$15-1 -> 0.75642766 | BI22: =BI7/BI$15-1 -> 0.22703819 | BJ22: =BJ7/BJ$15-1 -> 0.13026642 | BK22: =BK7/BK$15-1 -> -0.091107208 | BL22: =BL7/BL$15-1 -> -0.12303363 | BM22: =BM7/BM$15-1 -> -0.0098824725 | BS22: SRN | BT22: =BT7/BT$15-1 -> 0.33696085 | BU22: =BU7/BU$15-1 -> 0.56667139 | BV22: =BV7/BV$15-1 -> 0.53728839 | BW22: =BW7/BW$15-1 -> 0.38629383 | BX22: =BX7/BX$15-1 -> 0.2723072 | BY22: =BY7/BY$15-1 -> -0.009262737 | BZ22: =BZ7/BZ$15-1 -> -0.014237569 | CA22: =CA7/CA$15-1 -> 0.000672675 | CG22: SRN | CH22: =CH7/CH$15-1 -> 0.43976472 | CI22: =CI7/CI$15-1 -> 0.58005587 | CJ22: =CJ7/CJ$15-1 -> 0.44172472 | CK22: =CK7/CK$15-1 -> -0.010859761 | CL22: =CL7/CL$15-1 -> 0.14409562 | CM22: =CM7/CM$15-1 -> 0.031612899 | CN22: =CN7/CN$15-1 -> 0.18819093 | CO22: =CO7/CO$15-1 -> -0.13127868 | CU22: SRN | CV22: =CV7/CV$15-1 -> 0.67221321 | CW22: =CW7/CW$15-1 -> 0.82193403 | CX22: =CX7/CX$15-1 -> 0.56137182 | CY22: =CY7/CY$15-1 -> 0.088114096 | CZ22: =CZ7/CZ$15-1 -> 0.29994641 | DA22: =DA7/DA$15-1 -> 0.39416956 | DB22: =DB7/DB$15-1 -> 0.078196861 | DC22: =DC7/DC$15-1 -> 0.31767903
A23: SVT | B23: =B8/B$15-1 -> 0.32584725 | C23: =C8/C$15-1 -> -0.010243642 | D23: =D8/D$15-1 -> 0.36294946 | E23: =E8/E$15-1 -> 0.16574263 | F23: =F8/F$15-1 -> 0.41964834 | G23: =G8/G$15-1 -> -0.57553203 | H23: =H8/H$15-1 -> 0.47108272 | I23: =I8/I$15-1 -> 0.028882932 | ... K23: =K8/K$15-1 -> -0.082924003 | O23: SVT | P23: =P8/P$15-1 -> 0.45752812 | Q23: =Q8/Q$15-1 -> 0.13929028 | R23: =R8/R$15-1 -> 0.13950602 | S23: =S8/S$15-1 -> 0.17356163 | T23: =T8/T$15-1 -> 0.22941886 | U23: =U8/U$15-1 -> -0.53909356 | V23: =V8/V$15-1 -> 0.029040014 | W23: =W8/W$15-1 -> -0.0098884783 | ... Y23: =Y8/Y$15-1 -> -0.19578195 | AC23: SVT | AD23: =AD8/AD$15-1 -> 0.53878278 | AE23: =AE8/AE$15-1 -> 0.069692105 | AF23: =AF8/AF$15-1 -> 0.25066931 | AG23: =AG8/AG$15-1 -> 0.027448425 | AH23: =AH8/AH$15-1 -> 0.11946435 | AI23: =AI8/AI$15-1 -> -0.14012959 | AJ23: =AJ8/AJ$15-1 -> -0.098778624 | AK23: =AK8/AK$15-1 -> -0.064091959 | ... AM23: =AM8/AM$15-1 -> -0.16775679 | AQ23: SVT | AR23: =AR8/AR$15-1 -> 0.83967911 | AS23: =AS8/AS$15-1 -> 0.23417872 | AT23: =AT8/AT$15-1 -> 0.34689588 | AU23: =AU8/AU$15-1 -> 0.20905514 | AV23: =AV8/AV$15-1 -> 0.26242439 | AW23: =AW8/AW$15-1 -> -0.1115335 | AX23: =AX8/AX$15-1 -> -0.0031853751 | AY23: =AY8/AY$15-1 -> -0.12951513 | ... BA23: =BA8/BA$15-1 -> 0.040498466 | BE23: SVT | BF23: =BF8/BF$15-1 -> 0.45704102 | BG23: =BG8/BG$15-1 -> 0.32074858 | BH23: =BH8/BH$15-1 -> 0.26757357 | BI23: =BI8/BI$15-1 -> 0.11397632 | BJ23: =BJ8/BJ$15-1 -> 0.010025703 | BK23: =BK8/BK$15-1 -> -0.043643262 | BL23: =BL8/BL$15-1 -> -0.037379398 | BM23: =BM8/BM$15-1 -> 0.0032941575 | ... BO23: =BO8/BO$15-1 -> -0.16096484 | BS23: SVT | BT23: =BT8/BT$15-1 -> 0.63793497 | BU23: =BU8/BU$15-1 -> 0.48160776 | BV23: =BV8/BV$15-1 -> 0.29600072 | BW23: =BW8/BW$15-1 -> 0.096385015 | BX23: =BX8/BX$15-1 -> 0.029560073 | BY23: =BY8/BY$15-1 -> -0.14289954 | BZ23: =BZ8/BZ$15-1 -> -0.10498683 | CA23: =CA8/CA$15-1 -> -0.002018025 | ... CC23: =CC8/CC$15-1 -> -0.24191587 | CG23: SVT | CH23: =CH8/CH$15-1 -> 0.92163908 | CI23: =CI8/CI$15-1 -> 0.25852979 | CJ23: =CJ8/CJ$15-1 -> 0.36514094 | CK23: =CK8/CK$15-1 -> 0.17551593 | CL23: =CL8/CL$15-1 -> 0.10531389 | CM23: =CM8/CM$15-1 -> -0.0024001204 | CN23: =CN8/CN$15-1 -> -0.23011103 | CO23: =CO8/CO$15-1 -> 0.043759559 | ... CQ23: =CQ8/CQ$15-1 -> -0.45507865 | CU23: SVT | CV23: =CV8/CV$15-1 -> 0.71946404 | CW23: =CW8/CW$15-1 -> 0.4192657 | CX23: =CX8/CX$15-1 -> 0.098279627 | CY23: =CY8/CY$15-1 -> 0.067775565 | CZ23: =CZ8/CZ$15-1 -> 0.10769777 | DA23: =DA8/DA$15-1 -> 0.074572314 | DB23: =DB8/DB$15-1 -> -0.085195425 | DC23: =DC8/DC$15-1 -> -0.18838621 | ... DE23: =DE8/DE$15-1 -> -0.59653587
A24: SWB | B24: =B9/B$15-1 -> -0.0361728 | C24: =C9/C$15-1 -> 0.15362381 | D24: =D9/D$15-1 -> 0.22562436 | E24: =E9/E$15-1 -> 0.10420677 | F24: =F9/F$15-1 -> 0.34248966 | G24: =G9/G$15-1 -> 0.55350003 | H24: =H9/H$15-1 -> -0.24901991 | O24: SWB | P24: =P9/P$15-1 -> -0.0045292863 | Q24: =Q9/Q$15-1 -> 0.28148116 | R24: =R9/R$15-1 -> 0.11896292 | S24: =S9/S$15-1 -> 0.29179079 | T24: =T9/T$15-1 -> 0.38797466 | U24: =U9/U$15-1 -> 0.46829478 | V24: =V9/V$15-1 -> -0.54653747 | AC24: SWB | AD24: =AD9/AD$15-1 -> -0.050781374 | AE24: =AE9/AE$15-1 -> 0.21764781 | AF24: =AF9/AF$15-1 -> 0.25832239 | AG24: =AG9/AG$15-1 -> 0.241983 | AH24: =AH9/AH$15-1 -> 0.40359148 | AI24: =AI9/AI$15-1 -> 0.21967793 | AJ24: =AJ9/AJ$15-1 -> 0.22766148 | AQ24: SWB | AR24: =AR9/AR$15-1 -> -0.050397003 | AS24: =AS9/AS$15-1 -> 0.055881312 | AT24: =AT9/AT$15-1 -> 0.14779028 | AU24: =AU9/AU$15-1 -> 0.34257034 | AV24: =AV9/AV$15-1 -> 0.40380108 | AW24: =AW9/AW$15-1 -> 0.22164666 | AX24: =AX9/AX$15-1 -> 0.33379426 | BE24: SWB | BF24: =BF9/BF$15-1 -> -0.15969222 | BG24: =BG9/BG$15-1 -> 0.284439 | BH24: =BH9/BH$15-1 -> 0.34932815 | BI24: =BI9/BI$15-1 -> 0.43134855 | BJ24: =BJ9/BJ$15-1 -> 0.25308358 | BK24: =BK9/BK$15-1 -> 0.20804439 | BL24: =BL9/BL$15-1 -> 0.44369861 | BS24: SWB | BT24: =BT9/BT$15-1 -> -0.1280554 | BU24: =BU9/BU$15-1 -> 0.26730989 | BV24: =BV9/BV$15-1 -> 0.24892327 | BW24: =BW9/BW$15-1 -> 0.34641913 | BX24: =BX9/BX$15-1 -> 0.25569734 | BY24: =BY9/BY$15-1 -> 0.44383459 | BZ24: =BZ9/BZ$15-1 -> 0.25686964 | CG24: SWB | CH24: =CH9/CH$15-1 -> 0.027969134 | CI24: =CI9/CI$15-1 -> 0.071577032 | CJ24: =CJ9/CJ$15-1 -> 0.21641878 | CK24: =CK9/CK$15-1 -> 0.38402218 | CL24: =CL9/CL$15-1 -> 0.39911005 | CM24: =CM9/CM$15-1 -> 0.10491361 | CN24: =CN9/CN$15-1 -> 0.78554304 | CU24: SWB | CV24: =CV9/CV$15-1 -> -0.044877789 | CW24: =CW9/CW$15-1 -> 0.1568052 | CX24: =CX9/CX$15-1 -> 0.19467128 | CY24: =CY9/CY$15-1 -> 0.26005294 | CZ24: =CZ9/CZ$15-1 -> 0.35509027 | DA24: =DA9/DA$15-1 -> 0.22625095 | DB24: =DB9/DB$15-1 -> 0.76976922
A25: TMS | B25: =B10/B$15-1 -> 0.1085184 | C25: =C10/C$15-1 -> 0.33429375 | D25: =D10/D$15-1 -> 0.22562733 | E25: =E10/E$15-1 -> 0.022062587 | F25: =F10/F$15-1 -> 0.10455867 | G25: =G10/G$15-1 -> 0.48643719 | H25: =H10/H$15-1 -> 2.1076664 | I25: =I10/I$15-1 -> 0.47012621 | ... K25: =K10/K$15-1 -> 0.86024147 | O25: TMS | P25: =P10/P$15-1 -> 0.25682912 | Q25: =Q10/Q$15-1 -> 0.2557878 | R25: =R10/R$15-1 -> 0.056906006 | S25: =S10/S$15-1 -> 0.025497117 | T25: =T10/T$15-1 -> 0.16387017 | U25: =U10/U$15-1 -> 0.20961499 | V25: =V10/V$15-1 -> 0.58076081 | W25: =W10/W$15-1 -> 0.16625934 | ... Y25: =Y10/Y$15-1 -> 0.40716938 | AC25: TMS | AD25: =AD10/AD$15-1 -> 0.8829507 | AE25: =AE10/AE$15-1 -> 0.34876596 | AF25: =AF10/AF$15-1 -> 0.28748381 | AG25: =AG10/AG$15-1 -> 0.050575648 | AH25: =AH10/AH$15-1 -> 0.14413923 | AI25: =AI10/AI$15-1 -> 0.53897869 | AJ25: =AJ10/AJ$15-1 -> 0.77968836 | AK25: =AK10/AK$15-1 -> 0.5333355 | ... AM25: =AM10/AM$15-1 -> 0.3323613 | AQ25: TMS | AR25: =AR10/AR$15-1 -> 0.9431109 | AS25: =AS10/AS$15-1 -> 0.27833546 | AT25: =AT10/AT$15-1 -> 0.071755892 | AU25: =AU10/AU$15-1 -> 0.15108451 | AV25: =AV10/AV$15-1 -> 0.25750407 | AW25: =AW10/AW$15-1 -> 0.53536088 | AX25: =AX10/AX$15-1 -> 0.64191578 | AY25: =AY10/AY$15-1 -> 0.34657927 | ... BA25: =BA10/BA$15-1 -> 0.69432864 | BE25: TMS | BF25: =BF10/BF$15-1 -> 0.080783126 | BG25: =BG10/BG$15-1 -> -0.13788244 | BH25: =BH10/BH$15-1 -> -0.051735597 | BI25: =BI10/BI$15-1 -> 0.12567185 | BJ25: =BJ10/BJ$15-1 -> 0.1622042 | BK25: =BK10/BK$15-1 -> 0.53395756 | BL25: =BL10/BL$15-1 -> 0.70459178 | BM25: =BM10/BM$15-1 -> 0.74810036 | ... BO25: =BO10/BO$15-1 -> 0.16096484 | BS25: TMS | BT25: =BT10/BT$15-1 -> -0.0091579048 | BU25: =BU10/BU$15-1 -> -0.027444586 | BV25: =BV10/BV$15-1 -> -0.014538936 | BW25: =BW10/BW$15-1 -> -0.023126131 | BX25: =BX10/BX$15-1 -> -0.0054487073 | BY25: =BY10/BY$15-1 -> 0.5669065 | BZ25: =BZ10/BZ$15-1 -> 0.59169454 | CA25: =CA10/CA$15-1 -> 0.59659691 | ... CC25: =CC10/CC$15-1 -> 0.24191587 | CG25: TMS | CH25: =CH10/CH$15-1 -> -0.083169371 | CI25: =CI10/CI$15-1 -> -0.014453964 | CJ25: =CJ10/CJ$15-1 -> -0.31581957 | CK25: =CK10/CK$15-1 -> -0.26511165 | CL25: =CL10/CL$15-1 -> -0.34093518 | CM25: =CM10/CM$15-1 -> 0.58610313 | CN25: =CN10/CN$15-1 -> 0.4181448 | CO25: =CO10/CO$15-1 -> 0.65920645 | ... CQ25: =CQ10/CQ$15-1 -> 0.45507865 | CU25: TMS | CV25: =CV10/CV$15-1 -> -0.14516431 | CW25: =CW10/CW$15-1 -> -0.35509433 | CX25: =CX10/CX$15-1 -> -0.34742133 | CY25: =CY10/CY$15-1 -> -0.40837636 | CZ25: =CZ10/CZ$15-1 -> -0.3358354 | DA25: =DA10/DA$15-1 -> -0.026554425 | DB25: =DB10/DB$15-1 -> 0.25456933 | DC25: =DC10/DC$15-1 -> 0.34155447 | ... DE25: =DE10/DE$15-1 -> 0.71930675
A26: WSH | B26: =B11/B$15-1 -> 0.13023818 | C26: =C11/C$15-1 -> 0.12922534 | D26: =D11/D$15-1 -> -0.0078957714 | E26: =E11/E$15-1 -> -0.0073541956 | F26: =F11/F$15-1 -> 0.084848903 | G26: =G11/G$15-1 -> -0.0040117397 | H26: =H11/H$15-1 -> 1.2688285 | I26: =I11/I$15-1 -> -0.62137804 | J26: =J11/J$15-1 -> 0.18708366 | O26: WSH | P26: =P11/P$15-1 -> 0.91162248 | Q26: =Q11/Q$15-1 -> -0.036962179 | R26: =R11/R$15-1 -> -0.018968669 | S26: =S11/S$15-1 -> 0.19204578 | T26: =T11/T$15-1 -> 0.041729028 | U26: =U11/U$15-1 -> -0.18143866 | V26: =V11/V$15-1 -> 0.23488059 | W26: =W11/W$15-1 -> -0.60956072 | X26: =X11/X$15-1 -> -0.0095307746 | AC26: WSH | AD26: =AD11/AD$15-1 -> -0.0051283706 | AE26: =AE11/AE$15-1 -> 0.16324295 | AF26: =AF11/AF$15-1 -> -0.001700455 | AG26: =AG11/AG$15-1 -> -0.0091494751 | AH26: =AH11/AH$15-1 -> 0.033294315 | AI26: =AI11/AI$15-1 -> -0.11359329 | AJ26: =AJ11/AJ$15-1 -> 0.21503519 | AK26: =AK11/AK$15-1 -> -0.32174592 | AL26: =AL11/AL$15-1 -> -0.22673838 | AQ26: WSH | AR26: =AR11/AR$15-1 -> 0.1310892 | AS26: =AS11/AS$15-1 -> -0.24823371 | AT26: =AT11/AT$15-1 -> -0.071117449 | AU26: =AU11/AU$15-1 -> 0.038481647 | AV26: =AV11/AV$15-1 -> 0.059362407 | AW26: =AW11/AW$15-1 -> 0.042943143 | AX26: =AX11/AX$15-1 -> 0.092846477 | AY26: =AY11/AY$15-1 -> -0.47406326 | AZ26: =AZ11/AZ$15-1 -> -0.22574736 | BE26: WSH | BF26: =BF11/BF$15-1 -> 0.085574588 | BG26: =BG11/BG$15-1 -> -0.10381902 | BH26: =BH11/BH$15-1 -> 0.0085656762 | BI26: =BI11/BI$15-1 -> 0.14803149 | BJ26: =BJ11/BJ$15-1 -> 0.05719246 | BK26: =BK11/BK$15-1 -> -0.0072688089 | BL26: =BL11/BL$15-1 -> 0.32065843 | BM26: =BM11/BM$15-1 -> -0.26928298 | BN26: =BN11/BN$15-1 -> -0.18594591 | BS26: WSH | BT26: =BT11/BT$15-1 -> 0.18927554 | BU26: =BU11/BU$15-1 -> -0.07134278 | BV26: =BV11/BV$15-1 -> -0.11827095 | BW26: =BW11/BW$15-1 -> 0.0068428277 | BX26: =BX11/BX$15-1 -> -0.018213664 | BY26: =BY11/BY$15-1 -> -0.11033071 | BZ26: =BZ11/BZ$15-1 -> 0.17827091 | CA26: =CA11/CA$15-1 -> -0.19944483 | CB26: =CB11/CB$15-1 -> -0.11797031 | CG26: WSH | CH26: =CH11/CH$15-1 -> 0.28816986 | CI26: =CI11/CI$15-1 -> 0.057450383 | CJ26: =CJ11/CJ$15-1 -> 0.060824247 | CK26: =CK11/CK$15-1 -> 0.081364046 | CL26: =CL11/CL$15-1 -> 0.31944818 | CM26: =CM11/CM$15-1 -> 0.29811295 | CN26: =CN11/CN$15-1 -> 0.12685362 | CO26: =CO11/CO$15-1 -> 0.28667823 | CP26: =CP11/CP$15-1 -> 0.20063718 | CU26: WSH | CV26: =CV11/CV$15-1 -> 0.53016879 | CW26: =CW11/CW$15-1 -> 0.040853051 | CX26: =CX11/CX$15-1 -> -0.013045094 | CY26: =CY11/CY$15-1 -> 0.092364445 | CZ26: =CZ11/CZ$15-1 -> 0.31473383 | DA26: =DA11/DA$15-1 -> 0.41144956 | DB26: =DB11/DB$15-1 -> -0.013596269 | DC26: =DC11/DC$15-1 -> 0.062795403 | DD26: =DD11/DD$15-1 -> 0.038524707
A27: WSX | B27: =B12/B$15-1 -> 0.43988439 | C27: =C12/C$15-1 -> 0.030730926 | D27: =D12/D$15-1 -> 0.2110857 | E27: =E12/E$15-1 -> 0.051163449 | F27: =F12/F$15-1 -> 0.20694668 | G27: =G12/G$15-1 -> 0.29302542 | H27: =H12/H$15-1 -> 1.1860431 | J27: =J12/J$15-1 -> -0.089444001 | O27: WSX | P27: =P12/P$15-1 -> 0.51862458 | Q27: =Q12/Q$15-1 -> 0.48084929 | R27: =R12/R$15-1 -> 0.1220831 | S27: =S12/S$15-1 -> 0.17016147 | T27: =T12/T$15-1 -> 0.28034187 | U27: =U12/U$15-1 -> 0.43466522 | V27: =V12/V$15-1 -> 0.29969241 | X27: =X12/X$15-1 -> 0.020946223 | AC27: WSX | AD27: =AD12/AD$15-1 -> 0.63616947 | AE27: =AE12/AE$15-1 -> 0.14541854 | AF27: =AF12/AF$15-1 -> 0.25717947 | AG27: =AG12/AG$15-1 -> 0.10915249 | AH27: =AH12/AH$15-1 -> 0.35593628 | AI27: =AI12/AI$15-1 -> 0.47249305 | AJ27: =AJ12/AJ$15-1 -> 0.63492833 | AL27: =AL12/AL$15-1 -> 0.15276062 | AQ27: WSX | AR27: =AR12/AR$15-1 -> 0.67376573 | AS27: =AS12/AS$15-1 -> 0.13464587 | AT27: =AT12/AT$15-1 -> 0.16811294 | AU27: =AU12/AU$15-1 -> 0.099361862 | AV27: =AV12/AV$15-1 -> 0.36717609 | AW27: =AW12/AW$15-1 -> 0.35309108 | AX27: =AX12/AX$15-1 -> 0.53143631 | AZ27: =AZ12/AZ$15-1 -> 0.75097322 | BE27: WSX | BF27: =BF12/BF$15-1 -> 0.80082908 | BG27: =BG12/BG$15-1 -> 0.49628859 | BH27: =BH12/BH$15-1 -> 0.31941513 | BI27: =BI12/BI$15-1 -> 0.13960507 | BJ27: =BJ12/BJ$15-1 -> 0.26136318 | BK27: =BK12/BK$15-1 -> 0.43112546 | BL27: =BL12/BL$15-1 -> 0.60786279 | BN27: =BN12/BN$15-1 -> 0.67205212 | BS27: WSX | BT27: =BT12/BT$15-1 -> 0.80199331 | BU27: =BU12/BU$15-1 -> 0.69541407 | BV27: =BV12/BV$15-1 -> 0.34351633 | BW27: =BW12/BW$15-1 -> 0.087457405 | BX27: =BX12/BX$15-1 -> 0.34924627 | BY27: =BY12/BY$15-1 -> 0.66522031 | BZ27: =BZ12/BZ$15-1 -> 0.57174538 | CB27: =CB12/CB$15-1 -> 0.16680857 | CG27: WSX | CH27: =CH12/CH$15-1 -> 1.2043134 | CI27: =CI12/CI$15-1 -> 0.17222167 | CJ27: =CJ12/CJ$15-1 -> 0.30996797 | CK27: =CK12/CK$15-1 -> 0.10769812 | CL27: =CL12/CL$15-1 -> 0.25770435 | CM27: =CM12/CM$15-1 -> 1.0131215 | CN27: =CN12/CN$15-1 -> 0.61720121 | CP27: =CP12/CP$15-1 -> 0.038890839 | CU27: WSX | CV27: =CV12/CV$15-1 -> 1.1374129 | CW27: =CW12/CW$15-1 -> 0.65683461 | CX27: =CX12/CX$15-1 -> 0.28278095 | CY27: =CY12/CY$15-1 -> 0.13847118 | CZ27: =CZ12/CZ$15-1 -> 0.3504029 | DA27: =DA12/DA$15-1 -> 1.1814082 | DB27: =DB12/DB$15-1 -> 0.70191672 | DD27: =DD12/DD$15-1 -> -0.038524707
A28: YKY | B28: =B13/B$15-1 -> -0.30583695 | C28: =C13/C$15-1 -> -0.23211437 | D28: =D13/D$15-1 -> 0.023687314 | E28: =E13/E$15-1 -> -0.34827629 | F28: =F13/F$15-1 -> -0.1813433 | G28: =G13/G$15-1 -> 0.62235631 | H28: =H13/H$15-1 -> -0.24904382 | I28: =I13/I$15-1 -> 0.40788985 | J28: =J13/J$15-1 -> 0.51822459 | O28: YKY | P28: =P13/P$15-1 -> 0.0091043263 | Q28: =Q13/Q$15-1 -> -0.045130894 | R28: =R13/R$15-1 -> 0.064603978 | S28: =S13/S$15-1 -> -0.3521733 | T28: =T13/T$15-1 -> -0.19311914 | U28: =U13/U$15-1 -> 0.10937178 | V28: =V13/V$15-1 -> -0.083303301 | W28: =W13/W$15-1 -> 0.75741324 | X28: =X13/X$15-1 -> 0.16420447 | AC28: YKY | AD28: =AD13/AD$15-1 -> 0.16282649 | AE28: =AE13/AE$15-1 -> -0.185884 | AF28: =AF13/AF$15-1 -> -0.015004089 | AG28: =AG13/AG$15-1 -> -0.33970457 | AH28: =AH13/AH$15-1 -> -0.18863793 | AI28: =AI13/AI$15-1 -> 0.29277248 | AJ28: =AJ13/AJ$15-1 -> -0.1036331 | AK28: =AK13/AK$15-1 -> 1.0456711 | AL28: =AL13/AL$15-1 -> 0.35935172 | AQ28: YKY | AR28: =AR13/AR$15-1 -> 0.12155795 | AS28: =AS13/AS$15-1 -> 0.13935803 | AT28: =AT13/AT$15-1 -> 0.29842189 | AU28: =AU13/AU$15-1 -> -0.15674022 | AV28: =AV13/AV$15-1 -> -0.063369535 | AW28: =AW13/AW$15-1 -> 0.36164181 | AX28: =AX13/AX$15-1 -> -0.21531649 | AY28: =AY13/AY$15-1 -> 0.61599489 | AZ28: =AZ13/AZ$15-1 -> 0.63038207 | BE28: YKY | BF28: =BF13/BF$15-1 -> 0.37117805 | BG28: =BG13/BG$15-1 -> 0.027443544 | BH28: =BH13/BH$15-1 -> 0.69032956 | BI28: =BI13/BI$15-1 -> -0.35626974 | BJ28: =BJ13/BJ$15-1 -> -0.12851831 | BK28: =BK13/BK$15-1 -> 0.127903 | BL28: =BL13/BL$15-1 -> -0.31115609 | BM28: =BM13/BM$15-1 -> 0.94877189 | BN28: =BN13/BN$15-1 -> 0.065477653 | BS28: YKY | BT28: =BT13/BT$15-1 -> -0.6512861 | BU28: =BU13/BU$15-1 -> -0.43222449 | BV28: =BV13/BV$15-1 -> -0.1097641 | BW28: =BW13/BW$15-1 -> 0.15040549 | BX28: =BX13/BX$15-1 -> 0.23933522 | BY28: =BY13/BY$15-1 -> 0.49413107 | BZ28: =BZ13/BZ$15-1 -> 0.31951288 | CA28: =CA13/CA$15-1 -> 1.1527102 | CB28: =CB13/CB$15-1 -> 1.0015344 | CG28: YKY | CH28: =CH13/CH$15-1 -> -0.55277128 | CI28: =CI13/CI$15-1 -> -0.4751866 | CJ28: =CJ13/CJ$15-1 -> -0.14749819 | CK28: =CK13/CK$15-1 -> 0.2338137 | CL28: =CL13/CL$15-1 -> 0.26074385 | CM28: =CM13/CM$15-1 -> 1.7201392 | CN28: =CN13/CN$15-1 -> -0.042248157 | CO28: =CO13/CO$15-1 -> -0.48284771 | CP28: =CP13/CP$15-1 -> -0.20941855 | CU28: YKY | CV28: =CV13/CV$15-1 -> -0.6015226 | CW28: =CW13/CW$15-1 -> -0.45747606 | CX28: =CX13/CX$15-1 -> -0.23782573 | CY28: =CY13/CY$15-1 -> 0.11695296 | CZ28: =CZ13/CZ$15-1 -> 0.15275694 | DA28: =DA13/DA$15-1 -> 1.638364 | DB28: =DB13/DB$15-1 -> -0.12186595 | DC28: =DC13/DC$15-1 -> -0.72233983 | DD28: =DD13/DD$15-1 -> 0.12466314
A33: Unit costs 2022 discount (premium) to Wavg | O33: Unit costs 2021 discount (premium) to Wavg | AC33: Unit costs 2020 discount (premium) to Wavg | AQ33: Unit costs 2019 discount (premium) to Wavg | BE33: Unit costs 2018 discount (premium) to Wavg | BS33: Unit costs 2017 discount (premium) to Wavg | CG33: Unit costs 2013 discount (premium) to Wavg | CU33: Unit costs 2012 discount (premium) to Wavg
B34: Band 1 | C34: Band 2 | D34: Band 3 | E34: Band 4 | F34: Band 5 | G34: Band 6 mod | H34: Band 7 | I34: Band 8 | J34: Band 9 | K34: Band 10 | L34: Total | M34: Ofwat B6 | P34: Band 1 | Q34: Band 2 | R34: Band 3 | S34: Band 4 | T34: Band 5 | U34: Band 6 mod | V34: Band 7 | W34: Band 8 | X34: Band 9 | Y34: Band 10 | Z34: Total | AA34: Ofwat B6 | AD34: Band 1 | AE34: Band 2 | AF34: Band 3 | AG34: Band 4 | AH34: Band 5 | AI34: Band 6 mod | AJ34: Band 7 | AK34: Band 8 | AL34: Band 9 | AM34: Band 10 | AN34: Total | AO34: Ofwat B6 | AR34: Band 1 | AS34: Band 2 | AT34: Band 3 | AU34: Band 4 | AV34: Band 5 | AW34: Band 6 mod | AX34: Band 7 | AY34: Band 8 | AZ34: Band 9 | BA34: Band 10 | BB34: Total | BC34: Ofwat B6 | BF34: Band 1 | BG34: Band 2 | BH34: Band 3 | BI34: Band 4 | BJ34: Band 5 | BK34: Band 6 mod | BL34: Band 7 | BM34: Band 8 | BN34: Band 9 | BO34: Band 10 | BP34: Total | BQ34: Ofwat B6 | BT34: Band 1 | BU34: Band 2 | BV34: Band 3 | BW34: Band 4 | BX34: Band 5 | BY34: Band 6 mod | BZ34: Band 7 | CA34: Band 8 | CB34: Band 9 | CC34: Band 10 | CD34: Total | CE34: Ofwat B6 | CH34: Band 1 | CI34: Band 2 | CJ34: Band 3 | CK34: Band 4 | CL34: Band 5 | CM34: Band 6 mod | CN34: Band 7 | CO34: Band 8 | CP34: Band 9 | CQ34: Band 10 | CR34: Total | CS34: Ofwat B6 | CV34: Band 1 | CW34: Band 2 | CX34: Band 3 | CY34: Band 4 | CZ34: Band 5 | DA34: Band 6 mod | DB34: Band 7 | DC34: Band 8 | DD34: Band 9 | DE34: Band 10 | DF34: Total | DG34: Ofwat B6
A35: ANH | B35: =IF(B4="","",1-B4/B$14) -> 0.37796254 | C35: =IF(C4="","",1-C4/C$14) -> 0.093170262 | D35: =IF(D4="","",1-D4/D$14) -> 0.17451137 | E35: =IF(E4="","",1-E4/E$14) -> 0.1196275 | F35: =IF(F4="","",1-F4/F$14) -> 0.13544947 | G35: =IF(G4="","",1-G4/G$14) -> 0.3536264 | H35: =IF(H4="","",1-H4/H$14) -> 0.19669067 | I35: =IF(I4="","",1-I4/I$14) -> 0.031447715 | ... M35: =IF(M4="","",1-M4/M$14) -> 0.1871521 | O35: ANH | P35: =IF(P4="","",1-P4/P$14) -> 0.33867308 | Q35: =IF(Q4="","",1-Q4/Q$14) -> 0.16915497 | R35: =IF(R4="","",1-R4/R$14) -> 0.209633 | S35: =IF(S4="","",1-S4/S$14) -> 0.12188028 | T35: =IF(T4="","",1-T4/T$14) -> 0.18059268 | U35: =IF(U4="","",1-U4/U$14) -> 0.028074036 | V35: =IF(V4="","",1-V4/V$14) -> 0.0883656 | W35: =IF(W4="","",1-W4/W$14) -> -0.053742241 | ... AA35: =IF(AA4="","",1-AA4/AA$14) -> -0.0658009 | AC35: ANH | AD35: =IF(AD4="","",1-AD4/AD$14) -> 0.22032751 | AE35: =IF(AE4="","",1-AE4/AE$14) -> 0.12835627 | AF35: =IF(AF4="","",1-AF4/AF$14) -> 0.16178723 | AG35: =IF(AG4="","",1-AG4/AG$14) -> 0.059336784 | AH35: =IF(AH4="","",1-AH4/AH$14) -> 0.08912526 | AI35: =IF(AI4="","",1-AI4/AI$14) -> 0.081197352 | AJ35: =IF(AJ4="","",1-AJ4/AJ$14) -> 0.029517088 | AK35: =IF(AK4="","",1-AK4/AK$14) -> -0.065972895 | ... AO35: =IF(AO4="","",1-AO4/AO$14) -> -0.11041165 | AQ35: ANH | AR35: =IF(AR4="","",1-AR4/AR$14) -> 0.27209162 | AS35: =IF(AS4="","",1-AS4/AS$14) -> 0.12449075 | AT35: =IF(AT4="","",1-AT4/AT$14) -> 0.19332615 | AU35: =IF(AU4="","",1-AU4/AU$14) -> 0.086332234 | AV35: =IF(AV4="","",1-AV4/AV$14) -> 0.14496989 | AW35: =IF(AW4="","",1-AW4/AW$14) -> -0.039688652 | AX35: =IF(AX4="","",1-AX4/AX$14) -> 0.066189337 | AY35: =IF(AY4="","",1-AY4/AY$14) -> 0.00095435886 | ... BC35: =IF(BC4="","",1-BC4/BC$14) -> -0.13046219 | BE35: ANH | BF35: =IF(BF4="","",1-BF4/BF$14) -> 0.23671738 | BG35: =IF(BG4="","",1-BG4/BG$14) -> 0.066453665 | BH35: =IF(BH4="","",1-BH4/BH$14) -> 0.24723976 | BI35: =IF(BI4="","",1-BI4/BI$14) -> 0.15911197 | BJ35: =IF(BJ4="","",1-BJ4/BJ$14) -> 0.19264924 | BK35: =IF(BK4="","",1-BK4/BK$14) -> 0.082030903 | BL35: =IF(BL4="","",1-BL4/BL$14) -> 0.013820949 | BM35: =IF(BM4="","",1-BM4/BM$14) -> 0.1092462 | ... BQ35: =IF(BQ4="","",1-BQ4/BQ$14) -> -0.083719929 | BS35: ANH | BT35: =IF(BT4="","",1-BT4/BT$14) -> 0.081088455 | BU35: =IF(BU4="","",1-BU4/BU$14) -> -0.031989538 | BV35: =IF(BV4="","",1-BV4/BV$14) -> 0.10833157 | BW35: =IF(BW4="","",1-BW4/BW$14) -> 0.089885512 | BX35: =IF(BX4="","",1-BX4/BX$14) -> 0.09083446 | BY35: =IF(BY4="","",1-BY4/BY$14) -> -0.05662183 | BZ35: =IF(BZ4="","",1-BZ4/BZ$14) -> 0.010671781 | CA35: =IF(CA4="","",1-CA4/CA$14) -> 0.040825004 | ... CE35: =IF(CE4="","",1-CE4/CE$14) -> -0.1794478 | CG35: ANH | CH35: =IF(CH4="","",1-CH4/CH$14) -> -0.0049863806 | CI35: =IF(CI4="","",1-CI4/CI$14) -> 0.059825325 | CJ35: =IF(CJ4="","",1-CJ4/CJ$14) -> 0.055336273 | CK35: =IF(CK4="","",1-CK4/CK$14) -> 0.038430549 | CL35: =IF(CL4="","",1-CL4/CL$14) -> 0.073349805 | CM35: =IF(CM4="","",1-CM4/CM$14) -> 0.28335965 | CN35: =IF(CN4="","",1-CN4/CN$14) -> -0.10912846 | CO35: =IF(CO4="","",1-CO4/CO$14) -> -0.20794369 | ... CS35: =IF(CS4="","",1-CS4/CS$14) -> -0.087409422 | CU35: ANH | CV35: =IF(CV4="","",1-CV4/CV$14) -> -0.033812016 | CW35: =IF(CW4="","",1-CW4/CW$14) -> 0.044117395 | CX35: =IF(CX4="","",1-CX4/CX$14) -> 0.024217502 | CY35: =IF(CY4="","",1-CY4/CY$14) -> 0.069982239 | CZ35: =IF(CZ4="","",1-CZ4/CZ$14) -> 0.12329452 | DA35: =IF(DA4="","",1-DA4/DA$14) -> 0.21188305 | DB35: =IF(DB4="","",1-DB4/DB$14) -> -0.21975414 | DC35: =IF(DC4="","",1-DC4/DC$14) -> -0.26899605 | ... DG35: =IF(DG4="","",1-DG4/DG$14) -> -0.18690284
A36: NES | B36: =IF(B5="","",1-B5/B$14) -> 0.12715882 | C36: =IF(C5="","",1-C5/C$14) -> 0.025146716 | D36: =IF(D5="","",1-D5/D$14) -> 0.31001143 | E36: =IF(E5="","",1-E5/E$14) -> -0.043990128 | F36: =IF(F5="","",1-F5/F$14) -> 0.21864285 | G36: =IF(G5="","",1-G5/G$14) -> -0.048982399 | H36: =IF(H5="","",1-H5/H$14) -> 0.53337208 | I36: =IF(I5="","",1-I5/I$14) -> 0.040015048 | ... M36: =IF(M5="","",1-M5/M$14) -> -0.25774301 | O36: NES | P36: =IF(P5="","",1-P5/P$14) -> 0.26305894 | Q36: =IF(Q5="","",1-Q5/Q$14) -> 0.10772191 | R36: =IF(R5="","",1-R5/R$14) -> 0.23354312 | S36: =IF(S5="","",1-S5/S$14) -> 0.080349269 | T36: =IF(T5="","",1-T5/T$14) -> 0.08009701 | U36: =IF(U5="","",1-U5/U$14) -> -0.028894415 | V36: =IF(V5="","",1-V5/V$14) -> 0.003234772 | W36: =IF(W5="","",1-W5/W$14) -> -1.947681 | ... AA36: =IF(AA5="","",1-AA5/AA$14) -> -0.45443727 | AC36: NES | AD36: =IF(AD5="","",1-AD5/AD$14) -> 0.32595471 | AE36: =IF(AE5="","",1-AE5/AE$14) -> 0.26944031 | AF36: =IF(AF5="","",1-AF5/AF$14) -> 0.25129402 | AG36: =IF(AG5="","",1-AG5/AG$14) -> 0.00097546912 | AH36: =IF(AH5="","",1-AH5/AH$14) -> 0.20894463 | AI36: =IF(AI5="","",1-AI5/AI$14) -> 0.18288194 | AJ36: =IF(AJ5="","",1-AJ5/AJ$14) -> -0.072280299 | AK36: =IF(AK5="","",1-AK5/AK$14) -> -1.5656667 | ... AO36: =IF(AO5="","",1-AO5/AO$14) -> -0.27293714 | AQ36: NES | AR36: =IF(AR5="","",1-AR5/AR$14) -> 0.31927461 | AS36: =IF(AS5="","",1-AS5/AS$14) -> 0.073723173 | AT36: =IF(AT5="","",1-AT5/AT$14) -> 0.16354477 | AU36: =IF(AU5="","",1-AU5/AU$14) -> 0.087104446 | AV36: =IF(AV5="","",1-AV5/AV$14) -> 0.095873927 | AW36: =IF(AW5="","",1-AW5/AW$14) -> 0.12959969 | AX36: =IF(AX5="","",1-AX5/AX$14) -> 0.020841128 | AY36: =IF(AY5="","",1-AY5/AY$14) -> -1.5656857 | ... BC36: =IF(BC5="","",1-BC5/BC$14) -> -0.23296186 | BE36: NES | BF36: =IF(BF5="","",1-BF5/BF$14) -> 0.37373891 | BG36: =IF(BG5="","",1-BG5/BG$14) -> 0.16349081 | BH36: =IF(BH5="","",1-BH5/BH$14) -> 0.19752844 | BI36: =IF(BI5="","",1-BI5/BI$14) -> 0.094378732 | BJ36: =IF(BJ5="","",1-BJ5/BJ$14) -> 0.024049509 | BK36: =IF(BK5="","",1-BK5/BK$14) -> 0.1000675 | BL36: =IF(BL5="","",1-BL5/BL$14) -> -0.05680075 | BM36: =IF(BM5="","",1-BM5/BM$14) -> -1.6736084 | ... BQ36: =IF(BQ5="","",1-BQ5/BQ$14) -> -0.25416238 | BS36: NES | BT36: =IF(BT5="","",1-BT5/BT$14) -> 0.1663241 | BU36: =IF(BU5="","",1-BU5/BU$14) -> 0.11252078 | BV36: =IF(BV5="","",1-BV5/BV$14) -> 0.07859758 | BW36: =IF(BW5="","",1-BW5/BW$14) -> 0.13939681 | BX36: =IF(BX5="","",1-BX5/BX$14) -> 0.025404634 | BY36: =IF(BY5="","",1-BY5/BY$14) -> 0.13017081 | BZ36: =IF(BZ5="","",1-BZ5/BZ$14) -> 0.14495657 | CA36: =IF(CA5="","",1-CA5/CA$14) -> -1.8240259 | ... CE36: =IF(CE5="","",1-CE5/CE$14) -> -0.19714653 | CG36: NES | CH36: =IF(CH5="","",1-CH5/CH$14) -> 0.31459127 | CI36: =IF(CI5="","",1-CI5/CI$14) -> 0.33309024 | CJ36: =IF(CJ5="","",1-CJ5/CJ$14) -> 0.16119307 | CK36: =IF(CK5="","",1-CK5/CK$14) -> 0.092369701 | CL36: =IF(CL5="","",1-CL5/CL$14) -> 0.081024875 | CM36: =IF(CM5="","",1-CM5/CM$14) -> 0.28113359 | CN36: =IF(CN5="","",1-CN5/CN$14) -> 0.2662396 | CO36: =IF(CO5="","",1-CO5/CO$14) -> -0.052869809 | ... CS36: =IF(CS5="","",1-CS5/CS$14) -> 0.1284509 | CU36: NES | CV36: =IF(CV5="","",1-CV5/CV$14) -> 0.20921198 | CW36: =IF(CW5="","",1-CW5/CW$14) -> 0.16930486 | CX36: =IF(CX5="","",1-CX5/CX$14) -> 0.068021465 | CY36: =IF(CY5="","",1-CY5/CY$14) -> 0.031084297 | CZ36: =IF(CZ5="","",1-CZ5/CZ$14) -> -0.073790084 | DA36: =IF(DA5="","",1-DA5/DA$14) -> 0.18672559 | DB36: =IF(DB5="","",1-DB5/DB$14) -> 0.12879027 | DC36: =IF(DC5="","",1-DC5/DC$14) -> -0.7630337 | ... DG36: =IF(DG5="","",1-DG5/DG$14) -> -0.03349925
A37: UU | B37: =IF(B6="","",1-B6/B$14) -> -0.17656562 | C37: =IF(C6="","",1-C6/C$14) -> -0.081937234 | D37: =IF(D6="","",1-D6/D$14) -> -0.47282469 | E37: =IF(E6="","",1-E6/E$14) -> -0.097194286 | F37: =IF(F6="","",1-F6/F$14) -> 0.031490911 | G37: =IF(G6="","",1-G6/G$14) -> 0.17147031 | H37: =IF(H6="","",1-H6/H$14) -> 0.17489831 | I37: =IF(I6="","",1-I6/I$14) -> 0.18372214 | ... M37: =IF(M6="","",1-M6/M$14) -> 0.17386212 | O37: UU | P37: =IF(P6="","",1-P6/P$14) -> -0.21403144 | Q37: =IF(Q6="","",1-Q6/Q$14) -> -0.33319662 | R37: =IF(R6="","",1-R6/R$14) -> -0.49029506 | S37: =IF(S6="","",1-S6/S$14) -> -0.10963813 | T37: =IF(T6="","",1-T6/T$14) -> 0.015001375 | U37: =IF(U6="","",1-U6/U$14) -> -0.12407558 | V37: =IF(V6="","",1-V6/V$14) -> 0.073500454 | W37: =IF(W6="","",1-W6/W$14) -> 0.1468967 | ... AA37: =IF(AA6="","",1-AA6/AA$14) -> -0.07418473 | AC37: UU | AD37: =IF(AD6="","",1-AD6/AD$14) -> -0.54076175 | AE37: =IF(AE6="","",1-AE6/AE$14) -> -0.30995821 | AF37: =IF(AF6="","",1-AF6/AF$14) -> -0.45468623 | AG37: =IF(AG6="","",1-AG6/AG$14) -> -0.074115427 | AH37: =IF(AH6="","",1-AH6/AH$14) -> -0.022047568 | AI37: =IF(AI6="","",1-AI6/AI$14) -> -0.021544344 | AJ37: =IF(AJ6="","",1-AJ6/AJ$14) -> 0.077954615 | AK37: =IF(AK6="","",1-AK6/AK$14) -> 0.19750183 | ... AO37: =IF(AO6="","",1-AO6/AO$14) -> -0.0099125719 | AQ37: UU | AR37: =IF(AR6="","",1-AR6/AR$14) -> -0.31022024 | AS37: =IF(AS6="","",1-AS6/AS$14) -> -0.12952639 | AT37: =IF(AT6="","",1-AT6/AT$14) -> -0.20167218 | AU37: =IF(AU6="","",1-AU6/AU$14) -> 0.075192113 | AV37: =IF(AV6="","",1-AV6/AV$14) -> 0.11364724 | AW37: =IF(AW6="","",1-AW6/AW$14) -> -0.026490532 | AX37: =IF(AX6="","",1-AX6/AX$14) -> 0.19679293 | AY37: =IF(AY6="","",1-AY6/AY$14) -> 0.10420625 | ... BC37: =IF(BC6="","",1-BC6/BC$14) -> 0.049358939 | BE37: UU | BF37: =IF(BF6="","",1-BF6/BF$14) -> -0.61418976 | BG37: =IF(BG6="","",1-BG6/BG$14) -> -0.40373884 | BH37: =IF(BH6="","",1-BH6/BH$14) -> -0.49365556 | BI37: =IF(BI6="","",1-BI6/BI$14) -> -0.2141277 | BJ37: =IF(BJ6="","",1-BJ6/BJ$14) -> -0.051952664 | BK37: =IF(BK6="","",1-BK6/BK$14) -> -0.094594763 | BL37: =IF(BL6="","",1-BL6/BL$14) -> 0.088615932 | BM37: =IF(BM6="","",1-BM6/BM$14) -> -0.045894656 | ... BQ37: =IF(BQ6="","",1-BQ6/BQ$14) -> -0.09250096 | BS37: UU | BT37: =IF(BT6="","",1-BT6/BT$14) -> -0.81636995 | BU37: =IF(BU6="","",1-BU6/BU$14) -> -0.42867126 | BV37: =IF(BV6="","",1-BV6/BV$14) -> -0.43428352 | BW37: =IF(BW6="","",1-BW6/BW$14) -> -0.046202123 | BX37: =IF(BX6="","",1-BX6/BX$14) -> 0.077886083 | BY37: =IF(BY6="","",1-BY6/BY$14) -> 0.040606224 | BZ37: =IF(BZ6="","",1-BZ6/BZ$14) -> 0.19446718 | CA37: =IF(CA6="","",1-CA6/CA$14) -> 0.097098153 | ... CE37: =IF(CE6="","",1-CE6/CE$14) -> 0.0088475126 | CG37: UU | CH37: =IF(CH6="","",1-CH6/CH$14) -> -0.94136695 | CI37: =IF(CI6="","",1-CI6/CI$14) -> -0.50154438 | CJ37: =IF(CJ6="","",1-CJ6/CJ$14) -> -0.33313729 | CK37: =IF(CK6="","",1-CK6/CK$14) -> 0.021338653 | CL37: =IF(CL6="","",1-CL6/CL$14) -> 0.22814379 | CM37: =IF(CM6="","",1-CM6/CM$14) -> 0.20533702 | CN37: =IF(CN6="","",1-CN6/CN$14) -> 0.076265757 | CO37: =IF(CO6="","",1-CO6/CO$14) -> -0.1635542 | ... CS37: =IF(CS6="","",1-CS6/CS$14) -> -0.048773452 | CU37: UU | CV37: =IF(CV6="","",1-CV6/CV$14) -> -0.70374142 | CW37: =IF(CW6="","",1-CW6/CW$14) -> -0.44373373 | CX37: =IF(CX6="","",1-CX6/CX$14) -> -0.38717171 | CY37: =IF(CY6="","",1-CY6/CY$14) -> -0.024300118 | CZ37: =IF(CZ6="","",1-CZ6/CZ$14) -> 0.13448531 | DA37: =IF(DA6="","",1-DA6/DA$14) -> 0.32586126 | DB37: =IF(DB6="","",1-DB6/DB$14) -> 0.077546858 | DC37: =IF(DC6="","",1-DC6/DC$14) -> 0.022821748 | ... DG37: =IF(DG6="","",1-DG6/DG$14) -> 0.062509506
A38: SRN | B38: =IF(B7="","",1-B7/B$14) -> -3.4439915 | C38: =IF(C7="","",1-C7/C$14) -> -0.24896412 | D38: =IF(D7="","",1-D7/D$14) -> -0.4109177 | E38: =IF(E7="","",1-E7/E$14) -> -0.28210398 | F38: =IF(F7="","",1-F7/F$14) -> -0.29775889 | G38: =IF(G7="","",1-G7/G$14) -> -1.0526357 | H38: =IF(H7="","",1-H7/H$14) -> -0.29382402 | I38: =IF(I7="","",1-I7/I$14) -> -0.025923108 | ... M38: =IF(M7="","",1-M7/M$14) -> -0.9223825 | O38: SRN | P38: =IF(P7="","",1-P7/P$14) -> -0.56839273 | Q38: =IF(Q7="","",1-Q7/Q$14) -> -0.41633933 | R38: =IF(R7="","",1-R7/R$14) -> -0.44330392 | S38: =IF(S7="","",1-S7/S$14) -> -0.28066492 | T38: =IF(T7="","",1-T7/T$14) -> -0.20860096 | U38: =IF(U7="","",1-U7/U$14) -> -0.10957569 | V38: =IF(V7="","",1-V7/V$14) -> 0.14338588 | W38: =IF(W7="","",1-W7/W$14) -> 0.21861586 | ... AA38: =IF(AA7="","",1-AA7/AA$14) -> -0.10267087 | AC38: SRN | AD38: =IF(AD7="","",1-AD7/AD$14) -> -0.7791811 | AE38: =IF(AE7="","",1-AE7/AE$14) -> -0.10168672 | AF38: =IF(AF7="","",1-AF7/AF$14) -> -0.42558387 | AG38: =IF(AG7="","",1-AG7/AG$14) -> -0.31910759 | AH38: =IF(AH7="","",1-AH7/AH$14) -> -0.288027 | AI38: =IF(AI7="","",1-AI7/AI$14) -> -0.14510801 | AJ38: =IF(AJ7="","",1-AJ7/AJ$14) -> 0.23340733 | AK38: =IF(AK7="","",1-AK7/AK$14) -> 0.26598594 | ... AO38: =IF(AO7="","",1-AO7/AO$14) -> -0.075269766 | AQ38: SRN | AR38: =IF(AR7="","",1-AR7/AR$14) -> -0.69310885 | AS38: =IF(AS7="","",1-AS7/AS$14) -> -0.35649743 | AT38: =IF(AT7="","",1-AT7/AT$14) -> -0.49007843 | AU38: =IF(AU7="","",1-AU7/AU$14) -> -0.19085905 | AV38: =IF(AV7="","",1-AV7/AV$14) -> -0.15545568 | AW38: =IF(AW7="","",1-AW7/AW$14) -> 0.26774023 | AX38: =IF(AX7="","",1-AX7/AX$14) -> 0.10457694 | AY38: =IF(AY7="","",1-AY7/AY$14) -> 0.16549405 | ... BC38: =IF(BC7="","",1-BC7/BC$14) -> 0.089300351 | BE38: SRN | BF38: =IF(BF7="","",1-BF7/BF$14) -> -0.68478328 | BG38: =IF(BG7="","",1-BG7/BG$14) -> -0.40422339 | BH38: =IF(BH7="","",1-BH7/BH$14) -> -0.41351916 | BI38: =IF(BI7="","",1-BI7/BI$14) -> -0.15511722 | BJ38: =IF(BJ7="","",1-BJ7/BJ$14) -> -0.10678283 | BK38: =IF(BK7="","",1-BK7/BK$14) -> 0.19951359 | BL38: =IF(BL7="","",1-BL7/BL$14) -> 0.28133645 | BM38: =IF(BM7="","",1-BM7/BM$14) -> 0.36057558 | ... BQ38: =IF(BQ7="","",1-BQ7/BQ$14) -> 0.13979217 | BS38: SRN | BT38: =IF(BT7="","",1-BT7/BT$14) -> -0.084788863 | BU38: =IF(BU7="","",1-BU7/BU$14) -> -0.28462066 | BV38: =IF(BV7="","",1-BV7/BV$14) -> -0.31346249 | BW38: =IF(BW7="","",1-BW7/BW$14) -> -0.26457051 | BX38: =IF(BX7="","",1-BX7/BX$14) -> -0.16085644 | BY38: =IF(BY7="","",1-BY7/BY$14) -> 0.16152746 | BZ38: =IF(BZ7="","",1-BZ7/BZ$14) -> 0.19165684 | CA38: =IF(CA7="","",1-CA7/CA$14) -> 0.32132729 | ... CE38: =IF(CE7="","",1-CE7/CE$14) -> 0.075887753 | CG38: SRN | CH38: =IF(CH7="","",1-CH7/CH$14) -> 0.003885869 | CI38: =IF(CI7="","",1-CI7/CI$14) -> -0.42379027 | CJ38: =IF(CJ7="","",1-CJ7/CJ$14) -> -0.23435493 | CK38: =IF(CK7="","",1-CK7/CK$14) -> 0.078882318 | CL38: =IF(CL7="","",1-CL7/CL$14) -> -0.053590673 | CM38: =IF(CM7="","",1-CM7/CM$14) -> 0.18607597 | CN38: =IF(CN7="","",1-CN7/CN$14) -> 0.025890364 | CO38: =IF(CO7="","",1-CO7/CO$14) -> 0.2937214 | ... CS38: =IF(CS7="","",1-CS7/CS$14) -> -0.15666452 | CU38: SRN | CV38: =IF(CV7="","",1-CV7/CV$14) -> -0.1654568 | CW38: =IF(CW7="","",1-CW7/CW$14) -> -0.53436626 | CX38: =IF(CX7="","",1-CX7/CX$14) -> -0.40036148 | CY38: =IF(CY7="","",1-CY7/CY$14) -> -0.069356976 | CZ38: =IF(CZ7="","",1-CZ7/CZ$14) -> -0.1821069 | DA38: =IF(DA7="","",1-DA7/DA$14) -> -0.10753711 | DB38: =IF(DB7="","",1-DB7/DB$14) -> 0.09747723 | DC38: =IF(DC7="","",1-DC7/DC$14) -> -0.12097488 | ... DG38: =IF(DG7="","",1-DG7/DG$14) -> -0.44899032
A39: SVT | B39: =IF(B8="","",1-B8/B$14) -> -0.016201918 | C39: =IF(C8="","",1-C8/C$14) -> 0.073457192 | D39: =IF(D8="","",1-D8/D$14) -> -0.1376811 | E39: =IF(E8="","",1-E8/E$14) -> -0.14284815 | F39: =IF(F8="","",1-F8/F$14) -> -0.26308142 | G39: =IF(G8="","",1-G8/G$14) -> 0.65249795 | H39: =IF(H8="","",1-H8/H$14) -> 0.18973019 | I39: =IF(I8="","",1-I8/I$14) -> 0.080469429 | ... M39: =IF(M8="","",1-M8/M$14) -> 0.44077593 | O39: SVT | P39: =IF(P8="","",1-P8/P$14) -> -0.077381923 | Q39: =IF(Q8="","",1-Q8/Q$14) -> 0.035928807 | R39: =IF(R8="","",1-R8/R$14) -> -0.038133882 | S39: =IF(S8="","",1-S8/S$14) -> -0.088518166 | T39: =IF(T8="","",1-T8/T$14) -> -0.14689908 | U39: =IF(U8="","",1-U8/U$14) -> 0.54546878 | V39: =IF(V8="","",1-V8/V$14) -> 0.10989355 | W39: =IF(W8="","",1-W8/W$14) -> 0.22888428 | ... AA39: =IF(AA8="","",1-AA8/AA$14) -> 0.40028167 | AC39: SVT | AD39: =IF(AD8="","",1-AD8/AD$14) -> -0.18156805 | AE39: =IF(AE8="","",1-AE8/AE$14) -> 0.045434359 | AF39: =IF(AF8="","",1-AF8/AF$14) -> -0.043006229 | AG39: =IF(AG8="","",1-AG8/AG$14) -> 0.0083544409 | AH39: =IF(AH8="","",1-AH8/AH$14) -> -0.031135445 | AI39: =IF(AI8="","",1-AI8/AI$14) -> 0.27552546 | AJ39: =IF(AJ8="","",1-AJ8/AJ$14) -> 0.27410597 | AK39: =IF(AK8="","",1-AK8/AK$14) -> 0.32739976 | ... AO39: =IF(AO8="","",1-AO8/AO$14) -> 0.28772904 | AQ39: SVT | AR39: =IF(AR8="","",1-AR8/AR$14) -> -0.39566942 | AS39: =IF(AS8="","",1-AS8/AS$14) -> -0.16488967 | AT39: =IF(AT8="","",1-AT8/AT$14) -> -0.15422559 | AU39: =IF(AU8="","",1-AU8/AU$14) -> -0.10804196 | AV39: =IF(AV8="","",1-AV8/AV$14) -> -0.12456271 | AW39: =IF(AW8="","",1-AW8/AW$14) -> 0.2154481 | AX39: =IF(AX8="","",1-AX8/AX$14) -> 0.11587798 | AY39: =IF(AY8="","",1-AY8/AY$14) -> 0.30363832 | ... BC39: =IF(BC8="","",1-BC8/BC$14) -> 0.23062991 | BE39: SVT | BF39: =IF(BF8="","",1-BF8/BF$14) -> -0.14291004 | BG39: =IF(BG8="","",1-BG8/BG$14) -> -0.11501835 | BH39: =IF(BH8="","",1-BH8/BH$14) -> -0.02010437 | BI39: =IF(BI8="","",1-BI8/BI$14) -> -0.048682293 | BJ39: =IF(BJ8="","",1-BJ8/BJ$14) -> 0.010959645 | BK39: =IF(BK8="","",1-BK8/BK$14) -> 0.15771081 | BL39: =IF(BL8="","",1-BL8/BL$14) -> 0.21114383 | BM39: =IF(BM8="","",1-BM8/BM$14) -> 0.35206603 | ... BQ39: =IF(BQ8="","",1-BQ8/BQ$14) -> 0.21755582 | BS39: SVT | BT39: =IF(BT8="","",1-BT8/BT$14) -> -0.3289945 | BU39: =IF(BU8="","",1-BU8/BU$14) -> -0.21487119 | BV39: =IF(BV8="","",1-BV8/BV$14) -> -0.10730578 | BW39: =IF(BW8="","",1-BW8/BW$14) -> -0.00011709656 | BX39: =IF(BX8="","",1-BX8/BX$14) -> 0.060626678 | BY39: =IF(BY8="","",1-BY8/BY$14) -> 0.27462585 | BZ39: =IF(BZ8="","",1-BZ8/BZ$14) -> 0.26607289 | CA39: =IF(CA8="","",1-CA8/CA$14) -> 0.32315217 | ... CE39: =IF(CE8="","",1-CE8/CE$14) -> 0.29956453 | CG39: SVT | CH39: =IF(CH8="","",1-CH8/CH$14) -> -0.32950322 | CI39: =IF(CI8="","",1-CI8/CI$14) -> -0.13406273 | CJ39: =IF(CJ8="","",1-CJ8/CJ$14) -> -0.16878654 | CK39: =IF(CK8="","",1-CK8/CK$14) -> -0.09467643 | CL39: =IF(CL8="","",1-CL8/CL$14) -> -0.017876814 | CM39: =IF(CM8="","",1-CM8/CM$14) -> 0.21291163 | CN39: =IF(CN8="","",1-CN8/CN$14) -> 0.36882512 | CO39: =IF(CO8="","",1-CO8/CO$14) -> 0.15141367 | ... CS39: =IF(CS8="","",1-CS8/CS$14) -> 0.22179333 | CU39: SVT | CV39: =IF(CV8="","",1-CV8/CV$14) -> -0.19838849 | CW39: =IF(CW8="","",1-CW8/CW$14) -> -0.19525371 | CX39: =IF(CX8="","",1-CX8/CX$14) -> 0.01497615 | CY39: =IF(CY8="","",1-CY8/CY$14) -> -0.049369044 | CZ39: =IF(CZ8="","",1-CZ8/CZ$14) -> -0.0072855083 | DA39: =IF(DA8="","",1-DA8/DA$14) -> 0.14635297 | DB39: =IF(DB8="","",1-DB8/DB$14) -> 0.23424748 | DC39: =IF(DC8="","",1-DC8/DC$14) -> 0.30954455 | ... DG39: =IF(DG8="","",1-DG8/DG$14) -> 0.19682714
A40: SWB | B40: =IF(B9="","",1-B9/B$14) -> 0.26127007 | C40: =IF(C9="","",1-C9/C$14) -> -0.079944411 | D40: =IF(D9="","",1-D9/D$14) -> -0.023053098 | E40: =IF(E9="","",1-E9/E$14) -> -0.082520821 | F40: =IF(F9="","",1-F9/F$14) -> -0.19443223 | G40: =IF(G9="","",1-G9/G$14) -> -0.27181432 | H40: =IF(H9="","",1-H9/H$14) -> 0.58636147 | I40: =IF(I9="","",1-I9/I$14) | ... M40: =IF(M9="","",1-M9/M$14) -> -0.3876571 | O40: SWB | P40: =IF(P9="","",1-P9/P$14) -> 0.26416366 | Q40: =IF(Q9="","",1-Q9/Q$14) -> -0.084393582 | R40: =IF(R9="","",1-R9/R$14) -> -0.019418322 | S40: =IF(S9="","",1-S9/S$14) -> -0.19817972 | T40: =IF(T9="","",1-T9/T$14) -> -0.29481246 | U40: =IF(U9="","",1-U9/U$14) -> -0.44798544 | V40: =IF(V9="","",1-V9/V$14) -> 0.60776072 | W40: =IF(W9="","",1-W9/W$14) | ... AA40: =IF(AA9="","",1-AA9/AA$14) -> -0.43874392 | AC40: SWB | AD40: =IF(AD9="","",1-AD9/AD$14) -> 0.27113404 | AE40: =IF(AE9="","",1-AE9/AE$14) -> -0.086597497 | AF40: =IF(AF9="","",1-AF9/AF$14) -> -0.049388574 | AG40: =IF(AG9="","",1-AG9/AG$14) -> -0.19870438 | AH40: =IF(AH9="","",1-AH9/AH$14) -> -0.29284414 | AI40: =IF(AI9="","",1-AI9/AI$14) -> -0.027626478 | AJ40: =IF(AJ9="","",1-AJ9/AJ$14) -> 0.011172886 | AK40: =IF(AK9="","",1-AK9/AK$14) | ... AO40: =IF(AO9="","",1-AO9/AO$14) -> -0.29041469 | AQ40: SWB | AR40: =IF(AR9="","",1-AR9/AR$14) -> 0.27958531 | AS40: =IF(AS9="","",1-AS9/AS$14) -> 0.0033977954 | AT40: =IF(AT9="","",1-AT9/AT$14) -> 0.016398414 | AU40: =IF(AU9="","",1-AU9/AU$14) -> -0.23040235 | AV40: =IF(AV9="","",1-AV9/AV$14) -> -0.25050051 | AW40: =IF(AW9="","",1-AW9/AW$14) -> -0.078763466 | AX40: =IF(AX9="","",1-AX9/AX$14) -> -0.18300519 | AY40: =IF(AY9="","",1-AY9/AY$14) | ... BC40: =IF(BC9="","",1-BC9/BC$14) -> -0.41345791 | BE40: SWB | BF40: =IF(BF9="","",1-BF9/BF$14) -> 0.3408585 | BG40: =IF(BG9="","",1-BG9/BG$14) -> -0.084364633 | BH40: =IF(BH9="","",1-BH9/BH$14) -> -0.085897947 | BI40: =IF(BI9="","",1-BI9/BI$14) -> -0.34745223 | BJ40: =IF(BJ9="","",1-BJ9/BJ$14) -> -0.22704821 | BK40: =IF(BK9="","",1-BK9/BK$14) -> -0.063957301 | BL40: =IF(BL9="","",1-BL9/BL$14) -> -0.1830939 | BM40: =IF(BM9="","",1-BM9/BM$14) | ... BQ40: =IF(BQ9="","",1-BQ9/BQ$14) -> -0.36941836 | BS40: SWB | BT40: =IF(BT9="","",1-BT9/BT$14) -> 0.29251796 | BU40: =IF(BU9="","",1-BU9/BU$14) -> -0.039153755 | BV40: =IF(BV9="","",1-BV9/BV$14) -> -0.067082715 | BW40: =IF(BW9="","",1-BW9/BW$14) -> -0.22819701 | BX40: =IF(BX9="","",1-BX9/BX$14) -> -0.14570156 | BY40: =IF(BY9="","",1-BY9/BY$14) -> -0.22193412 | BZ40: =IF(BZ9="","",1-BZ9/BZ$14) -> -0.030656017 | CA40: =IF(CA9="","",1-CA9/CA$14) | ... CE40: =IF(CE9="","",1-CE9/CE$14) -> -0.4778836 | CG40: SWB | CH40: =IF(CH9="","",1-CH9/CH$14) -> 0.28879034 | CI40: =IF(CI9="","",1-CI9/CI$14) -> 0.034400628 | CJ40: =IF(CJ9="","",1-CJ9/CJ$14) -> -0.041455764 | CK40: =IF(CK9="","",1-CK9/CK$14) -> -0.28884383 | CL40: =IF(CL9="","",1-CL9/CL$14) -> -0.2884319 | CM40: =IF(CM9="","",1-CM9/CM$14) -> 0.12824303 | CN40: =IF(CN9="","",1-CN9/CN$14) -> -0.46383434 | CO40: =IF(CO9="","",1-CO9/CO$14) | ... CS40: =IF(CS9="","",1-CS9/CS$14) -> -0.55363825 | CU40: SWB | CV40: =IF(CV9="","",1-CV9/CV$14) -> 0.33432312 | CW40: =IF(CW9="","",1-CW9/CW$14) -> 0.025780928 | CX40: =IF(CX9="","",1-CX9/CX$14) -> -0.071475495 | CY40: =IF(CY9="","",1-CY9/CY$14) -> -0.2383319 | CZ40: =IF(CZ9="","",1-CZ9/CZ$14) -> -0.232252 | DA40: =IF(DA9="","",1-DA9/DA$14) -> 0.025858499 | DB40: =IF(DB9="","",1-DB9/DB$14) -> -0.48141501 | DC40: =IF(DC9="","",1-DC9/DC$14) | ... DG40: =IF(DG9="","",1-DG9/DG$14) -> -0.65928032
A41: TMS | B41: =IF(B10="","",1-B10/B$14) -> 0.15037081 | C41: =IF(C10="","",1-C10/C$14) -> -0.24907536 | D41: =IF(D10="","",1-D10/D$14) -> -0.023055578 | E41: =IF(E10="","",1-E10/E$14) -> -0.001989898 | F41: =IF(F10="","",1-F10/F$14) -> 0.017258364 | G41: =IF(G10="","",1-G10/G$14) -> -0.21691154 | H41: =IF(H10="","",1-H10/H$14) -> -0.71169729 | I41: =IF(I10="","",1-I10/I$14) -> -0.31387737 | ... M41: =IF(M10="","",1-M10/M$14) -> -0.045782438 | O41: TMS | P41: =IF(P10="","",1-P10/P$14) -> 0.070971631 | Q41: =IF(Q10="","",1-Q10/Q$14) -> -0.06265178 | R41: =IF(R10="","",1-R10/R$14) -> 0.037117914 | S41: =IF(S10="","",1-S10/S$14) -> 0.048816683 | T41: =IF(T10="","",1-T10/T$14) -> -0.085750079 | U41: =IF(U10="","",1-U10/U$14) -> -0.19288368 | V41: =IF(V10="","",1-V10/V$14) -> -0.36733788 | W41: =IF(W10="","",1-W10/W$14) -> 0.091697352 | ... AA41: =IF(AA10="","",1-AA10/AA$14) -> 0.030438049 | AC41: TMS | AD41: =IF(AD10="","",1-AD10/AD$14) -> -0.44584045 | AE41: =IF(AE10="","",1-AE10/AE$14) -> -0.20360395 | AF41: =IF(AF10="","",1-AF10/AF$14) -> -0.073707989 | AG41: =IF(AG10="","",1-AG10/AG$14) -> -0.013966881 | AH41: =IF(AH10="","",1-AH10/AH$14) -> -0.053863411 | AI41: =IF(AI10="","",1-AI10/AI$14) -> -0.29664989 | AJ41: =IF(AJ10="","",1-AJ10/AJ$14) -> -0.4334604 | AK41: =IF(AK10="","",1-AK10/AK$14) -> -0.10194782 | ... AO41: =IF(AO10="","",1-AO10/AO$14) -> 0.030979927 | AQ41: TMS | AR41: =IF(AR10="","",1-AR10/AR$14) -> -0.47413777 | AS41: =IF(AS10="","",1-AS10/AS$14) -> -0.20656737 | AT41: =IF(AT10="","",1-AT10/AT$14) -> 0.081556264 | AU41: =IF(AU10="","",1-AU10/AU$14) -> -0.054914617 | AV41: =IF(AV10="","",1-AV10/AV$14) -> -0.12017971 | AW41: =IF(AW10="","",1-AW10/AW$14) -> -0.35578583 | AX41: =IF(AX10="","",1-AX10/AX$14) -> -0.45629274 | AY41: =IF(AY10="","",1-AY10/AY$14) -> -0.07722286 | ... BC41: =IF(BC10="","",1-BC10/BC$14) -> 0.0096066941 | BE41: TMS | BF41: =IF(BF10="","",1-BF10/BF$14) -> 0.15222847 | BG41: =IF(BG10="","",1-BG10/BG$14) -> 0.27217268 | BH41: =IF(BH10="","",1-BH10/BH$14) -> 0.23686586 | BI41: =IF(BI10="","",1-BI10/BI$14) -> -0.05969231 | BJ41: =IF(BJ10="","",1-BJ10/BJ$14) -> -0.13805703 | BK41: =IF(BK10="","",1-BK10/BK$14) -> -0.35099783 | BL41: =IF(BL10="","",1-BL10/BL$14) -> -0.39689276 | BM41: =IF(BM10="","",1-BM10/BM$14) -> -0.12893472 | ... BQ41: =IF(BQ10="","",1-BQ10/BQ$14) -> 0.021052512 | BS41: TMS | BT41: =IF(BT10="","",1-BT10/BT$14) -> 0.19604641 | BU41: =IF(BU10="","",1-BU10/BU$14) -> 0.20253553 | BV41: =IF(BV10="","",1-BV10/BV$14) -> 0.15801996 | BW41: =IF(BW10="","",1-BW10/BW$14) -> 0.10890039 | BX41: =IF(BX10="","",1-BX10/BX$14) -> 0.092568781 | BY41: =IF(BY10="","",1-BY10/BY$14) -> -0.32609131 | BZ41: =IF(BZ10="","",1-BZ10/BZ$14) -> -0.30521854 | CA41: =IF(CA10="","",1-CA10/CA$14) -> -0.082838353 | ... CE41: =IF(CE10="","",1-CE10/CE$14) -> 0.070977156 | CG41: TMS | CH41: =IF(CH10="","",1-CH10/CH$14) -> 0.36568251 | CI41: =IF(CI10="","",1-CI10/CI$14) -> 0.11192326 | CJ41: =IF(CJ10="","",1-CJ10/CJ$14) -> 0.41422834 | CK41: =IF(CK10="","",1-CK10/CK$14) -> 0.31564946 | CL41: =IF(CL10="","",1-CL10/CL$14) -> 0.39307123 | CM41: =IF(CM10="","",1-CM10/CM$14) -> -0.25140685 | CN41: =IF(CN10="","",1-CN10/CN$14) -> -0.16263177 | CO41: =IF(CO10="","",1-CO10/CO$14) -> -0.34895043 | ... CS41: =IF(CS10="","",1-CS10/CS$14) -> 0.22042433 | CU41: TMS | CV41: =IF(CV10="","",1-CV10/CV$14) -> 0.40421828 | CW41: =IF(CW10="","",1-CW10/CW$14) -> 0.45688401 | CX41: =IF(CX10="","",1-CX10/CX$14) -> 0.41471594 | CY41: =IF(CY10="","",1-CY10/CY$14) -> 0.41857488 | CZ41: =IF(CZ10="","",1-CZ10/CZ$14) -> 0.3960416 | DA41: =IF(DA10="","",1-DA10/DA$14) -> 0.22668869 | DB41: =IF(DB10="","",1-DB10/DB$14) -> -0.050158303 | DC41: =IF(DC10="","",1-DC10/DC$14) -> -0.14128618 | ... DG41: =IF(DG10="","",1-DG10/DG$14) -> 0.30978883
A42: WSH | B42: =IF(B11="","",1-B11/B$14) -> 0.13372359 | C42: =IF(C11="","",1-C11/C$14) -> -0.057104219 | D42: =IF(D11="","",1-D11/D$14) -> 0.17187082 | E42: =IF(E11="","",1-E11/E$14) -> 0.026849157 | F42: =IF(F11="","",1-F11/F$14) -> 0.034794428 | G42: =IF(G11="","",1-G11/G$14) -> 0.18460759 | H42: =IF(H11="","",1-H11/H$14) -> -0.2496668 | I42: =IF(I11="","",1-I11/I$14) -> 0.66161897 | ... M42: =IF(M11="","",1-M11/M$14) -> 0.061389282 | O42: WSH | P42: =IF(P11="","",1-P11/P$14) -> -0.41304135 | Q42: =IF(Q11="","",1-Q11/Q$14) -> 0.18507422 | R42: =IF(R11="","",1-R11/R$14) -> 0.10624266 | S42: =IF(S11="","",1-S11/S$14) -> -0.10566285 | T42: =IF(T11="","",1-T11/T$14) -> 0.02819283 | U42: =IF(U11="","",1-U11/U$14) -> 0.19276094 | V42: =IF(V11="","",1-V11/V$14) -> -0.068155911 | W42: =IF(W11="","",1-W11/W$14) -> 0.69591923 | ... AA42: =IF(AA11="","",1-AA11/AA$14) -> 0.12274412 | AC42: WSH | AD42: =IF(AD11="","",1-AD11/AD$14) -> 0.23607897 | AE42: =IF(AE11="","",1-AE11/AE$14) -> -0.038047999 | AF42: =IF(AF11="","",1-AF11/AF$14) -> 0.16745967 | AG42: =IF(AG11="","",1-AG11/AG$14) -> 0.043677037 | AH42: =IF(AH11="","",1-AH11/AH$14) -> 0.048235527 | AI42: =IF(AI11="","",1-AI11/AI$14) -> 0.25316759 | AJ42: =IF(AJ11="","",1-AJ11/AJ$14) -> 0.021342805 | AK42: =IF(AK11="","",1-AK11/AK$14) -> 0.51256551 | ... AO42: =IF(AO11="","",1-AO11/AO$14) -> 0.18102725 | AQ42: WSH | AR42: =IF(AR11="","",1-AR11/AR$14) -> 0.14190111 | AS42: =IF(AS11="","",1-AS11/AS$14) -> 0.29043924 | AT42: =IF(AT11="","",1-AT11/AT$14) -> 0.20399191 | AU42: =IF(AU11="","",1-AU11/AU$14) -> 0.048280591 | AV42: =IF(AV11="","",1-AV11/AV$14) -> 0.056324109 | AW42: =IF(AW11="","",1-AW11/AW$14) -> 0.079038973 | AX42: =IF(AX11="","",1-AX11/AX$14) -> 0.030702786 | AY42: =IF(AY11="","",1-AY11/AY$14) -> 0.57926645 | ... BC42: =IF(BC11="","",1-BC11/BC$14) -> 0.13808945 | BE42: WSH | BF42: =IF(BF11="","",1-BF11/BF$14) -> 0.14847003 | BG42: =IF(BG11="","",1-BG11/BG$14) -> 0.24341525 | BH42: =IF(BH11="","",1-BH11/BH$14) -> 0.18833725 | BI42: =IF(BI11="","",1-BI11/BI$14) -> -0.080741374 | BJ42: =IF(BJ11="","",1-BJ11/BJ$14) -> -0.035227127 | BK42: =IF(BK11="","",1-BK11/BK$14) -> 0.12567484 | BL42: =IF(BL11="","",1-BL11/BL$14) -> -0.082263926 | BM42: =IF(BM11="","",1-BM11/BM$14) -> 0.52809814 | ... BQ42: =IF(BQ11="","",1-BQ11/BQ$14) -> 0.095312514 | BS42: WSH | BT42: =IF(BT11="","",1-BT11/BT$14) -> 0.035040655 | BU42: =IF(BU11="","",1-BU11/BU$14) -> 0.23853065 | BV42: =IF(BV11="","",1-BV11/BV$14) -> 0.24664881 | BW42: =IF(BW11="","",1-BW11/BW$14) -> 0.081562853 | BX42: =IF(BX11="","",1-BX11/BX$14) -> 0.10421556 | BY42: =IF(BY11="","",1-BY11/BY$14) -> 0.24706247 | BZ42: =IF(BZ11="","",1-BZ11/BZ$14) -> 0.033796379 | CA42: =IF(CA11="","",1-CA11/CA$14) -> 0.45705028 | ... CE42: =IF(CE11="","",1-CE11/CE$14) -> 0.16280963 | CG42: WSH | CH42: =IF(CH11="","",1-CH11/CH$14) -> 0.10876814 | CI42: =IF(CI11="","",1-CI11/CI$14) -> 0.047130169 | CJ42: =IF(CJ11="","",1-CJ11/CJ$14) -> 0.091758906 | CK42: =IF(CK11="","",1-CK11/CK$14) -> -0.0069993158 | CL42: =IF(CL11="","",1-CL11/CL$14) -> -0.21507177 | CM42: =IF(CM11="","",1-CM11/CM$14) -> -0.024187779 | CN42: =IF(CN11="","",1-CN11/CN$14) -> 0.07617627 | CO42: =IF(CO11="","",1-CO11/CO$14) -> -0.04608149 | ... CS42: =IF(CS11="","",1-CS11/CS$14) -> -0.011046863 | CU42: WSH | CV42: =IF(CV11="","",1-CV11/CV$14) -> -0.06645828 | CW42: =IF(CW11="","",1-CW11/CW$14) -> 0.12343159 | CX42: =IF(CX11="","",1-CX11/CX$14) -> 0.11482095 | CY42: =IF(CY11="","",1-CY11/CY$14) -> -0.073534056 | CZ42: =IF(CZ11="","",1-CZ11/CZ$14) -> -0.19555386 | DA42: =IF(DA11="","",1-DA11/DA$14) -> -0.12126445 | DB42: =IF(DB11="","",1-DB11/DB$14) -> 0.17431421 | DC42: =IF(DC11="","",1-DC11/DC$14) -> 0.095859521 | ... DG42: =IF(DG11="","",1-DG11/DG$14) -> 0.010901368
A43: WSX | B43: =IF(B12="","",1-B12/B$14) -> -0.10360622 | C43: =IF(C12="","",1-C12/C$14) -> 0.03509958 | D43: =IF(D12="","",1-D12/D$14) -> -0.010917388 | E43: =IF(E12="","",1-E12/E$14) -> -0.030519237 | F43: =IF(F12="","",1-F12/F$14) -> -0.073837708 | G43: =IF(G12="","",1-G12/G$14) -> -0.058569824 | H43: =IF(H12="","",1-H12/H$14) -> -0.20406877 | I43: =IF(I12="","",1-I12/I$14) | ... M43: =IF(M12="","",1-M12/M$14) -> -0.1126923 | O43: WSX | P43: =IF(P12="","",1-P12/P$14) -> -0.12254347 | Q43: =IF(Q12="","",1-Q12/Q$14) -> -0.25309955 | R43: =IF(R12="","",1-R12/R$14) -> -0.022260934 | S43: =IF(S12="","",1-S12/S$14) -> -0.085364401 | T43: =IF(T12="","",1-T12/T$14) -> -0.19440408 | U43: =IF(U12="","",1-U12/U$14) -> -0.41482104 | V43: =IF(V12="","",1-V12/V$14) -> -0.12421731 | W43: =IF(W12="","",1-W12/W$14) | ... AA43: =IF(AA12="","",1-AA12/AA$14) -> -0.32912054 | AC43: WSX | AD43: =IF(AD12="","",1-AD12/AD$14) -> -0.25634728 | AE43: =IF(AE12="","",1-AE12/AE$14) -> -0.022141956 | AF43: =IF(AF12="","",1-AF12/AF$14) -> -0.048435428 | AG43: =IF(AG12="","",1-AG12/AG$14) -> -0.070502529 | AH43: =IF(AH12="","",1-AH12/AH$14) -> -0.24894908 | AI43: =IF(AI12="","",1-AI12/AI$14) -> -0.24063313 | AJ43: =IF(AJ12="","",1-AJ12/AJ$14) -> -0.31686258 | AK43: =IF(AK12="","",1-AK12/AK$14) | ... AO43: =IF(AO12="","",1-AO12/AO$14) -> -0.33894568 | AQ43: WSX | AR43: =IF(AR12="","",1-AR12/AR$14) -> -0.26979952 | AS43: =IF(AS12="","",1-AS12/AS$14) -> -0.070944773 | AT43: =IF(AT12="","",1-AT12/AT$14) -> -0.0010171357 | AU43: =IF(AU12="","",1-AU12/AU$14) -> -0.0075132523 | AV43: =IF(AV12="","",1-AV12/AV$14) -> -0.21787511 | AW43: =IF(AW12="","",1-AW12/AW$14) -> -0.19483421 | AX43: =IF(AX12="","",1-AX12/AX$14) -> -0.35830328 | AY43: =IF(AY12="","",1-AY12/AY$14) | ... BC43: =IF(BC12="","",1-BC12/BC$14) -> -0.41651349 | BE43: WSX | BF43: =IF(BF12="","",1-BF12/BF$14) -> -0.41257907 | BG43: =IF(BG12="","",1-BG12/BG$14) -> -0.26321485 | BH43: =IF(BH12="","",1-BH12/BH$14) -> -0.061824867 | BI43: =IF(BI12="","",1-BI12/BI$14) -> -0.072808859 | BJ43: =IF(BJ12="","",1-BJ12/BJ$14) -> -0.23515578 | BK43: =IF(BK12="","",1-BK12/BK$14) -> -0.26043082 | BL43: =IF(BL12="","",1-BL12/BL$14) -> -0.3176245 | BM43: =IF(BM12="","",1-BM12/BM$14) | ... BQ43: =IF(BQ12="","",1-BQ12/BQ$14) -> -0.43249803 | BS43: WSX | BT43: =IF(BT12="","",1-BT12/BT$14) -> -0.46210884 | BU43: =IF(BU12="","",1-BU12/BU$14) -> -0.39018555 | BV43: =IF(BV12="","",1-BV12/BV$14) -> -0.14790323 | BW43: =IF(BW12="","",1-BW12/BW$14) -> 0.0080266263 | BX43: =IF(BX12="","",1-BX12/BX$14) -> -0.23105585 | BY43: =IF(BY12="","",1-BY12/BY$14) -> -0.40929544 | BZ43: =IF(BZ12="","",1-BZ12/BZ$14) -> -0.28885986 | CA43: =IF(CA12="","",1-CA12/CA$14) | ... CE43: =IF(CE12="","",1-CE12/CE$14) -> -0.35358386 | CG43: WSX | CH43: =IF(CH12="","",1-CH12/CH$14) -> -0.52507401 | CI43: =IF(CI12="","",1-CI12/CI$14) -> -0.056290381 | CJ43: =IF(CJ12="","",1-CJ12/CJ$14) -> -0.12154935 | CK43: =IF(CK12="","",1-CK12/CK$14) -> -0.031522408 | CL43: =IF(CL12="","",1-CL12/CL$14) -> -0.15821225 | CM43: =IF(CM12="","",1-CM12/CM$14) -> -0.58831667 | CN43: =IF(CN12="","",1-CN12/CN$14) -> -0.32582335 | CO43: =IF(CO12="","",1-CO12/CO$14) | ... CS43: =IF(CS12="","",1-CS12/CS$14) -> -0.61427918 | CU43: WSX | CV43: =IF(CV12="","",1-CV12/CV$14) -> -0.48967989 | CW43: =IF(CW12="","",1-CW12/CW$14) -> -0.39532557 | CX43: =IF(CX12="","",1-CX12/CX$14) -> -0.1504992 | CY43: =IF(CY12="","",1-CY12/CY$14) -> -0.118846 | CZ43: =IF(CZ12="","",1-CZ12/CZ$14) -> -0.22798954 | DA43: =IF(DA12="","",1-DA12/DA$14) -> -0.73292443 | DB43: =IF(DB12="","",1-DB12/DB$14) -> -0.42461794 | DC43: =IF(DC12="","",1-DC12/DC$14) | ... DG43: =IF(DG12="","",1-DG12/DG$14) -> -0.70914713
A44: YKY | B44: =IF(B13="","",1-B13/B$14) -> 0.46795544 | C44: =IF(C13="","",1-C13/C$14) -> 0.28115753 | D44: =IF(D13="","",1-D13/D$14) -> 0.14550778 | E44: =IF(E13="","",1-E13/E$14) -> 0.36107575 | F44: =IF(F13="","",1-F13/F$14) -> 0.27162943 | G44: =IF(G13="","",1-G13/G$14) -> -0.32818536 | H44: =IF(H13="","",1-H13/H$14) -> 0.58637463 | I44: =IF(I13="","",1-I13/I$14) -> -0.25825564 | ... M44: =IF(M13="","",1-M13/M$14) -> -0.09646798 | O44: YKY | P44: =IF(P13="","",1-P13/P$14) -> 0.25408591 | Q44: =IF(Q13="","",1-Q13/Q$14) -> 0.19198661 | R44: =IF(R13="","",1-R13/R$14) -> 0.030104765 | S44: =IF(S13="","",1-S13/S$14) -> 0.39911879 | T44: =IF(T13="","",1-T13/T$14) -> 0.24727776 | U44: =IF(U13="","",1-U13/U$14) -> -0.094027031 | V44: =IF(V13="","",1-V13/V$14) -> 0.20706909 | W44: =IF(W13="","",1-W13/W$14) -> -0.36870338 | ... AA44: =IF(AA13="","",1-AA13/AA$14) -> -0.11445025 | AC44: YKY | AD44: =IF(AD13="","",1-AD13/AD$14) -> 0.10711334 | AE44: =IF(AE13="","",1-AE13/AE$14) -> 0.27350389 | AF44: =IF(AF13="","",1-AF13/AF$14) -> 0.17855435 | AG44: =IF(AG13="","",1-AG13/AG$14) -> 0.36271348 | AH44: =IF(AH13="","",1-AH13/AH$14) -> 0.25265669 | AI44: =IF(AI13="","",1-AI13/AI$14) -> -0.089211506 | AJ44: =IF(AJ13="","",1-AJ13/AJ$14) -> 0.27801604 | AK44: =IF(AK13="","",1-AK13/AK$14) -> -0.47014327 | ... AO44: =IF(AO13="","",1-AO13/AO$14) -> -0.1666455 | AQ44: YKY | AR44: =IF(AR13="","",1-AR13/AR$14) -> 0.14913197 | AS44: =IF(AS13="","",1-AS13/AS$14) -> -0.07539239 | AT44: =IF(AT13="","",1-AT13/AT$14) -> -0.1126857 | AU44: =IF(AU13="","",1-AU13/AU$14) -> 0.22719222 | AV44: =IF(AV13="","",1-AV13/AV$14) -> 0.16565324 | AW44: =IF(AW13="","",1-AW13/AW$14) -> -0.20238486 | AX44: =IF(AX13="","",1-AX13/AX$14) -> 0.3040271 | AY44: =IF(AY13="","",1-AY13/AY$14) -> -0.29274724 | ... BC44: =IF(BC13="","",1-BC13/BC$14) -> -0.16515512 | BE44: YKY | BF44: =IF(BF13="","",1-BF13/BF$14) -> -0.075558714 | BG44: =IF(BG13="","",1-BG13/BG$14) -> 0.13259918 | BH44: =IF(BH13="","",1-BH13/BH$14) -> -0.36032543 | BI44: =IF(BI13="","",1-BI13/BI$14) -> 0.39400101 | BJ44: =IF(BJ13="","",1-BJ13/BJ$14) -> 0.14662512 | BK44: =IF(BK13="","",1-BK13/BK$14) -> 0.0066253833 | BL44: =IF(BL13="","",1-BL13/BL$14) -> 0.43550058 | BM44: =IF(BM13="","",1-BM13/BM$14) -> -0.25852972 | ... BQ44: =IF(BQ13="","",1-BQ13/BQ$14) -> 0.0075104718 | BS44: YKY | BT44: =IF(BT13="","",1-BT13/BT$14) -> 0.71705906 | BU44: =IF(BU13="","",1-BU13/BU$14) -> 0.53444216 | BV44: =IF(BV13="","",1-BV13/BV$14) -> 0.23938054 | BW44: =IF(BW13="","",1-BW13/BW$14) -> -0.049394314 | BX44: =IF(BX13="","",1-BX13/BX$14) -> -0.13077272 | BY44: =IF(BY13="","",1-BY13/BY$14) -> -0.26450062 | BZ44: =IF(BZ13="","",1-BZ13/BZ$14) -> -0.082024616 | CA44: =IF(CA13="","",1-CA13/CA$14) -> -0.46000355 | ... CE44: =IF(CE13="","",1-CE13/CE$14) -> -0.38062672 | CG44: YKY | CH44: =IF(CH13="","",1-CH13/CH$14) -> 0.6905808 | CI44: =IF(CI13="","",1-CI13/CI$14) -> 0.52709 | CJ44: =IF(CJ13="","",1-CJ13/CJ$14) -> 0.27011739 | CK44: =IF(CK13="","",1-CK13/CK$14) -> -0.1489651 | CL44: =IF(CL13="","",1-CL13/CL$14) -> -0.16101131 | CM44: =IF(CM13="","",1-CM13/CM$14) -> -1.1461409 | CN44: =IF(CN13="","",1-CN13/CN$14) -> 0.21481028 | CO44: =IF(CO13="","",1-CO13/CO$14) -> 0.57955033 | ... CS44: =IF(CS13="","",1-CS13/CS$14) -> -0.44381683 | CU44: YKY | CV44: =IF(CV13="","",1-CV13/CV$14) -> 0.72227932 | CW44: =IF(CW13="","",1-CW13/CW$14) -> 0.54310616 | CX44: =IF(CX13="","",1-CX13/CX$14) -> 0.31642196 | CY44: =IF(CY13="","",1-CY13/CY$14) -> -0.097698711 | CZ44: =IF(CZ13="","",1-CZ13/CZ$14) -> -0.048260084 | DA44: =IF(DA13="","",1-DA13/DA$14) -> -1.0959331 | DB44: =IF(DB13="","",1-DB13/DB$14) -> 0.26494316 | DC44: =IF(DC13="","",1-DC13/DC$14) -> 0.76378916 | ... DG44: =IF(DG13="","",1-DG13/DG$14) -> -0.38739794
A45: Anglian Rank | B45: =RANK(B35,B$35:B$44) -> 2 | C45: =RANK(C35,C$35:C$44) -> 2 | D45: =RANK(D35,D$35:D$44) -> 2 | E45: =RANK(E35,E$35:E$44) -> 2 | F45: =RANK(F35,F$35:F$44) -> 3 | G45: =RANK(G35,G$35:G$44) -> 2 | H45: =RANK(H35,H$35:H$44) -> 4 | I45: =RANK(I35,I$35:I$44) -> 5 | L45: =RANK(L35,L$35:L$44) -> 5 | M45: =RANK(M35,M$35:M$44) -> 2 | O45: Anglian Rank | P45: =RANK(P35,P$35:P$44) -> 1 | Q45: =RANK(Q35,Q$35:Q$44) -> 3 | R45: =RANK(R35,R$35:R$44) -> 2 | S45: =RANK(S35,S$35:S$44) -> 2 | T45: =RANK(T35,T$35:T$44) -> 2 | U45: =RANK(U35,U$35:U$44) -> 3 | V45: =RANK(V35,V$35:V$44) -> 5 | W45: =RANK(W35,W$35:W$44) -> 6 | Z45: =RANK(Z35,Z$35:Z$44) -> 6 | AA45: =RANK(AA35,AA$35:AA$44) -> 4 | AC45: Anglian Rank | AD45: =RANK(AD35,AD$35:AD$44) -> 4 | AE45: =RANK(AE35,AE$35:AE$44) -> 3 | AF45: =RANK(AF35,AF$35:AF$44) -> 4 | AG45: =RANK(AG35,AG$35:AG$44) -> 2 | AH45: =RANK(AH35,AH$35:AH$44) -> 3 | AI45: =RANK(AI35,AI$35:AI$44) -> 4 | AJ45: =RANK(AJ35,AJ$35:AJ$44) -> 5 | AK45: =RANK(AK35,AK$35:AK$44) -> 5 | AN45: =RANK(AN35,AN$35:AN$44) -> 8 | AO45: =RANK(AO35,AO$35:AO$44) -> 6 | AQ45: Anglian Rank | AR45: =RANK(AR35,AR$35:AR$44) -> 3 | AS45: =RANK(AS35,AS$35:AS$44) -> 2 | AT45: =RANK(AT35,AT$35:AT$44) -> 2 | AU45: =RANK(AU35,AU$35:AU$44) -> 3 | AV45: =RANK(AV35,AV$35:AV$44) -> 2 | AW45: =RANK(AW35,AW$35:AW$44) -> 6 | AX45: =RANK(AX35,AX$35:AX$44) -> 5 | AY45: =RANK(AY35,AY$35:AY$44) -> 5 | BB45: =RANK(BB35,BB$35:BB$44) -> 8 | BC45: =RANK(BC35,BC$35:BC$44) -> 6 | BE45: Anglian Rank | BF45: =RANK(BF35,BF$35:BF$44) -> 3 | BG45: =RANK(BG35,BG$35:BG$44) -> 5 | BH45: =RANK(BH35,BH$35:BH$44) -> 1 | BI45: =RANK(BI35,BI$35:BI$44) -> 2 | BJ45: =RANK(BJ35,BJ$35:BJ$44) -> 1 | BK45: =RANK(BK35,BK$35:BK$44) -> 5 | BL45: =RANK(BL35,BL$35:BL$44) -> 5 | BM45: =RANK(BM35,BM$35:BM$44) -> 4 | BP45: =RANK(BP35,BP$35:BP$44) -> 7 | BQ45: =RANK(BQ35,BQ$35:BQ$44) -> 6 | BS45: Anglian Rank | BT45: =RANK(BT35,BT$35:BT$44) -> 5 | BU45: =RANK(BU35,BU$35:BU$44) -> 5 | BV45: =RANK(BV35,BV$35:BV$44) -> 4 | BW45: =RANK(BW35,BW$35:BW$44) -> 3 | BX45: =RANK(BX35,BX$35:BX$44) -> 3 | BY45: =RANK(BY35,BY$35:BY$44) -> 6 | BZ45: =RANK(BZ35,BZ$35:BZ$44) -> 6 | CA45: =RANK(CA35,CA$35:CA$44) -> 5 | CD45: =RANK(CD35,CD$35:CD$44) -> 7 | CE45: =RANK(CE35,CE$35:CE$44) -> 6 | CG45: Anglian Rank | CH45: =RANK(CH35,CH$35:CH$44) -> 7 | CI45: =RANK(CI35,CI$35:CI$44) -> 4 | CJ45: =RANK(CJ35,CJ$35:CJ$44) -> 5 | CK45: =RANK(CK35,CK$35:CK$44) -> 4 | CL45: =RANK(CL35,CL$35:CL$44) -> 4 | CM45: =RANK(CM35,CM$35:CM$44) -> 1 | CN45: =RANK(CN35,CN$35:CN$44) -> 7 | CO45: =RANK(CO35,CO$35:CO$44) -> 7 | CR45: =RANK(CR35,CR$35:CR$44) -> 6 | CS45: =RANK(CS35,CS$35:CS$44) -> 6 | CU45: Anglian Rank | CV45: =RANK(CV35,CV$35:CV$44) -> 5 | CW45: =RANK(CW35,CW$35:CW$44) -> 5 | CX45: =RANK(CX35,CX$35:CX$44) -> 5 | CY45: =RANK(CY35,CY$35:CY$44) -> 2 | CZ45: =RANK(CZ35,CZ$35:CZ$44) -> 3 | DA45: =RANK(DA35,DA$35:DA$44) -> 3 | DB45: =RANK(DB35,DB$35:DB$44) -> 8 | DC45: =RANK(DC35,DC$35:DC$44) -> 7 | DF45: =RANK(DF35,DF$35:DF$44) -> 7 | DG45: =RANK(DG35,DG$35:DG$44) -> 6
A49: Load 2022 | B49: Band 1 | C49: Band 2 | D49: Band 3 | E49: Band 4 | F49: Band 5 | G49: Band 6 mod | H49: Band 7 | I49: Band 8 | J49: Band 9 | K49: Band 10 | L49: Total | M49: Ofwat B6 | O49: Load 2021 | P49: Band 1 | Q49: Band 2 | R49: Band 3 | S49: Band 4 | T49: Band 5 | U49: Band 6 mod | V49: Band 7 | W49: Band 8 | X49: Band 9 | Y49: Band 10 | Z49: Total | AA49: Ofwat B6 | AC49: Load 2020 | AD49: Band 1 | AE49: Band 2 | AF49: Band 3 | AG49: Band 4 | AH49: Band 5 | AI49: Band 6 mod | AJ49: Band 7 | AK49: Band 8 | AL49: Band 9 | AM49: Band 10 | AN49: Total | AO49: Ofwat B6 | AQ49: Load 2019 | AR49: Band 1 | AS49: Band 2 | AT49: Band 3 | AU49: Band 4 | AV49: Band 5 | AW49: Band 6 mod | AX49: Band 7 | AY49: Band 8 | AZ49: Band 9 | BA49: Band 10 | BB49: Total | BC49: Ofwat B6 | BE49: Load 2018 | BF49: Band 1 | BG49: Band 2 | BH49: Band 3 | BI49: Band 4 | BJ49: Band 5 | BK49: Band 6 mod | BL49: Band 7 | BM49: Band 8 | BN49: Band 9 | BO49: Band 10 | BP49: Total | BQ49: Ofwat B6 | BS49: Load 2017 | BT49: Band 1 | BU49: Band 2 | BV49: Band 3 | BW49: Band 4 | BX49: Band 5 | BY49: Band 6 mod | BZ49: Band 7 | CA49: Band 8 | CB49: Band 9 | CC49: Band 10 | CD49: Total | CE49: Ofwat B6 | CG49: Load 2013 | CH49: Band 1 | CI49: Band 2 | CJ49: Band 3 | CK49: Band 4 | CL49: Band 5 | CM49: Band 6 mod | CN49: Band 7 | CO49: Band 8 | CP49: Band 9 | CQ49: Band 10 | CR49: Total | CS49: Ofwat B6 | CU49: Load 2012 | CV49: Band 1 | CW49: Band 2 | CX49: Band 3 | CY49: Band 4 | CZ49: Band 5 | DA49: Band 6 mod | DB49: Band 7 | DC49: Band 8 | DD49: Band 9 | DE49: Band 10 | DF49: Total | DG49: Ofwat B6
A50: ANH | B50: ='Expanded data table'!C14 -> 2583 | C50: ='Expanded data table'!D14 -> 2846 | D50: ='Expanded data table'!E14 -> 17502 | E50: ='Expanded data table'!F14 -> 60883 | F50: ='Expanded data table'!G14 -> 66345 | G50: ='Expanded data table'!I14 -> 100153 | H50: ='Expanded data table'!J14 -> 130281 | I50: ='Expanded data table'!K14 -> 57786 | J50: ='Expanded data table'!L14 -> 0 | K50: ='Expanded data table'!M14 -> 0 | L50: =SUM(B50:K50) -> 438379 | M50: =SUM(G50:K50) -> 288220 | O50: ANH | P50: ='Expanded data table'!C13 -> 2495 | Q50: ='Expanded data table'!D13 -> 2908 | R50: ='Expanded data table'!E13 -> 17543 | S50: ='Expanded data table'!F13 -> 57806 | T50: ='Expanded data table'!G13 -> 68967 | U50: ='Expanded data table'!I13 -> 96432 | V50: ='Expanded data table'!J13 -> 128788 | W50: ='Expanded data table'!K13 -> 55270 | X50: ='Expanded data table'!L13 -> 0 | Y50: ='Expanded data table'!M13 -> 0 | Z50: =SUM(P50:Y50) -> 430209 | AA50: =SUM(U50:Y50) -> 280490 | AC50: ANH | AD50: ='Expanded data table'!$C12 -> 2472.1491 | AE50: ='Expanded data table'!$D12 -> 2906.4266 | AF50: ='Expanded data table'!$E12 -> 17617.943 | AG50: ='Expanded data table'!$F12 -> 59492.715 | AH50: ='Expanded data table'!$G12 -> 66179.209 | AI50: ='Expanded data table'!$I12 -> 114905.42 | AJ50: ='Expanded data table'!$J12 -> 114615 | AK50: ='Expanded data table'!$K12 -> 56337 | AL50: ='Expanded data table'!$L12 -> 0 | AM50: ='Expanded data table'!$M12 -> 0 | AN50: =SUM(AD50:AM50) -> 434525.86 | AO50: =SUM(AI50:AM50) -> 285857.42 | AQ50: ANH | AR50: ='Expanded data table'!$C11 -> 2505.035 | AS50: ='Expanded data table'!$D11 -> 2904.192 | AT50: ='Expanded data table'!$E11 -> 17259.088 | AU50: ='Expanded data table'!$F11 -> 57947.111 | AV50: ='Expanded data table'!$G11 -> 67407.492 | AW50: ='Expanded data table'!$I11 -> 110520.95 | AX50: ='Expanded data table'!$J11 -> 113213 | AY50: ='Expanded data table'!$K11 -> 57218 | AZ50: ='Expanded data table'!$L11 -> 0 | BA50: ='Expanded data table'!$M11 -> 0 | BB50: =SUM(AR50:BA50) -> 428974.87 | BC50: =SUM(AW50:BA50) -> 280951.95 | BE50: ANH | BF50: ='Expanded data table'!$C10 -> 2537 | BG50: ='Expanded data table'!$D10 -> 2990 | BH50: ='Expanded data table'!$E10 -> 17097 | BI50: ='Expanded data table'!$F10 -> 60235 | BJ50: ='Expanded data table'!$G10 -> 62786 | BK50: ='Expanded data table'!$I10 -> 115953 | BL50: ='Expanded data table'!$J10 -> 101034 | BM50: ='Expanded data table'!$K10 -> 55314 | BN50: ='Expanded data table'!$L10 -> 0 | BO50: ='Expanded data table'!$M10 -> 0 | BP50: =SUM(BF50:BO50) -> 417946 | BQ50: =SUM(BK50:BO50) -> 272301 | BS50: ANH | BT50: ='Expanded data table'!$C9 -> 2522.855 | BU50: ='Expanded data table'!$D9 -> 3043.418 | BV50: ='Expanded data table'!$E9 -> 16865.639 | BW50: ='Expanded data table'!$F9 -> 60054.819 | BX50: ='Expanded data table'!$G9 -> 61855.821 | BY50: ='Expanded data table'!$I9 -> 116005.33 | BZ50: ='Expanded data table'!$J9 -> 102204 | CA50: ='Expanded data table'!$K9 -> 55840.924 | CB50: ='Expanded data table'!$L9 -> 0 | CC50: ='Expanded data table'!$M9 -> 0 | CD50: =SUM(BT50:CC50) -> 418392.8 | CE50: =SUM(BY50:CC50) -> 274050.25 | CG50: ANH | CH50: ='Expanded data table'!$C5 -> 2229.783 | CI50: ='Expanded data table'!$D5 -> 3148.614 | CJ50: ='Expanded data table'!$E5 -> 16100.079 | CK50: ='Expanded data table'!$F5 -> 58478.643 | CL50: ='Expanded data table'!$G5 -> 61429.17 | CM50: ='Expanded data table'!$I5 -> 106097.28 | CN50: ='Expanded data table'!$J5 -> 104304.6 | CO50: ='Expanded data table'!$K5 -> 53580 | CP50: ='Expanded data table'!$L5 -> 0 | CQ50: ='Expanded data table'!$M5 -> 0 | CR50: =SUM(CH50:CQ50) -> 405368.17 | CS50: =SUM(CM50:CQ50) -> 263981.88 | CU50: ANH | CV50: ='Expanded data table'!$C4 -> 2211.968 | CW50: ='Expanded data table'!$D4 -> 3107.573 | CX50: ='Expanded data table'!$E4 -> 16014.91 | CY50: ='Expanded data table'!$F4 -> 58061.765 | CZ50: ='Expanded data table'!$G4 -> 61120.079 | DA50: ='Expanded data table'!$I4 -> 113841.48 | DB50: ='Expanded data table'!$J4 -> 96828.6 | DC50: ='Expanded data table'!$K4 -> 54360 | DD50: ='Expanded data table'!$L4 -> 0 | DE50: ='Expanded data table'!$M4 -> 0 | DF50: =SUM(CV50:DE50) -> 405546.37 | DG50: =SUM(DA50:DE50) -> 265030.08
A51: NES | B51: ='Expanded data table'!C28 -> 1000 | C51: ='Expanded data table'!D28 -> 455 | D51: ='Expanded data table'!E28 -> 3167 | E51: ='Expanded data table'!F28 -> 9347 | F51: ='Expanded data table'!G28 -> 11897 | G51: ='Expanded data table'!I28 -> 41066 | H51: ='Expanded data table'!J28 -> 17552 | I51: ='Expanded data table'!K28 -> 17089 | J51: ='Expanded data table'!L28 -> 78949 | K51: ='Expanded data table'!M28 -> 0 | L51: =SUM(B51:K51) -> 180522 | M51: =SUM(G51:K51) -> 154656 | O51: NES | P51: ='Expanded data table'!C27 -> 941 | Q51: ='Expanded data table'!D27 -> 581 | R51: ='Expanded data table'!E27 -> 2793 | S51: ='Expanded data table'!F27 -> 10509 | T51: ='Expanded data table'!G27 -> 10316 | U51: ='Expanded data table'!I27 -> 53188 | V51: ='Expanded data table'!J27 -> 11417 | W51: ='Expanded data table'!K27 -> 24268 | X51: ='Expanded data table'!L27 -> 53687 | Y51: ='Expanded data table'!M27 -> 0 | Z51: =SUM(P51:Y51) -> 167700 | AA51: =SUM(U51:Y51) -> 142560 | AC51: NES | AD51: ='Expanded data table'!$C26 -> 1055.2962 | AE51: ='Expanded data table'!$D26 -> 609.05885 | AF51: ='Expanded data table'!$E26 -> 2941.4251 | AG51: ='Expanded data table'!$F26 -> 10493.148 | AH51: ='Expanded data table'!$G26 -> 12579.502 | AI51: ='Expanded data table'!$I26 -> 56219.078 | AJ51: ='Expanded data table'!$J26 -> 13078 | AK51: ='Expanded data table'!$K26 -> 25375 | AL51: ='Expanded data table'!$L26 -> 57476 | AM51: ='Expanded data table'!$M26 -> 0 | AN51: =SUM(AD51:AM51) -> 179826.51 | AO51: =SUM(AI51:AM51) -> 152148.08 | AQ51: NES | AR51: ='Expanded data table'!$C25 -> 1083 | AS51: ='Expanded data table'!$D25 -> 589 | AT51: ='Expanded data table'!$E25 -> 2942 | AU51: ='Expanded data table'!$F25 -> 12448 | AV51: ='Expanded data table'!$G25 -> 9672 | AW51: ='Expanded data table'!$I25 -> 57998 | AX51: ='Expanded data table'!$J25 -> 12992 | AY51: ='Expanded data table'!$K25 -> 23970 | AZ51: ='Expanded data table'!$L25 -> 56656 | BA51: ='Expanded data table'!$M25 -> 0 | BB51: =SUM(AR51:BA51) -> 178350 | BC51: =SUM(AW51:BA51) -> 151616 | BE51: NES | BF51: ='Expanded data table'!$C24 -> 1087 | BG51: ='Expanded data table'!$D24 -> 613 | BH51: ='Expanded data table'!$E24 -> 2878 | BI51: ='Expanded data table'!$F24 -> 12455 | BJ51: ='Expanded data table'!$G24 -> 9732 | BK51: ='Expanded data table'!$I24 -> 57886 | BL51: ='Expanded data table'!$J24 -> 12927 | BM51: ='Expanded data table'!$K24 -> 24258 | BN51: ='Expanded data table'!$L24 -> 56035 | BO51: ='Expanded data table'!$M24 -> 0 | BP51: =SUM(BF51:BO51) -> 177871 | BQ51: =SUM(BK51:BO51) -> 151106 | BS51: NES | BT51: ='Expanded data table'!$C23 -> 1102 | BU51: ='Expanded data table'!$D23 -> 597 | BV51: ='Expanded data table'!$E23 -> 2930 | BW51: ='Expanded data table'!$F23 -> 12425 | BX51: ='Expanded data table'!$G23 -> 9889 | BY51: ='Expanded data table'!$I23 -> 56918 | BZ51: ='Expanded data table'!$J23 -> 12115 | CA51: ='Expanded data table'!$K23 -> 25138 | CB51: ='Expanded data table'!$L23 -> 56642 | CC51: ='Expanded data table'!$M23 -> 0 | CD51: =SUM(BT51:CC51) -> 177756 | CE51: =SUM(BY51:CC51) -> 150813 | CG51: NES | CH51: ='Expanded data table'!$C19 -> 1019 | CI51: ='Expanded data table'!$D19 -> 607 | CJ51: ='Expanded data table'!$E19 -> 3275 | CK51: ='Expanded data table'!$F19 -> 9648 | CL51: ='Expanded data table'!$G19 -> 13156 | CM51: ='Expanded data table'!$I19 -> 63233.567 | CN51: ='Expanded data table'!$J19 -> 13808.433 | CO51: ='Expanded data table'!$K19 -> 29700 | CP51: ='Expanded data table'!$L19 -> 57720 | CQ51: ='Expanded data table'!$M19 -> 0 | CR51: =SUM(CH51:CQ51) -> 192167 | CS51: =SUM(CM51:CQ51) -> 164462 | CU51: NES | CV51: ='Expanded data table'!$C18 -> 1024 | CW51: ='Expanded data table'!$D18 -> 607 | CX51: ='Expanded data table'!$E18 -> 3287 | CY51: ='Expanded data table'!$F18 -> 10125 | CZ51: ='Expanded data table'!$G18 -> 12481 | DA51: ='Expanded data table'!$I18 -> 68991.443 | DB51: ='Expanded data table'!$J18 -> 14073.557 | DC51: ='Expanded data table'!$K18 -> 21360 | DD51: ='Expanded data table'!$L18 -> 57960 | DE51: ='Expanded data table'!$M18 -> 0 | DF51: =SUM(CV51:DE51) -> 189909 | DG51: =SUM(DA51:DE51) -> 162385
A52: UU | B52: ='Expanded data table'!C42 -> 2386 | C52: ='Expanded data table'!D42 -> 1907 | D52: ='Expanded data table'!E42 -> 4238 | E52: ='Expanded data table'!F42 -> 15846 | F52: ='Expanded data table'!G42 -> 33735 | G52: ='Expanded data table'!I42 -> 173702 | H52: ='Expanded data table'!J42 -> 93205 | I52: ='Expanded data table'!K42 -> 119461 | J52: ='Expanded data table'!L42 -> 40060 | K52: ='Expanded data table'!M42 -> 71658 | L52: =SUM(B52:K52) -> 556198 | M52: =SUM(G52:K52) -> 498086 | O52: UU | P52: ='Expanded data table'!C41 -> 2330 | Q52: ='Expanded data table'!D41 -> 1966 | R52: ='Expanded data table'!E41 -> 4149 | S52: ='Expanded data table'!F41 -> 15925 | T52: ='Expanded data table'!G41 -> 33272 | U52: ='Expanded data table'!I41 -> 189560 | V52: ='Expanded data table'!J41 -> 81673 | W52: ='Expanded data table'!K41 -> 115334 | X52: ='Expanded data table'!L41 -> 38013 | Y52: ='Expanded data table'!M41 -> 65076 | Z52: =SUM(P52:Y52) -> 547298 | AA52: =SUM(U52:Y52) -> 489656 | AC52: UU | AD52: ='Expanded data table'!$C40 -> 1757.7923 | AE52: ='Expanded data table'!$D40 -> 1516.7545 | AF52: ='Expanded data table'!$E40 -> 4406.2447 | AG52: ='Expanded data table'!$F40 -> 17342.471 | AH52: ='Expanded data table'!$G40 -> 33399.901 | AI52: ='Expanded data table'!$I40 -> 183731.3 | AJ52: ='Expanded data table'!$J40 -> 83137 | AK52: ='Expanded data table'!$K40 -> 113273 | AL52: ='Expanded data table'!$L40 -> 37700 | AM52: ='Expanded data table'!$M40 -> 69989 | AN52: =SUM(AD52:AM52) -> 546253.46 | AO52: =SUM(AI52:AM52) -> 487830.3 | AQ52: UU | AR52: ='Expanded data table'!$C39 -> 1742.994 | AS52: ='Expanded data table'!$D39 -> 1548.693 | AT52: ='Expanded data table'!$E39 -> 4219.985 | AU52: ='Expanded data table'!$F39 -> 17311.188 | AV52: ='Expanded data table'!$G39 -> 32632.289 | AW52: ='Expanded data table'!$I39 -> 177099.3 | AX52: ='Expanded data table'!$J39 -> 89659 | AY52: ='Expanded data table'!$K39 -> 116408 | AZ52: ='Expanded data table'!$L39 -> 38059 | BA52: ='Expanded data table'!$M39 -> 71601 | BB52: =SUM(AR52:BA52) -> 550281.45 | BC52: =SUM(AW52:BA52) -> 492826.3 | BE52: UU | BF52: ='Expanded data table'!$C38 -> 1755.652 | BG52: ='Expanded data table'!$D38 -> 1597.281 | BH52: ='Expanded data table'!$E38 -> 4226.311 | BI52: ='Expanded data table'!$F38 -> 17126.189 | BJ52: ='Expanded data table'!$G38 -> 32771.014 | BK52: ='Expanded data table'!$I38 -> 175954.71 | BL52: ='Expanded data table'!$J38 -> 89328 | BM52: ='Expanded data table'!$K38 -> 116102.39 | BN52: ='Expanded data table'!$L38 -> 39637.137 | BO52: ='Expanded data table'!$M38 -> 68394 | BP52: =SUM(BF52:BO52) -> 546892.69 | BQ52: =SUM(BK52:BO52) -> 489416.24 | BS52: UU | BT52: ='Expanded data table'!$C37 -> 1615.437 | BU52: ='Expanded data table'!$D37 -> 1591.086 | BV52: ='Expanded data table'!$E37 -> 4438.138 | BW52: ='Expanded data table'!$F37 -> 16093.09 | BX52: ='Expanded data table'!$G37 -> 32370.482 | BY52: ='Expanded data table'!$I37 -> 174683.65 | BZ52: ='Expanded data table'!$J37 -> 89225 | CA52: ='Expanded data table'!$K37 -> 113949 | CB52: ='Expanded data table'!$L37 -> 38702 | CC52: ='Expanded data table'!$M37 -> 65041 | CD52: =SUM(BT52:CC52) -> 537708.88 | CE52: =SUM(BY52:CC52) -> 481600.65 | CG52: UU | CH52: ='Expanded data table'!$C33 -> 1579.38 | CI52: ='Expanded data table'!$D33 -> 1523.147 | CJ52: ='Expanded data table'!$E33 -> 4493.978 | CK52: ='Expanded data table'!$F33 -> 15723.778 | CL52: ='Expanded data table'!$G33 -> 31557.561 | CM52: ='Expanded data table'!$I33 -> 185421.13 | CN52: ='Expanded data table'!$J33 -> 88560 | CO52: ='Expanded data table'!$K33 -> 109680 | CP52: ='Expanded data table'!$L33 -> 38580 | CQ52: ='Expanded data table'!$M33 -> 62460 | CR52: =SUM(CH52:CQ52) -> 539578.98 | CS52: =SUM(CM52:CQ52) -> 484701.13 | CU52: UU | CV52: ='Expanded data table'!$C32 -> 1685.199 | CW52: ='Expanded data table'!$D32 -> 1606.416 | CX52: ='Expanded data table'!$E32 -> 4125.073 | CY52: ='Expanded data table'!$F32 -> 15932.705 | CZ52: ='Expanded data table'!$G32 -> 30867.769 | DA52: ='Expanded data table'!$I32 -> 183431.56 | DB52: ='Expanded data table'!$J32 -> 92760 | DC52: ='Expanded data table'!$K32 -> 90900 | DD52: ='Expanded data table'!$L32 -> 37920 | DE52: ='Expanded data table'!$M32 -> 61500 | DF52: =SUM(CV52:DE52) -> 520728.72 | DG52: =SUM(DA52:DE52) -> 466511.56
A53: SRN | B53: ='Expanded data table'!C56 -> 675 | C53: ='Expanded data table'!D56 -> 637 | D53: ='Expanded data table'!E56 -> 6099 | E53: ='Expanded data table'!F56 -> 20752 | F53: ='Expanded data table'!G56 -> 21785 | G53: ='Expanded data table'!I56 -> 123185 | H53: ='Expanded data table'!J56 -> 49712 | I53: ='Expanded data table'!K56 -> 73063 | J53: ='Expanded data table'!L56 -> 0 | K53: ='Expanded data table'!M56 -> 0 | L53: =SUM(B53:K53) -> 295908 | M53: =SUM(G53:K53) -> 245960 | O53: SRN | P53: ='Expanded data table'!C55 -> 634 | Q53: ='Expanded data table'!D55 -> 716 | R53: ='Expanded data table'!E55 -> 6279 | S53: ='Expanded data table'!F55 -> 20481 | T53: ='Expanded data table'!G55 -> 24866 | U53: ='Expanded data table'!I55 -> 122428 | V53: ='Expanded data table'!J55 -> 51096 | W53: ='Expanded data table'!K55 -> 74350 | X53: ='Expanded data table'!L55 -> 0 | Y53: ='Expanded data table'!M55 -> 0 | Z53: =SUM(P53:Y53) -> 300850 | AA53: =SUM(U53:Y53) -> 247874 | AC53: SRN | AD53: ='Expanded data table'!$C54 -> 653 | AE53: ='Expanded data table'!$D54 -> 715 | AF53: ='Expanded data table'!$E54 -> 6175 | AG53: ='Expanded data table'!$F54 -> 21257 | AH53: ='Expanded data table'!$G54 -> 23759 | AI53: ='Expanded data table'!$I54 -> 109574 | AJ53: ='Expanded data table'!$J54 -> 49702 | AK53: ='Expanded data table'!$K54 -> 88480 | AL53: ='Expanded data table'!$L54 -> 0 | AM53: ='Expanded data table'!$M54 -> 0 | AN53: =SUM(AD53:AM53) -> 300315 | AO53: =SUM(AI53:AM53) -> 247756 | AQ53: SRN | AR53: ='Expanded data table'!$C53 -> 615 | AS53: ='Expanded data table'!$D53 -> 736 | AT53: ='Expanded data table'!$E53 -> 6039 | AU53: ='Expanded data table'!$F53 -> 21603 | AV53: ='Expanded data table'!$G53 -> 23089 | AW53: ='Expanded data table'!$I53 -> 124256 | AX53: ='Expanded data table'!$J53 -> 49446 | AY53: ='Expanded data table'!$K53 -> 72153 | AZ53: ='Expanded data table'!$L53 -> 0 | BA53: ='Expanded data table'!$M53 -> 0 | BB53: =SUM(AR53:BA53) -> 297937 | BC53: =SUM(AW53:BA53) -> 245855 | BE53: SRN | BF53: ='Expanded data table'!$C52 -> 604.808 | BG53: ='Expanded data table'!$D52 -> 750.494 | BH53: ='Expanded data table'!$E52 -> 6115 | BI53: ='Expanded data table'!$F52 -> 22499.239 | BJ53: ='Expanded data table'!$G52 -> 20301.239 | BK53: ='Expanded data table'!$I52 -> 125695.23 | BL53: ='Expanded data table'!$J52 -> 48832 | BM53: ='Expanded data table'!$K52 -> 71395.98 | BN53: ='Expanded data table'!$L52 -> 0 | BO53: ='Expanded data table'!$M52 -> 0 | BP53: =SUM(BF53:BO53) -> 296193.99 | BQ53: =SUM(BK53:BO53) -> 245923.21 | BS53: SRN | BT53: ='Expanded data table'!$C51 -> 603.335 | BU53: ='Expanded data table'!$D51 -> 728.034 | BV53: ='Expanded data table'!$E51 -> 6336.705 | BW53: ='Expanded data table'!$F51 -> 21330.676 | BX53: ='Expanded data table'!$G51 -> 22068.276 | BY53: ='Expanded data table'!$I51 -> 129157.46 | BZ53: ='Expanded data table'!$J51 -> 41326 | CA53: ='Expanded data table'!$K51 -> 70882 | CB53: ='Expanded data table'!$L51 -> 0 | CC53: ='Expanded data table'!$M51 -> 0 | CD53: =SUM(BT53:CC53) -> 292432.49 | CE53: =SUM(BY53:CC53) -> 241365.46 | CG53: SRN | CH53: ='Expanded data table'!$C47 -> 656.34 | CI53: ='Expanded data table'!$D47 -> 691.14 | CJ53: ='Expanded data table'!$E47 -> 6102.3 | CK53: ='Expanded data table'!$F47 -> 25572.111 | CL53: ='Expanded data table'!$G47 -> 18454.463 | CM53: ='Expanded data table'!$I47 -> 122774.28 | CN53: ='Expanded data table'!$J47 -> 69521.28 | CO53: ='Expanded data table'!$K47 -> 37920 | CP53: ='Expanded data table'!$L47 -> 0 | CQ53: ='Expanded data table'!$M47 -> 0 | CR53: =SUM(CH53:CQ53) -> 281691.91 | CS53: =SUM(CM53:CQ53) -> 230215.56 | CU53: SRN | CV53: ='Expanded data table'!$C46 -> 651.12 | CW53: ='Expanded data table'!$D46 -> 763.74 | CX53: ='Expanded data table'!$E46 -> 6037.38 | CY53: ='Expanded data table'!$F46 -> 25356.091 | CZ53: ='Expanded data table'!$G46 -> 17692.458 | DA53: ='Expanded data table'!$I46 -> 112840.99 | DB53: ='Expanded data table'!$J46 -> 61511.34 | DC53: ='Expanded data table'!$K46 -> 37680 | DD53: ='Expanded data table'!$L46 -> 0 | DE53: ='Expanded data table'!$M46 -> 0 | DF53: =SUM(CV53:DE53) -> 262533.12 | DG53: =SUM(DA53:DE53) -> 212032.33
A54: SVH | B54: ='Expanded data table'!C154+'Expanded data table'!C168 -> 2035 | C54: ='Expanded data table'!D154+'Expanded data table'!D168 -> 2165 | D54: ='Expanded data table'!E154+'Expanded data table'!E168 -> 10992 | E54: ='Expanded data table'!F154+'Expanded data table'!F168 -> 38540 | F54: ='Expanded data table'!G154+'Expanded data table'!G168 -> 54152 | G54: ='Expanded data table'!I154+'Expanded data table'!I168 -> 188776 | H54: ='Expanded data table'!J154+'Expanded data table'!J168 -> 43078 | I54: ='Expanded data table'!K154+'Expanded data table'!K168 -> 102275 | J54: ='Expanded data table'!L154+'Expanded data table'!L168 -> 74776 | K54: ='Expanded data table'!M154+'Expanded data table'!M168 -> 106861 | L54: =SUM(B54:K54) -> 623650 | M54: =SUM(G54:K54) -> 515766 | O54: SVH | P54: ='Expanded data table'!C153+'Expanded data table'!C167 -> 2037 | Q54: ='Expanded data table'!D153+'Expanded data table'!D167 -> 2144 | R54: ='Expanded data table'!E153+'Expanded data table'!E167 -> 11361 | S54: ='Expanded data table'!F153+'Expanded data table'!F167 -> 38170 | T54: ='Expanded data table'!G153+'Expanded data table'!G167 -> 54168 | U54: ='Expanded data table'!I153+'Expanded data table'!I167 -> 195410 | V54: ='Expanded data table'!J153+'Expanded data table'!J167 -> 34716 | W54: ='Expanded data table'!K153+'Expanded data table'!K167 -> 101497 | X54: ='Expanded data table'!L153+'Expanded data table'!L167 -> 76532 | Y54: ='Expanded data table'!M153+'Expanded data table'!M167 -> 107122 | Z54: =SUM(P54:Y54) -> 623157 | AA54: =SUM(U54:Y54) -> 515277 | AC54: SVH | AD54: ='Expanded data table'!$C152+'Expanded data table'!$C166 -> 2015.5003 | AE54: ='Expanded data table'!$D152+'Expanded data table'!$D166 -> 2304.8543 | AF54: ='Expanded data table'!$E152+'Expanded data table'!$E166 -> 11232.929 | AG54: ='Expanded data table'!$F152+'Expanded data table'!$F166 -> 38893.478 | AH54: ='Expanded data table'!$G152+'Expanded data table'!$G166 -> 51435.609 | AI54: ='Expanded data table'!$I152+'Expanded data table'!$I166 -> 174512.62 | AJ54: ='Expanded data table'!$J152+'Expanded data table'!$J166 -> 59012 | AK54: ='Expanded data table'!$K152+'Expanded data table'!$K166 -> 105959 | AL54: ='Expanded data table'!$L152+'Expanded data table'!$L166 -> 76472 | AM54: ='Expanded data table'!$M152+'Expanded data table'!$M166 -> 111143 | AN54: =SUM(AD54:AM54) -> 632980.99 | AO54: =SUM(AI54:AM54) -> 527098.62 | AQ54: SVH | AR54: ='Expanded data table'!$C151+'Expanded data table'!$C165 -> 2119.373 | AS54: ='Expanded data table'!$D151+'Expanded data table'!$D165 -> 2158.156 | AT54: ='Expanded data table'!$E151+'Expanded data table'!$E165 -> 10974.026 | AU54: ='Expanded data table'!$F151+'Expanded data table'!$F165 -> 38935.602 | AV54: ='Expanded data table'!$G151+'Expanded data table'!$G165 -> 51210.137 | AW54: ='Expanded data table'!$I151+'Expanded data table'!$I165 -> 173977.08 | AX54: ='Expanded data table'!$J151+'Expanded data table'!$J165 -> 59460 | AY54: ='Expanded data table'!$K151+'Expanded data table'!$K165 -> 106913 | AZ54: ='Expanded data table'!$L151+'Expanded data table'!$L165 -> 77204 | BA54: ='Expanded data table'!$M151+'Expanded data table'!$M165 -> 106811 | BB54: =SUM(AR54:BA54) -> 629762.37 | BC54: =SUM(AW54:BA54) -> 524365.08 | BE54: SVH | BF54: ='Expanded data table'!$C150+'Expanded data table'!$C164 -> 2067 | BG54: ='Expanded data table'!$D150+'Expanded data table'!$D164 -> 2013 | BH54: ='Expanded data table'!$E150+'Expanded data table'!$E164 -> 11234 | BI54: ='Expanded data table'!$F150+'Expanded data table'!$F164 -> 38230 | BJ54: ='Expanded data table'!$G150+'Expanded data table'!$G164 -> 50385 | BK54: ='Expanded data table'!$I150+'Expanded data table'!$I164 -> 178739.47 | BL54: ='Expanded data table'!$J150+'Expanded data table'!$J164 -> 53282 | BM54: ='Expanded data table'!$K150+'Expanded data table'!$K164 -> 104577.53 | BN54: ='Expanded data table'!$L150+'Expanded data table'!$L164 -> 74523 | BO54: ='Expanded data table'!$M150+'Expanded data table'!$M164 -> 101701 | BP54: =SUM(BF54:BO54) -> 616752 | BQ54: =SUM(BK54:BO54) -> 512823 | BS54: SVH | BT54: ='Expanded data table'!C65 -> 2102.897 | BU54: ='Expanded data table'!D65 -> 2042.431 | BV54: ='Expanded data table'!E65 -> 11004.698 | BW54: ='Expanded data table'!F65 -> 38610.19 | BX54: ='Expanded data table'!G65 -> 53286.443 | BY54: ='Expanded data table'!I65 -> 184863.26 | BZ54: ='Expanded data table'!J65 -> 41108 | CA54: ='Expanded data table'!K65 -> 104691 | CB54: ='Expanded data table'!L65 -> 74560 | CC54: ='Expanded data table'!M65 -> 99496 | CD54: =SUM(BT54:CC54) -> 611764.92 | CE54: =SUM(BY54:CC54) -> 504718.26 | CG54: SVH | CH54: ='Expanded data table'!C61 -> 2292.302 | CI54: ='Expanded data table'!D61 -> 2334.648 | CJ54: ='Expanded data table'!E61 -> 11097.801 | CK54: ='Expanded data table'!F61 -> 42465.99 | CL54: ='Expanded data table'!G61 -> 49580.121 | CM54: ='Expanded data table'!I61 -> 185732.19 | CN54: ='Expanded data table'!J61 -> 40284.3 | CO54: ='Expanded data table'!K61 -> 102480 | CP54: ='Expanded data table'!L61 -> 73380 | CQ54: ='Expanded data table'!M61 -> 98640 | CR54: =SUM(CH54:CQ54) -> 608287.35 | CS54: =SUM(CM54:CQ54) -> 500516.49 | CU54: SVH | CV54: ='Expanded data table'!C60 -> 2346.792 | CW54: ='Expanded data table'!D60 -> 2321.672 | CX54: ='Expanded data table'!E60 -> 10900.324 | CY54: ='Expanded data table'!F60 -> 41099.232 | CZ54: ='Expanded data table'!G60 -> 50480.981 | DA54: ='Expanded data table'!I60 -> 188992.48 | DB54: ='Expanded data table'!J60 -> 32093.46 | DC54: ='Expanded data table'!K60 -> 102480 | DD54: ='Expanded data table'!L60 -> 72720 | DE54: ='Expanded data table'!M60 -> 96420 | DF54: =SUM(CV54:DE54) -> 599854.94 | DG54: =SUM(DA54:DE54) -> 492705.94
A55: SWB | B55: ='Expanded data table'!C84 -> 1975 | C55: ='Expanded data table'!D84 -> 1937 | D55: ='Expanded data table'!E84 -> 7300 | E55: ='Expanded data table'!F84 -> 16441 | F55: ='Expanded data table'!G84 -> 15248 | G55: ='Expanded data table'!I84 -> 47988 | H55: ='Expanded data table'!J84 -> 19188 | I55: ='Expanded data table'!K84 -> 0 | J55: ='Expanded data table'!L84 -> 0 | K55: ='Expanded data table'!M84 -> 0 | L55: =SUM(B55:K55) -> 110077 | M55: =SUM(G55:K55) -> 67176 | O55: SWB | P55: ='Expanded data table'!C83 -> 1960 | Q55: ='Expanded data table'!D83 -> 1947 | R55: ='Expanded data table'!E83 -> 7315 | S55: ='Expanded data table'!F83 -> 16161 | T55: ='Expanded data table'!G83 -> 15000 | U55: ='Expanded data table'!I83 -> 47781 | V55: ='Expanded data table'!J83 -> 19123 | W55: ='Expanded data table'!K83 -> 0 | X55: ='Expanded data table'!L83 -> 0 | Y55: ='Expanded data table'!M83 -> 0 | Z55: =SUM(P55:Y55) -> 109287 | AA55: =SUM(U55:Y55) -> 66904 | AC55: SWB | AD55: ='Expanded data table'!$C82 -> 1974 | AE55: ='Expanded data table'!$D82 -> 1885 | AF55: ='Expanded data table'!$E82 -> 7275 | AG55: ='Expanded data table'!$F82 -> 15453 | AH55: ='Expanded data table'!$G82 -> 14781 | AI55: ='Expanded data table'!$I82 -> 48931 | AJ55: ='Expanded data table'!$J82 -> 19134 | AK55: ='Expanded data table'!$K82 -> 0 | AL55: ='Expanded data table'!$L82 -> 0 | AM55: ='Expanded data table'!$M82 -> 0 | AN55: =SUM(AD55:AM55) -> 109433 | AO55: =SUM(AI55:AM55) -> 68065 | AQ55: SWB | AR55: ='Expanded data table'!$C81 -> 1961.607 | AS55: ='Expanded data table'!$D81 -> 1842.101 | AT55: ='Expanded data table'!$E81 -> 6998.363 | AU55: ='Expanded data table'!$F81 -> 16621.166 | AV55: ='Expanded data table'!$G81 -> 15362.18 | AW55: ='Expanded data table'!$I81 -> 46070.288 | AX55: ='Expanded data table'!$J81 -> 18571 | AY55: ='Expanded data table'!$K81 -> 0 | AZ55: ='Expanded data table'!$L81 -> 0 | BA55: ='Expanded data table'!$M81 -> 0 | BB55: =SUM(AR55:BA55) -> 107426.71 | BC55: =SUM(AW55:BA55) -> 64641.288 | BE55: SWB | BF55: ='Expanded data table'!$C80 -> 1965 | BG55: ='Expanded data table'!$D80 -> 1763 | BH55: ='Expanded data table'!$E80 -> 7062 | BI55: ='Expanded data table'!$F80 -> 17087 | BJ55: ='Expanded data table'!$G80 -> 16214 | BK55: ='Expanded data table'!$I80 -> 43680 | BL55: ='Expanded data table'!$J80 -> 18532 | BM55: ='Expanded data table'!$K80 -> 0 | BN55: ='Expanded data table'!$L80 -> 0 | BO55: ='Expanded data table'!$M80 -> 0 | BP55: =SUM(BF55:BO55) -> 106303 | BQ55: =SUM(BK55:BO55) -> 62212 | BS55: SWB | BT55: ='Expanded data table'!$C79 -> 1929.511 | BU55: ='Expanded data table'!$D79 -> 1865.618 | BV55: ='Expanded data table'!$E79 -> 6651.124 | BW55: ='Expanded data table'!$F79 -> 16756.445 | BX55: ='Expanded data table'!$G79 -> 16922.989 | BY55: ='Expanded data table'!$I79 -> 43126.528 | BZ55: ='Expanded data table'!$J79 -> 18149 | CA55: ='Expanded data table'!$K79 -> 0 | CB55: ='Expanded data table'!$L79 -> 0 | CC55: ='Expanded data table'!$M79 -> 0 | CD55: =SUM(BT55:CC55) -> 105401.21 | CE55: =SUM(BY55:CC55) -> 61275.528 | CG55: SWB | CH55: ='Expanded data table'!$C75 -> 1827.934 | CI55: ='Expanded data table'!$D75 -> 1852.949 | CJ55: ='Expanded data table'!$E75 -> 7070.908 | CK55: ='Expanded data table'!$F75 -> 16265.257 | CL55: ='Expanded data table'!$G75 -> 15464.037 | CM55: ='Expanded data table'!$I75 -> 40492.516 | CN55: ='Expanded data table'!$J75 -> 16980 | CO55: ='Expanded data table'!$K75 -> 0 | CP55: ='Expanded data table'!$L75 -> 0 | CQ55: ='Expanded data table'!$M75 -> 0 | CR55: =SUM(CH55:CQ55) -> 99953.601 | CS55: =SUM(CM55:CQ55) -> 57472.516 | CU55: SWB | CV55: ='Expanded data table'!$C74 -> 1959.265 | CW55: ='Expanded data table'!$D74 -> 1803.097 | CX55: ='Expanded data table'!$E74 -> 6656.84 | CY55: ='Expanded data table'!$F74 -> 16855.332 | CZ55: ='Expanded data table'!$G74 -> 13818.198 | DA55: ='Expanded data table'!$I74 -> 42756.866 | DB55: ='Expanded data table'!$J74 -> 17220 | DC55: ='Expanded data table'!$K74 -> 0 | DD55: ='Expanded data table'!$L74 -> 0 | DE55: ='Expanded data table'!$M74 -> 0 | DF55: =SUM(CV55:DE55) -> 101069.6 | DG55: =SUM(DA55:DE55) -> 59976.866
A56: TMS | B56: ='Expanded data table'!C98 -> 487 | C56: ='Expanded data table'!D98 -> 972 | D56: ='Expanded data table'!E98 -> 4967 | E56: ='Expanded data table'!F98 -> 22249 | F56: ='Expanded data table'!G98 -> 27342 | G56: ='Expanded data table'!I98 -> 114974 | H56: ='Expanded data table'!J98 -> 96577 | I56: ='Expanded data table'!K98 -> 96613 | J56: ='Expanded data table'!L98 -> 138861 | K56: ='Expanded data table'!M98 -> 464583 | L56: =SUM(B56:K56) -> 967625 | M56: =SUM(G56:K56) -> 911608 | O56: TMS | P56: ='Expanded data table'!C97 -> 509 | Q56: ='Expanded data table'!D97 -> 934 | R56: ='Expanded data table'!E97 -> 5046 | S56: ='Expanded data table'!F97 -> 22907 | T56: ='Expanded data table'!G97 -> 25608 | U56: ='Expanded data table'!I97 -> 122826 | V56: ='Expanded data table'!J97 -> 114754 | W56: ='Expanded data table'!K97 -> 103046 | X56: ='Expanded data table'!L97 -> 89374 | Y56: ='Expanded data table'!M97 -> 469056 | Z56: =SUM(P56:Y56) -> 954060 | AA56: =SUM(U56:Y56) -> 899056 | AC56: TMS | AD56: ='Expanded data table'!$C96 -> 593.25053 | AE56: ='Expanded data table'!$D96 -> 990.80544 | AF56: ='Expanded data table'!$E96 -> 4832.0603 | AG56: ='Expanded data table'!$F96 -> 23297.25 | AH56: ='Expanded data table'!$G96 -> 26813.53 | AI56: ='Expanded data table'!$I96 -> 115388.03 | AJ56: ='Expanded data table'!$J96 -> 100524 | AK56: ='Expanded data table'!$K96 -> 96635 | AL56: ='Expanded data table'!$L96 -> 142122 | AM56: ='Expanded data table'!$M96 -> 470696 | AN56: =SUM(AD56:AM56) -> 981891.93 | AO56: =SUM(AI56:AM56) -> 925365.03 | AQ56: TMS | AR56: ='Expanded data table'!$C95 -> 497.989 | AS56: ='Expanded data table'!$D95 -> 1038.599 | AT56: ='Expanded data table'!$E95 -> 4798.848 | AU56: ='Expanded data table'!$F95 -> 22149.434 | AV56: ='Expanded data table'!$G95 -> 26887.5 | AW56: ='Expanded data table'!$I95 -> 113504.11 | AX56: ='Expanded data table'!$J95 -> 96420 | AY56: ='Expanded data table'!$K95 -> 96059 | AZ56: ='Expanded data table'!$L95 -> 134086 | BA56: ='Expanded data table'!$M95 -> 459884 | BB56: =SUM(AR56:BA56) -> 955325.48 | BC56: =SUM(AW56:BA56) -> 899953.11 | BE56: TMS | BF56: ='Expanded data table'!$C94 -> 468.037 | BG56: ='Expanded data table'!$D94 -> 1075.557 | BH56: ='Expanded data table'!$E94 -> 5029.299 | BI56: ='Expanded data table'!$F94 -> 21327.227 | BJ56: ='Expanded data table'!$G94 -> 28358.013 | BK56: ='Expanded data table'!$I94 -> 117339.88 | BL56: ='Expanded data table'!$J94 -> 98469 | BM56: ='Expanded data table'!$K94 -> 98067.961 | BN56: ='Expanded data table'!$L94 -> 136887 | BO56: ='Expanded data table'!$M94 -> 463122 | BP56: =SUM(BF56:BO56) -> 970143.98 | BQ56: =SUM(BK56:BO56) -> 913885.84 | BS56: TMS | BT56: ='Expanded data table'!$C93 -> 485.034 | BU56: ='Expanded data table'!$D93 -> 1088.636 | BV56: ='Expanded data table'!$E93 -> 4984.466 | BW56: ='Expanded data table'!$F93 -> 21230.499 | BX56: ='Expanded data table'!$G93 -> 29228.398 | BY56: ='Expanded data table'!$I93 -> 116995.5 | BZ56: ='Expanded data table'!$J93 -> 98732 | CA56: ='Expanded data table'!$K93 -> 99025 | CB56: ='Expanded data table'!$L93 -> 137254 | CC56: ='Expanded data table'!$M93 -> 451548 | CD56: =SUM(BT56:CC56) -> 960571.53 | CE56: =SUM(BY56:CC56) -> 903554.5 | CG56: TMS | CH56: ='Expanded data table'!$C89 -> 470.604 | CI56: ='Expanded data table'!$D89 -> 964.812 | CJ56: ='Expanded data table'!$E89 -> 5031.457 | CK56: ='Expanded data table'!$F89 -> 22848.227 | CL56: ='Expanded data table'!$G89 -> 29352.079 | CM56: ='Expanded data table'!$I89 -> 91787.904 | CN56: ='Expanded data table'!$J89 -> 85782.064 | CO56: ='Expanded data table'!$K89 -> 122700 | CP56: ='Expanded data table'!$L89 -> 104640 | CQ56: ='Expanded data table'!$M89 -> 452940 | CR56: =SUM(CH56:CQ56) -> 916517.15 | CS56: =SUM(CM56:CQ56) -> 857849.97 | CU56: TMS | CV56: ='Expanded data table'!$C88 -> 467.4 | CW56: ='Expanded data table'!$D88 -> 984.6 | CX56: ='Expanded data table'!$E88 -> 4486.2 | CY56: ='Expanded data table'!$F88 -> 22377 | CZ56: ='Expanded data table'!$G88 -> 26712 | DA56: ='Expanded data table'!$I88 -> 109914.37 | DB56: ='Expanded data table'!$J88 -> 93089.63 | DC56: ='Expanded data table'!$K88 -> 122340 | DD56: ='Expanded data table'!$L88 -> 104160 | DE56: ='Expanded data table'!$M88 -> 421260 | DF56: =SUM(CV56:DE56) -> 905791.2 | DG56: =SUM(DA56:DE56) -> 850764
A57: WSH | B57: ='Expanded data table'!C112 -> 2881 | C57: ='Expanded data table'!D112 -> 2862 | D57: ='Expanded data table'!E112 -> 9163 | E57: ='Expanded data table'!F112 -> 19699 | F57: ='Expanded data table'!G112 -> 28382 | G57: ='Expanded data table'!I112 -> 66918 | H57: ='Expanded data table'!J112 -> 43012 | I57: ='Expanded data table'!K112 -> 18087 | J57: ='Expanded data table'!L112 -> 57371 | K57: ='Expanded data table'!M112 -> 0 | L57: =SUM(B57:K57) -> 248375 | M57: =SUM(G57:K57) -> 185388 | O57: WSH | P57: ='Expanded data table'!C111 -> 2373 | Q57: ='Expanded data table'!D111 -> 2415 | R57: ='Expanded data table'!E111 -> 8147 | S57: ='Expanded data table'!F111 -> 18572 | T57: ='Expanded data table'!G111 -> 26409 | U57: ='Expanded data table'!I111 -> 63096 | V57: ='Expanded data table'!J111 -> 42004 | W57: ='Expanded data table'!K111 -> 17527 | X57: ='Expanded data table'!L111 -> 53809 | Y57: ='Expanded data table'!M111 -> 0 | Z57: =SUM(P57:Y57) -> 234352 | AA57: =SUM(U57:Y57) -> 176436 | AC57: WSH | AD57: ='Expanded data table'!$C110 -> 2758 | AE57: ='Expanded data table'!$D110 -> 2858 | AF57: ='Expanded data table'!$E110 -> 9333 | AG57: ='Expanded data table'!$F110 -> 21393 | AH57: ='Expanded data table'!$G110 -> 31073 | AI57: ='Expanded data table'!$I110 -> 56420 | AJ57: ='Expanded data table'!$J110 -> 50778 | AK57: ='Expanded data table'!$K110 -> 18043 | AL57: ='Expanded data table'!$L110 -> 55799 | AM57: ='Expanded data table'!$M110 -> 0 | AN57: =SUM(AD57:AM57) -> 248455 | AO57: =SUM(AI57:AM57) -> 181040 | AQ57: WSH | AR57: ='Expanded data table'!$C109 -> 2664 | AS57: ='Expanded data table'!$D109 -> 2697 | AT57: ='Expanded data table'!$E109 -> 8965 | AU57: ='Expanded data table'!$F109 -> 20119 | AV57: ='Expanded data table'!$G109 -> 28102 | AW57: ='Expanded data table'!$I109 -> 58274 | AX57: ='Expanded data table'!$J109 -> 51390 | AY57: ='Expanded data table'!$K109 -> 17674 | AZ57: ='Expanded data table'!$L109 -> 56140 | BA57: ='Expanded data table'!$M109 -> 0 | BB57: =SUM(AR57:BA57) -> 246025 | BC57: =SUM(AW57:BA57) -> 183478 | BE57: WSH | BF57: ='Expanded data table'!$C108 -> 2822.823 | BG57: ='Expanded data table'!$D108 -> 2959.737 | BH57: ='Expanded data table'!$E108 -> 9312.377 | BI57: ='Expanded data table'!$F108 -> 20854.699 | BJ57: ='Expanded data table'!$G108 -> 26265.255 | BK57: ='Expanded data table'!$I108 -> 66704.161 | BL57: ='Expanded data table'!$J108 -> 42909 | BM57: ='Expanded data table'!$K108 -> 17661.42 | BN57: ='Expanded data table'!$L108 -> 56027 | BO57: ='Expanded data table'!$M108 -> 0 | BP57: =SUM(BF57:BO57) -> 245516.47 | BQ57: =SUM(BK57:BO57) -> 183301.58 | BS57: WSH | BT57: ='Expanded data table'!$C107 -> 2905 | BU57: ='Expanded data table'!$D107 -> 3009 | BV57: ='Expanded data table'!$E107 -> 9683 | BW57: ='Expanded data table'!$F107 -> 20995 | BX57: ='Expanded data table'!$G107 -> 29420 | BY57: ='Expanded data table'!$I107 -> 57020 | BZ57: ='Expanded data table'!$J107 -> 51614 | CA57: ='Expanded data table'!$K107 -> 17315 | CB57: ='Expanded data table'!$L107 -> 58492 | CC57: ='Expanded data table'!$M107 -> 0 | CD57: =SUM(BT57:CC57) -> 250453 | CE57: =SUM(BY57:CC57) -> 184441 | CG57: WSH | CH57: ='Expanded data table'!$C103 -> 3131.512 | CI57: ='Expanded data table'!$D103 -> 3035.71 | CJ57: ='Expanded data table'!$E103 -> 10112.435 | CK57: ='Expanded data table'!$F103 -> 20062.123 | CL57: ='Expanded data table'!$G103 -> 30640.605 | CM57: ='Expanded data table'!$I103 -> 49365.983 | CN57: ='Expanded data table'!$J103 -> 45931.26 | CO57: ='Expanded data table'!$K103 -> 16440 | CP57: ='Expanded data table'!$L103 -> 50760 | CQ57: ='Expanded data table'!$M103 -> 0 | CR57: =SUM(CH57:CQ57) -> 229479.63 | CS57: =SUM(CM57:CQ57) -> 162497.24 | CU57: WSH | CV57: ='Expanded data table'!$C102 -> 2595 | CW57: ='Expanded data table'!$D102 -> 2811 | CX57: ='Expanded data table'!$E102 -> 9481 | CY57: ='Expanded data table'!$F102 -> 18932 | CZ57: ='Expanded data table'!$G102 -> 29532 | DA57: ='Expanded data table'!$I102 -> 51135 | DB57: ='Expanded data table'!$J102 -> 48240 | DC57: ='Expanded data table'!$K102 -> 17160 | DD57: ='Expanded data table'!$L102 -> 53880 | DE57: ='Expanded data table'!$M102 -> 0 | DF57: =SUM(CV57:DE57) -> 233766 | DG57: =SUM(DA57:DE57) -> 170415
A58: WSX | B58: ='Expanded data table'!C126 -> 596 | C58: ='Expanded data table'!D126 -> 749 | D58: ='Expanded data table'!E126 -> 7022 | E58: ='Expanded data table'!F126 -> 18246 | F58: ='Expanded data table'!G126 -> 28026 | G58: ='Expanded data table'!I126 -> 71530 | H58: ='Expanded data table'!J126 -> 28637 | I58: ='Expanded data table'!K126 -> 0 | J58: ='Expanded data table'!L126 -> 49544 | K58: ='Expanded data table'!M126 -> 0 | L58: =SUM(B58:K58) -> 204350 | M58: =SUM(G58:K58) -> 149711 | O58: WSX | P58: ='Expanded data table'!C125 -> 628 | Q58: ='Expanded data table'!D125 -> 685 | R58: ='Expanded data table'!E125 -> 7161 | S58: ='Expanded data table'!F125 -> 18561 | T58: ='Expanded data table'!G125 -> 27432 | U58: ='Expanded data table'!I125 -> 72129 | V58: ='Expanded data table'!J125 -> 28515 | W58: ='Expanded data table'!K125 -> 0 | X58: ='Expanded data table'!L125 -> 49230 | Y58: ='Expanded data table'!M125 -> 0 | Z58: =SUM(P58:Y58) -> 204341 | AA58: =SUM(U58:Y58) -> 149874 | AC58: WSX | AD58: ='Expanded data table'!$C124 -> 654.2262 | AE58: ='Expanded data table'!$D124 -> 693.4045 | AF58: ='Expanded data table'!$E124 -> 6942.5436 | AG58: ='Expanded data table'!$F124 -> 18576.545 | AH58: ='Expanded data table'!$G124 -> 25409.534 | AI58: ='Expanded data table'!$I124 -> 77642.024 | AJ58: ='Expanded data table'!$J124 -> 20205 | AK58: ='Expanded data table'!$K124 -> 0 | AL58: ='Expanded data table'!$L124 -> 47087 | AM58: ='Expanded data table'!$M124 -> 0 | AN58: =SUM(AD58:AM58) -> 197210.28 | AO58: =SUM(AI58:AM58) -> 144934.02 | AQ58: WSX | AR58: ='Expanded data table'!$C123 -> 611.39 | AS58: ='Expanded data table'!$D123 -> 698.909 | AT58: ='Expanded data table'!$E123 -> 6941.749 | AU58: ='Expanded data table'!$F123 -> 17875.713 | AV58: ='Expanded data table'!$G123 -> 27334.082 | AW58: ='Expanded data table'!$I123 -> 71628.016 | AX58: ='Expanded data table'!$J123 -> 19461 | AY58: ='Expanded data table'!$K123 -> 0 | AZ58: ='Expanded data table'!$L123 -> 45557 | BA58: ='Expanded data table'!$M123 -> 0 | BB58: =SUM(AR58:BA58) -> 190107.86 | BC58: =SUM(AW58:BA58) -> 136646.02 | BE58: WSX | BF58: ='Expanded data table'!$C122 -> 632.941 | BG58: ='Expanded data table'!$D122 -> 663.548 | BH58: ='Expanded data table'!$E122 -> 6837.977 | BI58: ='Expanded data table'!$F122 -> 19174.544 | BJ58: ='Expanded data table'!$G122 -> 27269.403 | BK58: ='Expanded data table'!$I122 -> 64856.664 | BL58: ='Expanded data table'!$J122 -> 18867 | BM58: ='Expanded data table'!$K122 -> 0 | BN58: ='Expanded data table'!$L122 -> 44032 | BO58: ='Expanded data table'!$M122 -> 0 | BP58: =SUM(BF58:BO58) -> 182334.08 | BQ58: =SUM(BK58:BO58) -> 127755.66 | BS58: WSX | BT58: ='Expanded data table'!$C121 -> 652 | BU58: ='Expanded data table'!$D121 -> 717.158 | BV58: ='Expanded data table'!$E121 -> 6884.429 | BW58: ='Expanded data table'!$F121 -> 18382.187 | BX58: ='Expanded data table'!$G121 -> 25512.57 | BY58: ='Expanded data table'!$I121 -> 59835.189 | BZ58: ='Expanded data table'!$J121 -> 20335 | CA58: ='Expanded data table'!$K121 -> 0 | CB58: ='Expanded data table'!$L121 -> 53309 | CC58: ='Expanded data table'!$M121 -> 0 | CD58: =SUM(BT58:CC58) -> 185627.53 | CE58: =SUM(BY58:CC58) -> 133479.19 | CG58: WSX | CH58: ='Expanded data table'!$C117 -> 612.713 | CI58: ='Expanded data table'!$D117 -> 794.391 | CJ58: ='Expanded data table'!$E117 -> 6734.847 | CK58: ='Expanded data table'!$F117 -> 17521.342 | CL58: ='Expanded data table'!$G117 -> 29262.044 | CM58: ='Expanded data table'!$I117 -> 52704.752 | CN58: ='Expanded data table'!$J117 -> 19800 | CO58: ='Expanded data table'!$K117 -> 0 | CP58: ='Expanded data table'!$L117 -> 51120 | CQ58: ='Expanded data table'!$M117 -> 0 | CR58: =SUM(CH58:CQ58) -> 178550.09 | CS58: =SUM(CM58:CQ58) -> 123624.75 | CU58: WSX | CV58: ='Expanded data table'!$C116 -> 616.561 | CW58: ='Expanded data table'!$D116 -> 661.05 | CX58: ='Expanded data table'!$E116 -> 6776.919 | CY58: ='Expanded data table'!$F116 -> 17070.043 | CZ58: ='Expanded data table'!$G116 -> 29290.064 | DA58: ='Expanded data table'!$I116 -> 53689.724 | DB58: ='Expanded data table'!$J116 -> 18600 | DC58: ='Expanded data table'!$K116 -> 0 | DD58: ='Expanded data table'!$L116 -> 50940 | DE58: ='Expanded data table'!$M116 -> 0 | DF58: =SUM(CV58:DE58) -> 177644.36 | DG58: =SUM(DA58:DE58) -> 123229.72
A59: YKY | B59: ='Expanded data table'!C140 -> 1630 | C59: ='Expanded data table'!D140 -> 1470 | D59: ='Expanded data table'!E140 -> 5305 | E59: ='Expanded data table'!F140 -> 20651 | F59: ='Expanded data table'!G140 -> 42918 | G59: ='Expanded data table'!I140 -> 81899 | H59: ='Expanded data table'!J140 -> 49815 | I59: ='Expanded data table'!K140 -> 48118 | J59: ='Expanded data table'!L140 -> 109160 | K59: ='Expanded data table'!M140 -> 0 | L59: =SUM(B59:K59) -> 360966 | M59: =SUM(G59:K59) -> 288992 | O59: YKY | P59: ='Expanded data table'!C139 -> 1682 | Q59: ='Expanded data table'!D139 -> 1411 | R59: ='Expanded data table'!E139 -> 5637 | S59: ='Expanded data table'!F139 -> 21584 | T59: ='Expanded data table'!G139 -> 42747 | U59: ='Expanded data table'!I139 -> 84774 | V59: ='Expanded data table'!J139 -> 40442 | W59: ='Expanded data table'!K139 -> 75500 | X59: ='Expanded data table'!L139 -> 75230 | Y59: ='Expanded data table'!M139 -> 0 | Z59: =SUM(P59:Y59) -> 349007 | AA59: =SUM(U59:Y59) -> 275946 | AC59: YKY | AD59: ='Expanded data table'!$C138 -> 1704 | AE59: ='Expanded data table'!$D138 -> 1426 | AF59: ='Expanded data table'!$E138 -> 5678 | AG59: ='Expanded data table'!$F138 -> 21986 | AH59: ='Expanded data table'!$G138 -> 44543 | AI59: ='Expanded data table'!$I138 -> 88044 | AJ59: ='Expanded data table'!$J138 -> 43101 | AK59: ='Expanded data table'!$K138 -> 77738 | AL59: ='Expanded data table'!$L138 -> 76979 | AM59: ='Expanded data table'!$M138 -> 0 | AN59: =SUM(AD59:AM59) -> 361199 | AO59: =SUM(AI59:AM59) -> 285862 | AQ59: YKY | AR59: ='Expanded data table'!$C137 -> 1695 | AS59: ='Expanded data table'!$D137 -> 1480 | AT59: ='Expanded data table'!$E137 -> 5702 | AU59: ='Expanded data table'!$F137 -> 22668 | AV59: ='Expanded data table'!$G137 -> 42332 | AW59: ='Expanded data table'!$I137 -> 78210 | AX59: ='Expanded data table'!$J137 -> 50390 | AY59: ='Expanded data table'!$K137 -> 74738 | AZ59: ='Expanded data table'!$L137 -> 72650 | BA59: ='Expanded data table'!$M137 -> 0 | BB59: =SUM(AR59:BA59) -> 349865 | BC59: =SUM(AW59:BA59) -> 275988 | BE59: YKY | BF59: ='Expanded data table'!$C136 -> 1561 | BG59: ='Expanded data table'!$D136 -> 1441 | BH59: ='Expanded data table'!$E136 -> 5191 | BI59: ='Expanded data table'!$F136 -> 21697 | BJ59: ='Expanded data table'!$G136 -> 40393 | BK59: ='Expanded data table'!$I136 -> 84590.4 | BL59: ='Expanded data table'!$J136 -> 42321 | BM59: ='Expanded data table'!$K136 -> 74886.6 | BN59: ='Expanded data table'!$L136 -> 71685 | BO59: ='Expanded data table'!$M136 -> 0 | BP59: =SUM(BF59:BO59) -> 343766 | BQ59: =SUM(BK59:BO59) -> 273483 | BS59: YKY | BT59: ='Expanded data table'!$C135 -> 1692.921 | BU59: ='Expanded data table'!$D135 -> 1446.28 | BV59: ='Expanded data table'!$E135 -> 5537.979 | BW59: ='Expanded data table'!$F135 -> 22001.271 | BX59: ='Expanded data table'!$G135 -> 41927.373 | BY59: ='Expanded data table'!$I135 -> 81055.934 | BZ59: ='Expanded data table'!$J135 -> 51637 | CA59: ='Expanded data table'!$K135 -> 51760 | CB59: ='Expanded data table'!$L135 -> 111231 | CC59: ='Expanded data table'!$M135 -> 0 | CD59: =SUM(BT59:CC59) -> 368289.76 | CE59: =SUM(BY59:CC59) -> 295683.93 | CG59: YKY | CH59: ='Expanded data table'!$C131 -> 1753.924 | CI59: ='Expanded data table'!$D131 -> 1345.456 | CJ59: ='Expanded data table'!$E131 -> 5483.607 | CK59: ='Expanded data table'!$F131 -> 22098.517 | CL59: ='Expanded data table'!$G131 -> 41945.59 | CM59: ='Expanded data table'!$I131 -> 85696.371 | CN59: ='Expanded data table'!$J131 -> 42240 | CO59: ='Expanded data table'!$K131 -> 82080 | CP59: ='Expanded data table'!$L131 -> 80400 | CQ59: ='Expanded data table'!$M131 -> 0 | CR59: =SUM(CH59:CQ59) -> 363043.46 | CS59: =SUM(CM59:CQ59) -> 290416.37 | CU59: YKY | CV59: ='Expanded data table'!$C130 -> 1730.949 | CW59: ='Expanded data table'!$D130 -> 1385.396 | CX59: ='Expanded data table'!$E130 -> 5644.928 | CY59: ='Expanded data table'!$F130 -> 21818.47 | CZ59: ='Expanded data table'!$G130 -> 43373.196 | DA59: ='Expanded data table'!$I130 -> 84651.524 | DB59: ='Expanded data table'!$J130 -> 42300 | DC59: ='Expanded data table'!$K130 -> 22680 | DD59: ='Expanded data table'!$L130 -> 145800 | DE59: ='Expanded data table'!$M130 -> 0 | DF59: =SUM(CV59:DE59) -> 369384.46 | DG59: =SUM(DA59:DE59) -> 295431.52
